Workbook

Sheet Matriz Riesgo
A2: #VALUE! | D2: GESTIÓN ESTARTEGICA | R2: Código: GE- FOR-07
D3: MATRIZ DE GESTION DE RIESGOS TRANSPARENCIA Y ETICA EMPRESARIAL | R3: Versión: 03
R4: Fecha: 30/08/2025 | AI4: =SUMIF(AH5:AH50,">0") -> 56 | AJ4: =COUNTIF(AH5:AH50,">0") -> 19
A5: =SUBTOTAL(2,A7:A29) -> 23 | M5: =SUBTOTAL(101,M7:M21) -> 7.4666667 | U5: RIESGO RESIDUAL PROMEDIO | AH5: =ROUND(#REF!,0) -> #REF!
A6: No. | B6: Proceso/Area | C6: Riesgo | D6: Causa | E6: Riesgo Asociado | F6: Factor de Riesgo | G6: Probabilidad | H6: Calificación | J6: Impacto | K6: Calificación | M6: Riesgo Inherente | N6: Control1 | O6: Control2 | P6: Control3 | Q6: Disminuye | U6: Efectividad | W6: P1 | X6: P2 | Y6: Total de Probabilidad | Z6: Total de Probabilidad | AB6: I1 | AC6: I2 | AD6: I3 | AE6: Total de Impacto | AF6: Total de Impacto | AH6: Riesgo Residual
A7: 1 | B7: Gerencia de Gestión Humana | C7: Incumplimiento de la normatividad vigente de transparencia y etica empresarial | D7: 1 Desconocimiento u omisión de las normas por parte de los colaboradores o contratistas | E7: Legal | F7: Empleados | G7: Posible | H7: =IF(G7="Raro",1,IF(G7="Poco Probable",2,IF(G7="Posible",3,IF(G7="Muy Probable",4,IF(G7="Casi seguro",5," "))))) -> 3 | J7: Alto | K7: =IF(J7="Muy Bajo",1,IF(J7="Bajo",2,IF(J7="Medio",3,IF(J7="Alto",4,IF(J7="Muy Alto",5," "))))) -> 4 | M7: =IFERROR(+H7*K7," ") -> 12 | N7: Programa de Transparencia & Etica Empresarial | O7: Capacitación | P7: SIN CONTROL | Q7: PROBABILIDAD E IMPACTO | R7: =IFERROR(VLOOKUP(N7,'Calificación Controles'!$B$7:$AB$36,27,0)," ") -> 70 | S7: =IFERROR(VLOOKUP(O7,'Calificación Controles'!$B$7:$AB$36,27,0)," ") -> 71.5 | T7: =IFERROR(VLOOKUP(P7,'Calificación Controles'!$B$7:$AB$36,27,0), " ") -> 0 | U7: =IFERROR(((R7+S7+T7)/3)/100," ") -> 0.47166667 | W7: =IFERROR(IF(Q7="PROBABILIDAD",H7-(H7*U7),H7), " ") -> 3 | X7: =IFERROR(IF(Q7="PROBABILIDAD E IMPACTO",H7*U7,0), " ") -> 1.415 | Y7: =IFERROR(+W7-X7, " ") -> 1.585 | Z7: =IFERROR(ROUND(IF(Y7<=1,1,IF(Y7>1,Y7," ")),0)," ") -> 2 | AB7: =IFERROR(IF(Q7="IMPACTO",K7-(K7*U7),K7), " ") -> 4 | AC7: =IFERROR(IF(Q7="PROBABILIDAD E IMPACTO",K7*U7,0)," ") -> 1.8866667 | AE7: =IFERROR(+AB7-AC7," ") -> 2.1133333 | AF7: =IFERROR(ROUND(IF(AE7<=1,1,IF(AE7>1,AE7," ")),0)," ") -> 2 | AH7: =IFERROR(ROUND(+Z7*AF7,0),0) -> 4
A8: =A7+1 -> 2 | B8: Gerencia de Gestión Humana | C8: Incumplimiento de la normatividad vigente de transparencia y etica empresarial | D8: 3 Debilidades en los controles definidos en los diferentes procesos. | E8: Operacional | F8: Empleados | G8: Posible | H8: =IF(G8="Raro",1,IF(G8="Poco Probable",2,IF(G8="Posible",3,IF(G8="Muy Probable",4,IF(G8="Casi seguro",5," "))))) -> 3 | J8: Medio | K8: =IF(J8="Muy Bajo",1,IF(J8="Bajo",2,IF(J8="Medio",3,IF(J8="Alto",4,IF(J8="Muy Alto",5," "))))) -> 3 | M8: =IFERROR(+H8*K8," ") -> 9 | N8: Normas y polìticas | O8: Organismos de Control | P8: SIN CONTROL | Q8: PROBABILIDAD | R8: =IFERROR(VLOOKUP(N8,'Calificación Controles'!$B$7:$AB$36,27,0)," ") -> 64 | S8: =IFERROR(VLOOKUP(O8,'Calificación Controles'!$B$7:$AB$36,27,0)," ") -> 70 | T8: =IFERROR(VLOOKUP(P8,'Calificación Controles'!$B$7:$AB$36,27,0), " ") -> 0 | U8: =IFERROR(((R8+S8+T8)/3)/100," ") -> 0.44666667 | W8: =IFERROR(IF(Q8="PROBABILIDAD",H8-(H8*U8),H8), " ") -> 1.66 | X8: =IFERROR(IF(Q8="PROBABILIDAD E IMPACTO",H8*U8,0), " ") -> 0 | Y8: =IFERROR(+W8-X8, " ") -> 1.66 | Z8: =IFERROR(ROUND(IF(Y8<=1,1,IF(Y8>1,Y8," ")),0)," ") -> 2 | AB8: =IFERROR(IF(Q8="IMPACTO",K8-(K8*U8),K8), " ") -> 3 | AC8: =IFERROR(IF(Q8="PROBABILIDAD E IMPACTO",K8*U8,0)," ") -> 0 | AE8: =IFERROR(+AB8-AC8," ") -> 3 | AF8: =IFERROR(ROUND(IF(AE8<=1,1,IF(AE8>1,AE8," ")),0)," ") -> 3 | AH8: =IFERROR(ROUNDUP(+Y8*AE8,0),0) -> 5
A9: =A8+1 -> 3 | B9: Gerencia Financiera y Contable | C9: Actuación indebida en los procedimientos de compras y de contratación | D9: 5 Presentar información y/o documentación incompleta en la vinculación | E9: Operacional | F9: Proveedores | G9: Posible | H9: =IF(G9="Raro",1,IF(G9="Poco Probable",2,IF(G9="Posible",3,IF(G9="Muy Probable",4,IF(G9="Casi seguro",5," "))))) -> 3 | J9: Medio | K9: =IF(J9="Muy Bajo",1,IF(J9="Bajo",2,IF(J9="Medio",3,IF(J9="Alto",4,IF(J9="Muy Alto",5," "))))) -> 3 | M9: =IFERROR(+H9*K9," ") -> 9 | N9: Confirmación de datos | O9: Documentación de Procesos | P9: SIN CONTROL | Q9: PROBABILIDAD | R9: =IFERROR(VLOOKUP(N9,'Calificación Controles'!$B$7:$AB$36,27,0)," ") -> 82.5 | S9: =IFERROR(VLOOKUP(O9,'Calificación Controles'!$B$7:$AB$36,27,0)," ") -> 71.5 | T9: =IFERROR(VLOOKUP(P9,'Calificación Controles'!$B$7:$AB$36,27,0), " ") -> 0 | U9: =IFERROR(((R9+S9+T9)/3)/100," ") -> 0.51333333 | W9: =IFERROR(IF(Q9="PROBABILIDAD",H9-(H9*U9),H9), " ") -> 1.46 | X9: =IFERROR(IF(Q9="PROBABILIDAD E IMPACTO",H9*U9,0), " ") -> 0 | Y9: =IFERROR(+W9-X9, " ") -> 1.46 | Z9: =IFERROR(ROUND(IF(Y9<=1,1,IF(Y9>1,Y9," ")),0)," ") -> 1 | AB9: =IFERROR(IF(Q9="IMPACTO",K9-(K9*U9),K9), " ") -> 3 | AC9: =IFERROR(IF(Q9="PROBABILIDAD E IMPACTO",K9*U9,0)," ") -> 0 | AE9: =IFERROR(+AB9-AC9," ") -> 3 | AF9: =IFERROR(ROUND(IF(AE9<=1,1,IF(AE9>1,AE9," ")),0)," ") -> 3 | AH9: =IFERROR(ROUNDUP(+Y9*AE9,0),0) -> 5
A10: =A9+1 -> 4 | B10: Gerencia Financiera y Contable | C10: Actuación indebida en los procedimientos de compras y de contratación | D10: 6 Falencias en el proceso de verificación de datos del Contraparte o del proveedor en los formatos de vinculación y/o actualización (evidencia). | E10: Legal | F10: Proveedores | G10: Raro | H10: =IF(G10="Raro",1,IF(G10="Poco Probable",2,IF(G10="Posible",3,IF(G10="Muy Probable",4,IF(G10="Casi seguro",5," "))))) -> 1 | J10: Medio | K10: =IF(J10="Muy Bajo",1,IF(J10="Bajo",2,IF(J10="Medio",3,IF(J10="Alto",4,IF(J10="Muy Alto",5," "))))) -> 3 | M10: =IFERROR(+H10*K10," ") -> 3 | N10: Formato de Vinculación | O10: Normas y polìticas | P10: SIN CONTROL | Q10: PROBABILIDAD | R10: =IFERROR(VLOOKUP(N10,'Calificación Controles'!$B$7:$AB$36,27,0)," ") -> 76.5 | S10: =IFERROR(VLOOKUP(O10,'Calificación Controles'!$B$7:$AB$36,27,0)," ") -> 64 | T10: =IFERROR(VLOOKUP(P10,'Calificación Controles'!$B$7:$AB$36,27,0), " ") -> 0 | U10: =IFERROR(((R10+S10+T10)/3)/100," ") -> 0.46833333 | W10: =IFERROR(IF(Q10="PROBABILIDAD",H10-(H10*U10),H10), " ") -> 0.53166667 | X10: =IFERROR(IF(Q10="PROBABILIDAD E IMPACTO",H10*U10,0), " ") -> 0 | Y10: =IFERROR(+W10-X10, " ") -> 0.53166667 | Z10: =IFERROR(ROUND(IF(Y10<=1,1,IF(Y10>1,Y10," ")),0)," ") -> 1 | AB10: =IFERROR(IF(Q10="IMPACTO",K10-(K10*U10),K10), " ") -> 3 | AC10: =IFERROR(IF(Q10="PROBABILIDAD E IMPACTO",K10*U10,0)," ") -> 0 | AE10: =IFERROR(+AB10-AC10," ") -> 3 | AF10: =IFERROR(ROUND(IF(AE10<=1,1,IF(AE10>1,AE10," ")),0)," ") -> 3 | AH10: =IFERROR(ROUNDUP(+Y10*AE10,0),0) -> 2
A11: =A10+1 -> 5 | B11: Gerencia Financiera y Contable | C11: Deficiencias en el seguimiento a los proveedores | D11: 4 Omitir el examen anual de los riesgos, sus causas y controles. | E11: Operacional | F11: Proveedores | G11: Posible | H11: =IF(G11="Raro",1,IF(G11="Poco Probable",2,IF(G11="Posible",3,IF(G11="Muy Probable",4,IF(G11="Casi seguro",5," "))))) -> 3 | J11: Medio | K11: =IF(J11="Muy Bajo",1,IF(J11="Bajo",2,IF(J11="Medio",3,IF(J11="Alto",4,IF(J11="Muy Alto",5," "))))) -> 3 | M11: =IFERROR(+H11*K11," ") -> 9 | N11: Indicadores de cumplimiento | O11: Organismos de Control | P11: Trazabilidad | Q11: PROBABILIDAD | R11: =IFERROR(VLOOKUP(N11,'Calificación Controles'!$B$7:$AB$36,27,0)," ") -> 56.5 | S11: =IFERROR(VLOOKUP(O11,'Calificación Controles'!$B$7:$AB$36,27,0)," ") -> 70 | T11: =IFERROR(VLOOKUP(P11,'Calificación Controles'!$B$7:$AB$36,27,0), " ") -> 90 | U11: =IFERROR(((R11+S11+T11)/3)/100," ") -> 0.72166667 | W11: =IFERROR(IF(Q11="PROBABILIDAD",H11-(H11*U11),H11), " ") -> 0.835 | X11: =IFERROR(IF(Q11="PROBABILIDAD E IMPACTO",H11*U11,0), " ") -> 0 | Y11: =IFERROR(+W11-X11, " ") -> 0.835 | Z11: =IFERROR(ROUND(IF(Y11<=1,1,IF(Y11>1,Y11," ")),0)," ") -> 1 | AB11: =IFERROR(IF(Q11="IMPACTO",K11-(K11*U11),K11), " ") -> 3 | AC11: =IFERROR(IF(Q11="PROBABILIDAD E IMPACTO",K11*U11,0)," ") -> 0 | AE11: =IFERROR(+AB11-AC11," ") -> 3 | AF11: =IFERROR(ROUND(IF(AE11<=1,1,IF(AE11>1,AE11," ")),0)," ") -> 3 | AH11: =IFERROR(ROUNDUP(+Y11*AE11,0),0) -> 3
A12: =A11+1 -> 6 | B12: Gerencia Financiera y Contable | C12: Deficiencias en el seguimiento a los proveedores | D12: 7 Recibir información falsa por parte del Contraparte o proveedor. | E12: Legal | F12: Proveedores | G12: Poco Probable | H12: =IF(G12="Raro",1,IF(G12="Poco Probable",2,IF(G12="Posible",3,IF(G12="Muy Probable",4,IF(G12="Casi seguro",5," "))))) -> 2 | J12: Medio | K12: =IF(J12="Muy Bajo",1,IF(J12="Bajo",2,IF(J12="Medio",3,IF(J12="Alto",4,IF(J12="Muy Alto",5," "))))) -> 3 | M12: =IFERROR(+H12*K12," ") -> 6 | N12: Control dual | O12: Clausulas contractuales | P12: SIN CONTROL | Q12: PROBABILIDAD | R12: =IFERROR(VLOOKUP(N12,'Calificación Controles'!$B$7:$AB$36,27,0)," ") -> 82.5 | S12: =IFERROR(VLOOKUP(O12,'Calificación Controles'!$B$7:$AB$36,27,0)," ") -> 82.5 | T12: =IFERROR(VLOOKUP(P12,'Calificación Controles'!$B$7:$AB$36,27,0), " ") -> 0 | U12: =IFERROR(((R12+S12+T12)/3)/100," ") -> 0.55 | W12: =IFERROR(IF(Q12="PROBABILIDAD",H12-(H12*U12),H12), " ") -> 0.9 | X12: =IFERROR(IF(Q12="PROBABILIDAD E IMPACTO",H12*U12,0), " ") -> 0 | Y12: =IFERROR(+W12-X12, " ") -> 0.9 | Z12: =IFERROR(ROUND(IF(Y12<=1,1,IF(Y12>1,Y12," ")),0)," ") -> 1 | AB12: =IFERROR(IF(Q12="IMPACTO",K12-(K12*U12),K12), " ") -> 3 | AC12: =IFERROR(IF(Q12="PROBABILIDAD E IMPACTO",K12*U12,0)," ") -> 0 | AE12: =IFERROR(+AB12-AC12," ") -> 3 | AF12: =IFERROR(ROUND(IF(AE12<=1,1,IF(AE12>1,AE12," ")),0)," ") -> 3 | AH12: =IFERROR(ROUNDUP(+Y12*AE12,0),0) -> 3
A13: =A12+1 -> 7 | B13: Gerencia Financiera y Contable | C13: Vinculación de Contrapartes que no cumplen con los requisitos definidos en la Compañía | D13: 19 Irregularidad en la aprobación de contratos u órdenes de compra. | E13: Operacional | F13: Proveedores | G13: Posible | H13: =IF(G13="Raro",1,IF(G13="Poco Probable",2,IF(G13="Posible",3,IF(G13="Muy Probable",4,IF(G13="Casi seguro",5," "))))) -> 3 | J13: Muy Bajo | K13: =IF(J13="Muy Bajo",1,IF(J13="Bajo",2,IF(J13="Medio",3,IF(J13="Alto",4,IF(J13="Muy Alto",5," "))))) -> 1 | M13: =IFERROR(+H13*K13," ") -> 3 | N13: Debida Diligencia | O13: Lineas de denuncia | P13: Politica Cero Tolerancia | Q13: PROBABILIDAD E IMPACTO | R13: =IFERROR(VLOOKUP(N13,'Calificación Controles'!$B$7:$AB$36,27,0)," ") -> 64 | S13: =IFERROR(VLOOKUP(O13,'Calificación Controles'!$B$7:$AB$36,27,0)," ") -> 49.5 | T13: =IFERROR(VLOOKUP(P13,'Calificación Controles'!$B$7:$AB$36,27,0), " ") -> 71.5 | U13: =IFERROR(((R13+S13+T13)/3)/100," ") -> 0.61666667 | W13: =IFERROR(IF(Q13="PROBABILIDAD",H13-(H13*U13),H13), " ") -> 3 | X13: =IFERROR(IF(Q13="PROBABILIDAD E IMPACTO",H13*U13,0), " ") -> 1.85 | Y13: =IFERROR(+W13-X13, " ") -> 1.15 | Z13: =IFERROR(ROUND(IF(Y13<=1,1,IF(Y13>1,Y13," ")),0)," ") -> 1 | AB13: =IFERROR(IF(Q13="IMPACTO",K13-(K13*U13),K13), " ") -> 1 | AC13: =IFERROR(IF(Q13="PROBABILIDAD E IMPACTO",K13*U13,0)," ") -> 0.61666667 | AE13: =IFERROR(+AB13-AC13," ") -> 0.38333333 | AF13: =IFERROR(ROUND(IF(AE13<=1,1,IF(AE13>1,AE13," ")),0)," ") -> 1 | AH13: =IFERROR(ROUNDUP(+Y13*AE13,0),0) -> 1
A14: =A13+1 -> 8 | B14: Gerencia Financiera y Contable | C14: Inadecuadas o inexistentes políticas anti soborno | D14: 43 Aprovechar las debilidades y el desconocimiento de los colaboradores para involucrarlos en actos que conlleven a los delitos de corrupción, soborno trasnacional y faltas a la Ética | E14: Operacional | F14: Empleados | G14: Posible | H14: =IF(G14="Raro",1,IF(G14="Poco Probable",2,IF(G14="Posible",3,IF(G14="Muy Probable",4,IF(G14="Casi seguro",5," "))))) -> 3 | J14: Bajo | K14: =IF(J14="Muy Bajo",1,IF(J14="Bajo",2,IF(J14="Medio",3,IF(J14="Alto",4,IF(J14="Muy Alto",5," "))))) -> 2 | M14: =IFERROR(+H14*K14," ") -> 6 | N14: Polìticas de Pagos | O14: Capacitación | P14: SIN CONTROL | Q14: PROBABILIDAD | R14: =IFERROR(VLOOKUP(N14,'Calificación Controles'!$B$7:$AB$36,27,0)," ") -> 76.5 | S14: =IFERROR(VLOOKUP(O14,'Calificación Controles'!$B$7:$AB$36,27,0)," ") -> 71.5 | T14: =IFERROR(VLOOKUP(P14,'Calificación Controles'!$B$7:$AB$36,27,0), " ") -> 0 | U14: =IFERROR(((R14+S14+T14)/3)/100," ") -> 0.49333333 | W14: =IFERROR(IF(Q14="PROBABILIDAD",H14-(H14*U14),H14), " ") -> 1.52 | X14: =IFERROR(IF(Q14="PROBABILIDAD E IMPACTO",H14*U14,0), " ") -> 0 | Y14: =IFERROR(+W14-X14, " ") -> 1.52 | Z14: =IFERROR(ROUND(IF(Y14<=1,1,IF(Y14>1,Y14," ")),0)," ") -> 2 | AB14: =IFERROR(IF(Q14="IMPACTO",K14-(K14*U14),K14), " ") -> 2 | AC14: =IFERROR(IF(Q14="PROBABILIDAD E IMPACTO",K14*U14,0)," ") -> 0 | AE14: =IFERROR(+AB14-AC14," ") -> 2 | AF14: =IFERROR(ROUND(IF(AE14<=1,1,IF(AE14>1,AE14," ")),0)," ") -> 2 | AH14: =IFERROR(ROUNDUP(+Y14*AE14,0),0) -> 4
A15: =A14+1 -> 9 | B15: Gerencia Financiera y Contable | C15: Indebida estructuración de los contratos en los que debe participar La Compañía. como contratante de un servicio | D15: 5 Presentar información y/o documentación incompleta en la vinculación | E15: Legal | F15: Proveedores | G15: Raro | H15: =IF(G15="Raro",1,IF(G15="Poco Probable",2,IF(G15="Posible",3,IF(G15="Muy Probable",4,IF(G15="Casi seguro",5," "))))) -> 1 | J15: Medio | K15: =IF(J15="Muy Bajo",1,IF(J15="Bajo",2,IF(J15="Medio",3,IF(J15="Alto",4,IF(J15="Muy Alto",5," "))))) -> 3 | M15: =IFERROR(+H15*K15," ") -> 3 | N15: Clausulas contractuales | O15: Segregación de funciones | P15: Control dual | Q15: PROBABILIDAD | R15: =IFERROR(VLOOKUP(N15,'Calificación Controles'!$B$7:$AB$36,27,0)," ") -> 82.5 | S15: =IFERROR(VLOOKUP(O15,'Calificación Controles'!$B$7:$AB$36,27,0)," ") -> 64 | T15: =IFERROR(VLOOKUP(P15,'Calificación Controles'!$B$7:$AB$36,27,0), " ") -> 82.5 | U15: =IFERROR(((R15+S15+T15)/3)/100," ") -> 0.76333333 | W15: =IFERROR(IF(Q15="PROBABILIDAD",H15-(H15*U15),H15), " ") -> 0.23666667 | X15: =IFERROR(IF(Q15="PROBABILIDAD E IMPACTO",H15*U15,0), " ") -> 0 | Y15: =IFERROR(+W15-X15, " ") -> 0.23666667 | Z15: =IFERROR(ROUND(IF(Y15<=1,1,IF(Y15>1,Y15," ")),0)," ") -> 1 | AB15: =IFERROR(IF(Q15="IMPACTO",K15-(K15*U15),K15), " ") -> 3 | AC15: =IFERROR(IF(Q15="PROBABILIDAD E IMPACTO",K15*U15,0)," ") -> 0 | AE15: =IFERROR(+AB15-AC15," ") -> 3 | AF15: =IFERROR(ROUND(IF(AE15<=1,1,IF(AE15>1,AE15," ")),0)," ") -> 3 | AH15: =IFERROR(ROUNDUP(+Y15*AE15,0),0) -> 1
A16: =A15+1 -> 10 | B16: Gerencia Financiera y Contable | C16: Influenciar o inducir la compra de bienes y/o servicios a un proveedor en particular a cambio de beneficios particulares | D16: 1 Desconocimiento u omisión de las normas por parte de los colaboradores o contratistas | E16: Legal | F16: Proveedores | G16: Posible | H16: =IF(G16="Raro",1,IF(G16="Poco Probable",2,IF(G16="Posible",3,IF(G16="Muy Probable",4,IF(G16="Casi seguro",5," "))))) -> 3 | J16: Bajo | K16: =IF(J16="Muy Bajo",1,IF(J16="Bajo",2,IF(J16="Medio",3,IF(J16="Alto",4,IF(J16="Muy Alto",5," "))))) -> 2 | M16: =IFERROR(+H16*K16," ") -> 6 | N16: Normas y polìticas | O16: Capacitación | P16: SIN CONTROL | Q16: PROBABILIDAD | R16: =IFERROR(VLOOKUP(N16,'Calificación Controles'!$B$7:$AB$36,27,0)," ") -> 64 | S16: =IFERROR(VLOOKUP(O16,'Calificación Controles'!$B$7:$AB$36,27,0)," ") -> 71.5 | T16: =IFERROR(VLOOKUP(P16,'Calificación Controles'!$B$7:$AB$36,27,0), " ") -> 0 | U16: =IFERROR(((R16+S16+T16)/3)/100," ") -> 0.45166667 | W16: =IFERROR(IF(Q16="PROBABILIDAD",H16-(H16*U16),H16), " ") -> 1.645 | X16: =IFERROR(IF(Q16="PROBABILIDAD E IMPACTO",H16*U16,0), " ") -> 0 | Y16: =IFERROR(+W16-X16, " ") -> 1.645 | Z16: =IFERROR(ROUND(IF(Y16<=1,1,IF(Y16>1,Y16," ")),0)," ") -> 2 | AB16: =IFERROR(IF(Q16="IMPACTO",K16-(K16*U16),K16), " ") -> 2 | AC16: =IFERROR(IF(Q16="PROBABILIDAD E IMPACTO",K16*U16,0)," ") -> 0 | AE16: =IFERROR(+AB16-AC16," ") -> 2 | AF16: =IFERROR(ROUND(IF(AE16<=1,1,IF(AE16>1,AE16," ")),0)," ") -> 2 | AH16: =IFERROR(ROUNDUP(+Y16*AE16,0),0) -> 4
A17: =A16+1 -> 11 | B17: Gerencia Financiera y Contable | C17: Intento o vinculación de proveedores que presentan antecedentes en listas restrictivas | D17: 3 Debilidades en los controles definidos en los diferentes procesos. | E17: Legal | F17: Proveedores | G17: Poco Probable | H17: =IF(G17="Raro",1,IF(G17="Poco Probable",2,IF(G17="Posible",3,IF(G17="Muy Probable",4,IF(G17="Casi seguro",5," "))))) -> 2 | J17: Medio | K17: =IF(J17="Muy Bajo",1,IF(J17="Bajo",2,IF(J17="Medio",3,IF(J17="Alto",4,IF(J17="Muy Alto",5," "))))) -> 3 | M17: =IFERROR(+H17*K17," ") -> 6 | N17: Procedimientos de contratación | O17: Validación en listas | P17: Confirmación de datos | Q17: PROBABILIDAD | R17: =IFERROR(VLOOKUP(N17,'Calificación Controles'!$B$7:$AB$36,27,0)," ") -> 69 | S17: =IFERROR(VLOOKUP(O17,'Calificación Controles'!$B$7:$AB$36,27,0)," ") -> 75 | T17: =IFERROR(VLOOKUP(P17,'Calificación Controles'!$B$7:$AB$36,27,0), " ") -> 82.5 | U17: =IFERROR(((R17+S17+T17)/3)/100," ") -> 0.755 | W17: =IFERROR(IF(Q17="PROBABILIDAD",H17-(H17*U17),H17), " ") -> 0.49 | X17: =IFERROR(IF(Q17="PROBABILIDAD E IMPACTO",H17*U17,0), " ") -> 0 | Y17: =IFERROR(+W17-X17, " ") -> 0.49 | Z17: =IFERROR(ROUND(IF(Y17<=1,1,IF(Y17>1,Y17," ")),0)," ") -> 1 | AB17: =IFERROR(IF(Q17="IMPACTO",K17-(K17*U17),K17), " ") -> 3 | AC17: =IFERROR(IF(Q17="PROBABILIDAD E IMPACTO",K17*U17,0)," ") -> 0 | AE17: =IFERROR(+AB17-AC17," ") -> 3 | AF17: =IFERROR(ROUND(IF(AE17<=1,1,IF(AE17>1,AE17," ")),0)," ") -> 3 | AH17: =IFERROR(ROUNDUP(+Y17*AE17,0),0) -> 2
A18: =A17+1 -> 12 | B18: Gerencia General | C18: Intento o vinculación de socios, accionistas o inversionistas que presentan antecedentes en listas restrictivas | D18: 6 Falencias en el proceso de verificación de datos del Contraparte o del proveedor en los formatos de vinculación y/o actualización (evidencia). | E18: Contagio | F18: Accionistas | G18: Raro | H18: =IF(G18="Raro",1,IF(G18="Poco Probable",2,IF(G18="Posible",3,IF(G18="Muy Probable",4,IF(G18="Casi seguro",5," "))))) -> 1 | J18: Alto | K18: =IF(J18="Muy Bajo",1,IF(J18="Bajo",2,IF(J18="Medio",3,IF(J18="Alto",4,IF(J18="Muy Alto",5," "))))) -> 4 | M18: =IFERROR(+H18*K18," ") -> 4 | N18: Programa de Transparencia & Etica Empresarial | O18: Validación en listas | P18: Confirmación de datos | Q18: PROBABILIDAD E IMPACTO | R18: =IFERROR(VLOOKUP(N18,'Calificación Controles'!$B$7:$AB$36,27,0)," ") -> 70 | S18: =IFERROR(VLOOKUP(O18,'Calificación Controles'!$B$7:$AB$36,27,0)," ") -> 75 | T18: =IFERROR(VLOOKUP(P18,'Calificación Controles'!$B$7:$AB$36,27,0), " ") -> 82.5 | U18: =IFERROR(((R18+S18+T18)/3)/100," ") -> 0.75833333 | W18: =IFERROR(IF(Q18="PROBABILIDAD",H18-(H18*U18),H18), " ") -> 1 | X18: =IFERROR(IF(Q18="PROBABILIDAD E IMPACTO",H18*U18,0), " ") -> 0.75833333 | Y18: =IFERROR(+W18-X18, " ") -> 0.24166667 | Z18: =IFERROR(ROUND(IF(Y18<=1,1,IF(Y18>1,Y18," ")),0)," ") -> 1 | AB18: =IFERROR(IF(Q18="IMPACTO",K18-(K18*U18),K18), " ") -> 4 | AC18: =IFERROR(IF(Q18="PROBABILIDAD E IMPACTO",K18*U18,0)," ") -> 3.0333333 | AE18: =IFERROR(+AB18-AC18," ") -> 0.96666667 | AF18: =IFERROR(ROUND(IF(AE18<=1,1,IF(AE18>1,AE18," ")),0)," ") -> 1 | AH18: =IFERROR(ROUNDUP(+Y18*AE18,0),0) -> 1
A19: =A18+1 -> 13 | B19: Gerencia Financiera y Contable | C19: No debida diligencia en investigación de beneficiario final diferente al prestador de servicios | D19: 7 Recibir información falsa por parte del Contraparte o proveedor. | E19: Legal | F19: Proveedores | G19: Muy Probable | H19: =IF(G19="Raro",1,IF(G19="Poco Probable",2,IF(G19="Posible",3,IF(G19="Muy Probable",4,IF(G19="Casi seguro",5," "))))) -> 4 | J19: Alto | K19: =IF(J19="Muy Bajo",1,IF(J19="Bajo",2,IF(J19="Medio",3,IF(J19="Alto",4,IF(J19="Muy Alto",5," "))))) -> 4 | M19: =IFERROR(+H19*K19," ") -> 16 | N19: Debida Diligencia | O19: Validación en listas | P19: Lineas de denuncia | Q19: PROBABILIDAD E IMPACTO | R19: =IFERROR(VLOOKUP(N19,'Calificación Controles'!$B$7:$AB$36,27,0)," ") -> 64 | S19: =IFERROR(VLOOKUP(O19,'Calificación Controles'!$B$7:$AB$36,27,0)," ") -> 75 | T19: =IFERROR(VLOOKUP(P19,'Calificación Controles'!$B$7:$AB$36,27,0), " ") -> 49.5 | U19: =IFERROR(((R19+S19+T19)/3)/100," ") -> 0.62833333 | W19: =IFERROR(IF(Q19="PROBABILIDAD",H19-(H19*U19),H19), " ") -> 4 | X19: =IFERROR(IF(Q19="PROBABILIDAD E IMPACTO",H19*U19,0), " ") -> 2.5133333 | Y19: =IFERROR(+W19-X19, " ") -> 1.4866667 | Z19: =IFERROR(ROUND(IF(Y19<=1,1,IF(Y19>1,Y19," ")),0)," ") -> 1 | AB19: =IFERROR(IF(Q19="IMPACTO",K19-(K19*U19),K19), " ") -> 4 | AC19: =IFERROR(IF(Q19="PROBABILIDAD E IMPACTO",K19*U19,0)," ") -> 2.5133333 | AE19: =IFERROR(+AB19-AC19," ") -> 1.4866667 | AF19: =IFERROR(ROUND(IF(AE19<=1,1,IF(AE19>1,AE19," ")),0)," ") -> 1 | AH19: =IFERROR(ROUNDUP(+Y19*AE19,0),0) -> 3
... A25: =A24+1 -> 19 | B25: Gerencia de Gestión Humana | C25: Participar en licictaciones publicas sin cumplir con los requisitos | D25: 44 Delegar la administración de contratos a colaboradores sin las competencias y el nivel de conocimiento requeridos. | E25: Reputacional | F25: Empleados | G25: Raro | H25: =IF(G25="Raro",1,IF(G25="Poco Probable",2,IF(G25="Posible",3,IF(G25="Muy Probable",4,IF(G25="Casi seguro",5," "))))) -> 1 | J25: Medio | K25: =IF(J25="Muy Bajo",1,IF(J25="Bajo",2,IF(J25="Medio",3,IF(J25="Alto",4,IF(J25="Muy Alto",5," "))))) -> 3 | M25: =IFERROR(+H25*K25," ") -> 3 | N25: Procedimientos de contratación | O25: Control dual | P25: SIN CONTROL | Q25: PROBABILIDAD | R25: =IFERROR(VLOOKUP(N25,'Calificación Controles'!$B$7:$AB$36,27,0)," ") -> 69 | S25: =IFERROR(VLOOKUP(O25,'Calificación Controles'!$B$7:$AB$36,27,0)," ") -> 82.5 | T25: =IFERROR(VLOOKUP(P25,'Calificación Controles'!$B$7:$AB$36,27,0), " ") -> 0 | U25: =IFERROR(((R25+S25+T25)/3)/100," ") -> 0.505 | W25: =IFERROR(IF(Q25="PROBABILIDAD",H25-(H25*U25),H25), " ") -> 0.495 | X25: =IFERROR(IF(Q25="PROBABILIDAD E IMPACTO",H25*U25,0), " ") -> 0 | Y25: =IFERROR(+W25-X25, " ") -> 0.495 | Z25: =IFERROR(ROUND(IF(Y25<=1,1,IF(Y25>1,Y25," ")),0)," ") -> 1 | AB25: =IFERROR(IF(Q25="IMPACTO",K25-(K25*U25),K25), " ") -> 3 | AC25: =IFERROR(IF(Q25="PROBABILIDAD E IMPACTO",K25*U25,0)," ") -> 0 | AE25: =IFERROR(+AB25-AC25," ") -> 3 | AF25: =IFERROR(ROUND(IF(AE25<=1,1,IF(AE25>1,AE25," ")),0)," ") -> 3 | AH25: =IFERROR(ROUNDUP(+Y25*AE25,0),0) -> 2
A26: =A25+1 -> 20 | H26: =IF(G26="Raro",1,IF(G26="Poco Probable",2,IF(G26="Posible",3,IF(G26="Muy Probable",4,IF(G26="Casi seguro",5," "))))) | K26: =IF(J26="Muy Bajo",1,IF(J26="Bajo",2,IF(J26="Medio",3,IF(J26="Alto",4,IF(J26="Muy Alto",5," "))))) | M26: =IFERROR(+H26*K26," ") | R26: =IFERROR(VLOOKUP(N26,'Calificación Controles'!$B$7:$AB$36,27,0)," ") | S26: =IFERROR(VLOOKUP(O26,'Calificación Controles'!$B$7:$AB$36,27,0)," ") | T26: =IFERROR(VLOOKUP(P26,'Calificación Controles'!$B$7:$AB$36,27,0), " ") | U26: =IFERROR(((R26+S26+T26)/3)/100," ") | W26: =IFERROR(IF(Q26="PROBABILIDAD",H26-(H26*U26),H26), " ") | X26: =IFERROR(IF(Q26="PROBABILIDAD E IMPACTO",H26*U26,0), " ") -> 0 | Y26: =IFERROR(+W26-X26, " ") | Z26: =IFERROR(ROUND(IF(Y26<=1,1,IF(Y26>1,Y26," ")),0)," ") | AB26: =IFERROR(IF(Q26="IMPACTO",K26-(K26*U26),K26), " ") | AC26: =IFERROR(IF(Q26="PROBABILIDAD E IMPACTO",K26*U26,0)," ") -> 0 | AE26: =IFERROR(+AB26-AC26," ") | AF26: =IFERROR(ROUND(IF(AE26<=1,1,IF(AE26>1,AE26," ")),0)," ") | AH26: =IFERROR(ROUNDUP(+Y26*AE26,0),0) -> 0
A27: =A26+1 -> 21 | H27: =IF(G27="Raro",1,IF(G27="Poco Probable",2,IF(G27="Posible",3,IF(G27="Muy Probable",4,IF(G27="Casi seguro",5," "))))) | K27: =IF(J27="Muy Bajo",1,IF(J27="Bajo",2,IF(J27="Medio",3,IF(J27="Alto",4,IF(J27="Muy Alto",5," "))))) | M27: =IFERROR(+H27*K27," ") | R27: =IFERROR(VLOOKUP(N27,'Calificación Controles'!$B$7:$AB$36,27,0)," ") | S27: =IFERROR(VLOOKUP(O27,'Calificación Controles'!$B$7:$AB$36,27,0)," ") | T27: =IFERROR(VLOOKUP(P27,'Calificación Controles'!$B$7:$AB$36,27,0), " ") | U27: =IFERROR(((R27+S27+T27)/3)/100," ") | W27: =IFERROR(IF(Q27="PROBABILIDAD",H27-(H27*U27),H27), " ") | X27: =IFERROR(IF(Q27="PROBABILIDAD E IMPACTO",H27*U27,0), " ") -> 0 | Y27: =IFERROR(+W27-X27, " ") | Z27: =IFERROR(ROUND(IF(Y27<=1,1,IF(Y27>1,Y27," ")),0)," ") | AB27: =IFERROR(IF(Q27="IMPACTO",K27-(K27*U27),K27), " ") | AC27: =IFERROR(IF(Q27="PROBABILIDAD E IMPACTO",K27*U27,0)," ") -> 0 | AE27: =IFERROR(+AB27-AC27," ") | AF27: =IFERROR(ROUND(IF(AE27<=1,1,IF(AE27>1,AE27," ")),0)," ") | AH27: =IFERROR(ROUNDUP(+Y27*AE27,0),0) -> 0
A28: =A27+1 -> 22 | H28: =IF(G28="Raro",1,IF(G28="Poco Probable",2,IF(G28="Posible",3,IF(G28="Muy Probable",4,IF(G28="Casi seguro",5," "))))) | K28: =IF(J28="Muy Bajo",1,IF(J28="Bajo",2,IF(J28="Medio",3,IF(J28="Alto",4,IF(J28="Muy Alto",5," "))))) | M28: =IFERROR(+H28*K28," ") | R28: =IFERROR(VLOOKUP(N28,'Calificación Controles'!$B$7:$AB$36,27,0)," ") | S28: =IFERROR(VLOOKUP(O28,'Calificación Controles'!$B$7:$AB$36,27,0)," ") | T28: =IFERROR(VLOOKUP(P28,'Calificación Controles'!$B$7:$AB$36,27,0), " ") | U28: =IFERROR(((R28+S28+T28)/3)/100," ") | W28: =IFERROR(IF(Q28="PROBABILIDAD",H28-(H28*U28),H28), " ") | X28: =IFERROR(IF(Q28="PROBABILIDAD E IMPACTO",H28*U28,0), " ") -> 0 | Y28: =IFERROR(+W28-X28, " ") | Z28: =IFERROR(ROUND(IF(Y28<=1,1,IF(Y28>1,Y28," ")),0)," ") | AB28: =IFERROR(IF(Q28="IMPACTO",K28-(K28*U28),K28), " ") | AC28: =IFERROR(IF(Q28="PROBABILIDAD E IMPACTO",K28*U28,0)," ") -> 0 | AE28: =IFERROR(+AB28-AC28," ") | AF28: =IFERROR(ROUND(IF(AE28<=1,1,IF(AE28>1,AE28," ")),0)," ") | AH28: =IFERROR(ROUNDUP(+Y28*AE28,0),0) -> 0
A29: =A28+1 -> 23 | H29: =IF(G29="Raro",1,IF(G29="Poco Probable",2,IF(G29="Posible",3,IF(G29="Muy Probable",4,IF(G29="Casi seguro",5," "))))) | K29: =IF(J29="Muy Bajo",1,IF(J29="Bajo",2,IF(J29="Medio",3,IF(J29="Alto",4,IF(J29="Muy Alto",5," "))))) | M29: =IFERROR(+H29*K29," ") | R29: =IFERROR(VLOOKUP(N29,'Calificación Controles'!$B$7:$AB$36,27,0)," ") | S29: =IFERROR(VLOOKUP(O29,'Calificación Controles'!$B$7:$AB$36,27,0)," ") | T29: =IFERROR(VLOOKUP(P29,'Calificación Controles'!$B$7:$AB$36,27,0), " ") | U29: =IFERROR(((R29+S29+T29)/3)/100," ") | W29: =IFERROR(IF(Q29="PROBABILIDAD",H29-(H29*U29),H29), " ") | X29: =IFERROR(IF(Q29="PROBABILIDAD E IMPACTO",H29*U29,0), " ") -> 0 | Y29: =IFERROR(+W29-X29, " ") | Z29: =IFERROR(ROUND(IF(Y29<=1,1,IF(Y29>1,Y29," ")),0)," ") | AB29: =IFERROR(IF(Q29="IMPACTO",K29-(K29*U29),K29), " ") | AC29: =IFERROR(IF(Q29="PROBABILIDAD E IMPACTO",K29*U29,0)," ") -> 0 | AE29: =IFERROR(+AB29-AC29," ") | AF29: =IFERROR(ROUND(IF(AE29<=1,1,IF(AE29>1,AE29," ")),0)," ") | AH29: =IFERROR(ROUNDUP(+Y29*AE29,0),0) -> 0
A30: =A29+1 -> 24 | H30: =IF(G30="Raro",1,IF(G30="Poco Probable",2,IF(G30="Posible",3,IF(G30="Muy Probable",4,IF(G30="Casi seguro",5," "))))) | K30: =IF(J30="Muy Bajo",1,IF(J30="Bajo",2,IF(J30="Medio",3,IF(J30="Alto",4,IF(J30="Muy Alto",5," "))))) | M30: =IFERROR(+H30*K30," ") | R30: =IFERROR(VLOOKUP(N30,'Calificación Controles'!$B$7:$AB$36,27,0)," ") | S30: =IFERROR(VLOOKUP(O30,'Calificación Controles'!$B$7:$AB$36,27,0)," ") | T30: =IFERROR(VLOOKUP(P30,'Calificación Controles'!$B$7:$AB$36,27,0), " ") | U30: =IFERROR(((R30+S30+T30)/3)/100," ") | W30: =IFERROR(IF(Q30="PROBABILIDAD",H30-(H30*U30),H30), " ") | X30: =IFERROR(IF(Q30="PROBABILIDAD E IMPACTO",H30*U30,0), " ") -> 0 | Y30: =IFERROR(+W30-X30, " ") | Z30: =IFERROR(ROUND(IF(Y30<=1,1,IF(Y30>1,Y30," ")),0)," ") | AB30: =IFERROR(IF(Q30="IMPACTO",K30-(K30*U30),K30), " ") | AC30: =IFERROR(IF(Q30="PROBABILIDAD E IMPACTO",K30*U30,0)," ") -> 0 | AE30: =IFERROR(+AB30-AC30," ") | AF30: =IFERROR(ROUND(IF(AE30<=1,1,IF(AE30>1,AE30," ")),0)," ") | AH30: =IFERROR(ROUNDUP(+Y30*AE30,0),0) -> 0
A31: =A30+1 -> 25 | H31: =IF(G31="Raro",1,IF(G31="Poco Probable",2,IF(G31="Posible",3,IF(G31="Muy Probable",4,IF(G31="Casi seguro",5," "))))) | K31: =IF(J31="Muy Bajo",1,IF(J31="Bajo",2,IF(J31="Medio",3,IF(J31="Alto",4,IF(J31="Muy Alto",5," "))))) | M31: =IFERROR(+H31*K31," ") | R31: =IFERROR(VLOOKUP(N31,'Calificación Controles'!$B$7:$AB$36,27,0)," ") | S31: =IFERROR(VLOOKUP(O31,'Calificación Controles'!$B$7:$AB$36,27,0)," ") | T31: =IFERROR(VLOOKUP(P31,'Calificación Controles'!$B$7:$AB$36,27,0), " ") | U31: =IFERROR(((R31+S31+T31)/3)/100," ") | W31: =IFERROR(IF(Q31="PROBABILIDAD",H31-(H31*U31),H31), " ") | X31: =IFERROR(IF(Q31="PROBABILIDAD E IMPACTO",H31*U31,0), " ") -> 0 | Y31: =IFERROR(+W31-X31, " ") | Z31: =IFERROR(ROUND(IF(Y31<=1,1,IF(Y31>1,Y31," ")),0)," ") | AB31: =IFERROR(IF(Q31="IMPACTO",K31-(K31*U31),K31), " ") | AC31: =IFERROR(IF(Q31="PROBABILIDAD E IMPACTO",K31*U31,0)," ") -> 0 | AE31: =IFERROR(+AB31-AC31," ") | AF31: =IFERROR(ROUND(IF(AE31<=1,1,IF(AE31>1,AE31," ")),0)," ") | AH31: =IFERROR(ROUNDUP(+Y31*AE31,0),0) -> 0
A32: =A31+1 -> 26 | H32: =IF(G32="Raro",1,IF(G32="Poco Probable",2,IF(G32="Posible",3,IF(G32="Muy Probable",4,IF(G32="Casi seguro",5," "))))) | K32: =IF(J32="Muy Bajo",1,IF(J32="Bajo",2,IF(J32="Medio",3,IF(J32="Alto",4,IF(J32="Muy Alto",5," "))))) | M32: =IFERROR(+H32*K32," ") | R32: =IFERROR(VLOOKUP(N32,'Calificación Controles'!$B$7:$AB$36,27,0)," ") | S32: =IFERROR(VLOOKUP(O32,'Calificación Controles'!$B$7:$AB$36,27,0)," ") | T32: =IFERROR(VLOOKUP(P32,'Calificación Controles'!$B$7:$AB$36,27,0), " ") | U32: =IFERROR(((R32+S32+T32)/3)/100," ") | W32: =IFERROR(IF(Q32="PROBABILIDAD",H32-(H32*U32),H32), " ") | X32: =IFERROR(IF(Q32="PROBABILIDAD E IMPACTO",H32*U32,0), " ") -> 0 | Y32: =IFERROR(+W32-X32, " ") | Z32: =IFERROR(ROUND(IF(Y32<=1,1,IF(Y32>1,Y32," ")),0)," ") | AB32: =IFERROR(IF(Q32="IMPACTO",K32-(K32*U32),K32), " ") | AC32: =IFERROR(IF(Q32="PROBABILIDAD E IMPACTO",K32*U32,0)," ") -> 0 | AE32: =IFERROR(+AB32-AC32," ") | AF32: =IFERROR(ROUND(IF(AE32<=1,1,IF(AE32>1,AE32," ")),0)," ") | AH32: =IFERROR(ROUNDUP(+Y32*AE32,0),0) -> 0
A33: =A32+1 -> 27 | H33: =IF(G33="Raro",1,IF(G33="Poco Probable",2,IF(G33="Posible",3,IF(G33="Muy Probable",4,IF(G33="Casi seguro",5," "))))) | K33: =IF(J33="Muy Bajo",1,IF(J33="Bajo",2,IF(J33="Medio",3,IF(J33="Alto",4,IF(J33="Muy Alto",5," "))))) | M33: =IFERROR(+H33*K33," ") | R33: =IFERROR(VLOOKUP(N33,'Calificación Controles'!$B$7:$AB$36,27,0)," ") | S33: =IFERROR(VLOOKUP(O33,'Calificación Controles'!$B$7:$AB$36,27,0)," ") | T33: =IFERROR(VLOOKUP(P33,'Calificación Controles'!$B$7:$AB$36,27,0), " ") | U33: =IFERROR(((R33+S33+T33)/3)/100," ") | W33: =IFERROR(IF(Q33="PROBABILIDAD",H33-(H33*U33),H33), " ") | X33: =IFERROR(IF(Q33="PROBABILIDAD E IMPACTO",H33*U33,0), " ") -> 0 | Y33: =IFERROR(+W33-X33, " ") | Z33: =IFERROR(ROUND(IF(Y33<=1,1,IF(Y33>1,Y33," ")),0)," ") | AB33: =IFERROR(IF(Q33="IMPACTO",K33-(K33*U33),K33), " ") | AC33: =IFERROR(IF(Q33="PROBABILIDAD E IMPACTO",K33*U33,0)," ") -> 0 | AE33: =IFERROR(+AB33-AC33," ") | AF33: =IFERROR(ROUND(IF(AE33<=1,1,IF(AE33>1,AE33," ")),0)," ") | AH33: =IFERROR(ROUNDUP(+Y33*AE33,0),0) -> 0
A34: =A33+1 -> 28 | H34: =IF(G34="Raro",1,IF(G34="Poco Probable",2,IF(G34="Posible",3,IF(G34="Muy Probable",4,IF(G34="Casi seguro",5," "))))) | K34: =IF(J34="Muy Bajo",1,IF(J34="Bajo",2,IF(J34="Medio",3,IF(J34="Alto",4,IF(J34="Muy Alto",5," "))))) | M34: =IFERROR(+H34*K34," ") | R34: =IFERROR(VLOOKUP(N34,'Calificación Controles'!$B$7:$AB$36,27,0)," ") | S34: =IFERROR(VLOOKUP(O34,'Calificación Controles'!$B$7:$AB$36,27,0)," ") | T34: =IFERROR(VLOOKUP(P34,'Calificación Controles'!$B$7:$AB$36,27,0), " ") | U34: =IFERROR(((R34+S34+T34)/3)/100," ") | W34: =IFERROR(IF(Q34="PROBABILIDAD",H34-(H34*U34),H34), " ") | X34: =IFERROR(IF(Q34="PROBABILIDAD E IMPACTO",H34*U34,0), " ") -> 0 | Y34: =IFERROR(+W34-X34, " ") | Z34: =IFERROR(ROUND(IF(Y34<=1,1,IF(Y34>1,Y34," ")),0)," ") | AB34: =IFERROR(IF(Q34="IMPACTO",K34-(K34*U34),K34), " ") | AC34: =IFERROR(IF(Q34="PROBABILIDAD E IMPACTO",K34*U34,0)," ") -> 0 | AE34: =IFERROR(+AB34-AC34," ") | AF34: =IFERROR(ROUND(IF(AE34<=1,1,IF(AE34>1,AE34," ")),0)," ") | AH34: =IFERROR(ROUNDUP(+Y34*AE34,0),0) -> 0
A35: =A34+1 -> 29 | H35: =IF(G35="Raro",1,IF(G35="Poco Probable",2,IF(G35="Posible",3,IF(G35="Muy Probable",4,IF(G35="Casi seguro",5," "))))) | K35: =IF(J35="Muy Bajo",1,IF(J35="Bajo",2,IF(J35="Medio",3,IF(J35="Alto",4,IF(J35="Muy Alto",5," "))))) | M35: =IFERROR(+H35*K35," ") | R35: =IFERROR(VLOOKUP(N35,'Calificación Controles'!$B$7:$AB$36,27,0)," ") | S35: =IFERROR(VLOOKUP(O35,'Calificación Controles'!$B$7:$AB$36,27,0)," ") | T35: =IFERROR(VLOOKUP(P35,'Calificación Controles'!$B$7:$AB$36,27,0), " ") | U35: =IFERROR(((R35+S35+T35)/3)/100," ") | W35: =IFERROR(IF(Q35="PROBABILIDAD",H35-(H35*U35),H35), " ") | X35: =IFERROR(IF(Q35="PROBABILIDAD E IMPACTO",H35*U35,0), " ") -> 0 | Y35: =IFERROR(+W35-X35, " ") | Z35: =IFERROR(ROUND(IF(Y35<=1,1,IF(Y35>1,Y35," ")),0)," ") | AB35: =IFERROR(IF(Q35="IMPACTO",K35-(K35*U35),K35), " ") | AC35: =IFERROR(IF(Q35="PROBABILIDAD E IMPACTO",K35*U35,0)," ") -> 0 | AE35: =IFERROR(+AB35-AC35," ") | AF35: =IF(AE35<=1,1,IF(AE35>1,AE35," ")) | AH35: =IFERROR(ROUNDUP(+Y35*AE35,0),0) -> 0
A36: =A35+1 -> 30 | H36: =IF(G36="Raro",1,IF(G36="Poco Probable",2,IF(G36="Posible",3,IF(G36="Muy Probable",4,IF(G36="Casi seguro",5," "))))) | K36: =IF(J36="Muy Bajo",1,IF(J36="Bajo",2,IF(J36="Medio",3,IF(J36="Alto",4,IF(J36="Muy Alto",5," "))))) | M36: =IFERROR(+H36*K36," ") | R36: =IFERROR(VLOOKUP(N36,'Calificación Controles'!$B$7:$AB$36,27,0)," ") | S36: =IFERROR(VLOOKUP(O36,'Calificación Controles'!$B$7:$AB$36,27,0)," ") | T36: =IFERROR(VLOOKUP(P36,'Calificación Controles'!$B$7:$AB$36,27,0), " ") | U36: =IFERROR(((R36+S36+T36)/3)/100," ") | W36: =IFERROR(IF(Q36="PROBABILIDAD",H36-(H36*U36),H36), " ") | X36: =IFERROR(IF(Q36="PROBABILIDAD E IMPACTO",H36*U36,0), " ") -> 0 | Y36: =IFERROR(+W36-X36, " ") | Z36: =IFERROR(ROUND(IF(Y36<=1,1,IF(Y36>1,Y36," ")),0)," ") | AB36: =IFERROR(IF(Q36="IMPACTO",K36-(K36*U36),K36), " ") | AC36: =IFERROR(IF(Q36="PROBABILIDAD E IMPACTO",K36*U36,0)," ") -> 0 | AE36: =IFERROR(+AB36-AC36," ") | AF36: =IF(AE36<=1,1,IF(AE36>1,AE36," ")) | AH36: =IFERROR(ROUNDUP(+Y36*AE36,0),0) -> 0
A37: =A36+1 -> 31 | H37: =IF(G37="Raro",1,IF(G37="Poco Probable",2,IF(G37="Posible",3,IF(G37="Muy Probable",4,IF(G37="Casi seguro",5," "))))) | K37: =IF(J37="Muy Bajo",1,IF(J37="Bajo",2,IF(J37="Medio",3,IF(J37="Alto",4,IF(J37="Muy Alto",5," "))))) | M37: =IFERROR(+H37*K37," ") | R37: =IFERROR(VLOOKUP(N37,'Calificación Controles'!$B$7:$AB$36,27,0)," ") | S37: =IFERROR(VLOOKUP(O37,'Calificación Controles'!$B$7:$AB$36,27,0)," ") | T37: =IFERROR(VLOOKUP(P37,'Calificación Controles'!$B$7:$AB$36,27,0), " ") | U37: =IFERROR(((R37+S37+T37)/3)/100," ") | W37: =IFERROR(IF(Q37="PROBABILIDAD",H37-(H37*U37),H37), " ") | X37: =IFERROR(IF(Q37="PROBABILIDAD E IMPACTO",H37*U37,0), " ") -> 0 | Y37: =IFERROR(+W37-X37, " ") | Z37: =IFERROR(ROUND(IF(Y37<=1,1,IF(Y37>1,Y37," ")),0)," ") | AB37: =IFERROR(IF(Q37="IMPACTO",K37-(K37*U37),K37), " ") | AC37: =IFERROR(IF(Q37="PROBABILIDAD E IMPACTO",K37*U37,0)," ") -> 0 | AE37: =IFERROR(+AB37-AC37," ") | AF37: =IF(AE37<=1,1,IF(AE37>1,AE37," ")) | AH37: =IFERROR(ROUNDUP(+Y37*AE37,0),0) -> 0
A38: =A37+1 -> 32 | H38: =IF(G38="Raro",1,IF(G38="Poco Probable",2,IF(G38="Posible",3,IF(G38="Muy Probable",4,IF(G38="Casi seguro",5," "))))) | K38: =IF(J38="Muy Bajo",1,IF(J38="Bajo",2,IF(J38="Medio",3,IF(J38="Alto",4,IF(J38="Muy Alto",5," "))))) | M38: =IFERROR(+H38*K38," ") | R38: =IFERROR(VLOOKUP(N38,'Calificación Controles'!$B$7:$AB$36,27,0)," ") | S38: =IFERROR(VLOOKUP(O38,'Calificación Controles'!$B$7:$AB$36,27,0)," ") | T38: =IFERROR(VLOOKUP(P38,'Calificación Controles'!$B$7:$AB$36,27,0), " ") | U38: =IFERROR(((R38+S38+T38)/3)/100," ") | W38: =IFERROR(IF(Q38="PROBABILIDAD",H38-(H38*U38),H38), " ") | X38: =IFERROR(IF(Q38="PROBABILIDAD E IMPACTO",H38*U38,0), " ") -> 0 | Y38: =IFERROR(+W38-X38, " ") | Z38: =IFERROR(ROUND(IF(Y38<=1,1,IF(Y38>1,Y38," ")),0)," ") | AB38: =IFERROR(IF(Q38="IMPACTO",K38-(K38*U38),K38), " ") | AC38: =IFERROR(IF(Q38="PROBABILIDAD E IMPACTO",K38*U38,0)," ") -> 0 | AE38: =IFERROR(+AB38-AC38," ") | AF38: =IF(AE38<=1,1,IF(AE38>1,AE38," ")) | AH38: =IFERROR(ROUNDUP(+Y38*AE38,0),0) -> 0
A39: =A38+1 -> 33 | H39: =IF(G39="Raro",1,IF(G39="Poco Probable",2,IF(G39="Posible",3,IF(G39="Muy Probable",4,IF(G39="Casi seguro",5," "))))) | K39: =IF(J39="Muy Bajo",1,IF(J39="Bajo",2,IF(J39="Medio",3,IF(J39="Alto",4,IF(J39="Muy Alto",5," "))))) | M39: =IFERROR(+H39*K39," ") | R39: =IFERROR(VLOOKUP(N39,'Calificación Controles'!$B$7:$AB$36,27,0)," ") | S39: =IFERROR(VLOOKUP(O39,'Calificación Controles'!$B$7:$AB$36,27,0)," ") | T39: =IFERROR(VLOOKUP(P39,'Calificación Controles'!$B$7:$AB$36,27,0), " ") | U39: =IFERROR(((R39+S39+T39)/3)/100," ") | W39: =IFERROR(IF(Q39="PROBABILIDAD",H39-(H39*U39),H39), " ") | X39: =IFERROR(IF(Q39="PROBABILIDAD E IMPACTO",H39*U39,0), " ") -> 0 | Y39: =IFERROR(+W39-X39, " ") | Z39: =IFERROR(ROUND(IF(Y39<=1,1,IF(Y39>1,Y39," ")),0)," ") | AB39: =IFERROR(IF(Q39="IMPACTO",K39-(K39*U39),K39), " ") | AC39: =IFERROR(IF(Q39="PROBABILIDAD E IMPACTO",K39*U39,0)," ") -> 0 | AE39: =IFERROR(+AB39-AC39," ") | AF39: =IF(AE39<=1,1,IF(AE39>1,AE39," ")) | AH39: =IFERROR(ROUNDUP(+Y39*AE39,0),0) -> 0
A40: =A39+1 -> 34 | H40: =IF(G40="Raro",1,IF(G40="Poco Probable",2,IF(G40="Posible",3,IF(G40="Muy Probable",4,IF(G40="Casi seguro",5," "))))) | K40: =IF(J40="Muy Bajo",1,IF(J40="Bajo",2,IF(J40="Medio",3,IF(J40="Alto",4,IF(J40="Muy Alto",5," "))))) | M40: =IFERROR(+H40*K40," ") | R40: =IFERROR(VLOOKUP(N40,'Calificación Controles'!$B$7:$AB$36,27,0)," ") | S40: =IFERROR(VLOOKUP(O40,'Calificación Controles'!$B$7:$AB$36,27,0)," ") | T40: =IFERROR(VLOOKUP(P40,'Calificación Controles'!$B$7:$AB$36,27,0), " ") | U40: =IFERROR(((R40+S40+T40)/3)/100," ") | W40: =IFERROR(IF(Q40="PROBABILIDAD",H40-(H40*U40),H40), " ") | X40: =IFERROR(IF(Q40="PROBABILIDAD E IMPACTO",H40*U40,0), " ") -> 0 | Y40: =IFERROR(+W40-X40, " ") | Z40: =IFERROR(ROUND(IF(Y40<=1,1,IF(Y40>1,Y40," ")),0)," ") | AB40: =IFERROR(IF(Q40="IMPACTO",K40-(K40*U40),K40), " ") | AC40: =IFERROR(IF(Q40="PROBABILIDAD E IMPACTO",K40*U40,0)," ") -> 0 | AE40: =IFERROR(+AB40-AC40," ") | AF40: =IF(AE40<=1,1,IF(AE40>1,AE40," ")) | AH40: =IFERROR(ROUNDUP(+Y40*AE40,0),0) -> 0
A41: =A40+1 -> 35 | H41: =IF(G41="Raro",1,IF(G41="Poco Probable",2,IF(G41="Posible",3,IF(G41="Muy Probable",4,IF(G41="Casi seguro",5," "))))) | K41: =IF(J41="Muy Bajo",1,IF(J41="Bajo",2,IF(J41="Medio",3,IF(J41="Alto",4,IF(J41="Muy Alto",5," "))))) | M41: =IFERROR(+H41*K41," ") | R41: =IFERROR(VLOOKUP(N41,'Calificación Controles'!$B$7:$AB$36,27,0)," ") | S41: =IFERROR(VLOOKUP(O41,'Calificación Controles'!$B$7:$AB$36,27,0)," ") | T41: =IFERROR(VLOOKUP(P41,'Calificación Controles'!$B$7:$AB$36,27,0), " ") | U41: =IFERROR(((R41+S41+T41)/3)/100," ") | W41: =IFERROR(IF(Q41="PROBABILIDAD",H41-(H41*U41),H41), " ") | X41: =IFERROR(IF(Q41="PROBABILIDAD E IMPACTO",H41*U41,0), " ") -> 0 | Y41: =IFERROR(+W41-X41, " ") | Z41: =IFERROR(ROUND(IF(Y41<=1,1,IF(Y41>1,Y41," ")),0)," ") | AB41: =IFERROR(IF(Q41="IMPACTO",K41-(K41*U41),K41), " ") | AC41: =IFERROR(IF(Q41="PROBABILIDAD E IMPACTO",K41*U41,0)," ") -> 0 | AE41: =IFERROR(+AB41-AC41," ") | AF41: =IF(AE41<=1,1,IF(AE41>1,AE41," ")) | AH41: =IFERROR(ROUNDUP(+Y41*AE41,0),0) -> 0
A42: =A41+1 -> 36 | H42: =IF(G42="Raro",1,IF(G42="Poco Probable",2,IF(G42="Posible",3,IF(G42="Muy Probable",4,IF(G42="Casi seguro",5," "))))) | K42: =IF(J42="Muy Bajo",1,IF(J42="Bajo",2,IF(J42="Medio",3,IF(J42="Alto",4,IF(J42="Muy Alto",5," "))))) | M42: =IFERROR(+H42*K42," ") | R42: =IFERROR(VLOOKUP(N42,'Calificación Controles'!$B$7:$AB$36,27,0)," ") | S42: =IFERROR(VLOOKUP(O42,'Calificación Controles'!$B$7:$AB$36,27,0)," ") | T42: =IFERROR(VLOOKUP(P42,'Calificación Controles'!$B$7:$AB$36,27,0), " ") | U42: =IFERROR(((R42+S42+T42)/3)/100," ") | W42: =IFERROR(IF(Q42="PROBABILIDAD",H42-(H42*U42),H42), " ") | X42: =IFERROR(IF(Q42="PROBABILIDAD E IMPACTO",H42*U42,0), " ") -> 0 | Y42: =IFERROR(+W42-X42, " ") | Z42: =IFERROR(ROUND(IF(Y42<=1,1,IF(Y42>1,Y42," ")),0)," ") | AB42: =IFERROR(IF(Q42="IMPACTO",K42-(K42*U42),K42), " ") | AC42: =IFERROR(IF(Q42="PROBABILIDAD E IMPACTO",K42*U42,0)," ") -> 0 | AE42: =IFERROR(+AB42-AC42," ") | AF42: =IF(AE42<=1,1,IF(AE42>1,AE42," ")) | AH42: =IFERROR(ROUNDUP(+Y42*AE42,0),0) -> 0
A43: =A42+1 -> 37 | H43: =IF(G43="Raro",1,IF(G43="Poco Probable",2,IF(G43="Posible",3,IF(G43="Muy Probable",4,IF(G43="Casi seguro",5," "))))) | K43: =IF(J43="Muy Bajo",1,IF(J43="Bajo",2,IF(J43="Medio",3,IF(J43="Alto",4,IF(J43="Muy Alto",5," "))))) | M43: =IFERROR(+H43*K43," ") | R43: =IFERROR(VLOOKUP(N43,'Calificación Controles'!$B$7:$AB$36,27,0)," ") | S43: =IFERROR(VLOOKUP(O43,'Calificación Controles'!$B$7:$AB$36,27,0)," ") | T43: =IFERROR(VLOOKUP(P43,'Calificación Controles'!$B$7:$AB$36,27,0), " ") | U43: =IFERROR(((R43+S43+T43)/3)/100," ") | W43: =IFERROR(IF(Q43="PROBABILIDAD",H43-(H43*U43),H43), " ") | X43: =IFERROR(IF(Q43="PROBABILIDAD E IMPACTO",H43*U43,0), " ") -> 0 | Y43: =IFERROR(+W43-X43, " ") | AB43: =IFERROR(IF(Q43="IMPACTO",K43-(K43*U43),K43), " ") | AC43: =IFERROR(IF(Q43="PROBABILIDAD E IMPACTO",K43*U43,0)," ") -> 0 | AE43: =IFERROR(+AB43-AC43," ") | AF43: =IF(AE43<=1,1,IF(AE43>1,AE43," ")) | AH43: =IFERROR(ROUNDUP(+Y43*AE43,0),0) -> 0
A44: =A43+1 -> 38 | H44: =IF(G44="Raro",1,IF(G44="Poco Probable",2,IF(G44="Posible",3,IF(G44="Muy Probable",4,IF(G44="Casi seguro",5," "))))) | K44: =IF(J44="Muy Bajo",1,IF(J44="Bajo",2,IF(J44="Medio",3,IF(J44="Alto",4,IF(J44="Muy Alto",5," "))))) | M44: =IFERROR(+H44*K44," ") | R44: =IFERROR(VLOOKUP(N44,'Calificación Controles'!$B$7:$AB$36,27,0)," ") | S44: =IFERROR(VLOOKUP(O44,'Calificación Controles'!$B$7:$AB$36,27,0)," ") | T44: =IFERROR(VLOOKUP(P44,'Calificación Controles'!$B$7:$AB$36,27,0), " ") | U44: =IFERROR(((R44+S44+T44)/3)/100," ") | W44: =IFERROR(IF(Q44="PROBABILIDAD",H44-(H44*U44),H44), " ") | X44: =IFERROR(IF(Q44="PROBABILIDAD E IMPACTO",H44*U44,0), " ") -> 0 | Y44: =IFERROR(+W44-X44, " ") | AB44: =IFERROR(IF(Q44="IMPACTO",K44-(K44*U44),K44), " ") | AC44: =IFERROR(IF(Q44="PROBABILIDAD E IMPACTO",K44*U44,0)," ") -> 0 | AE44: =IFERROR(+AB44-AC44," ") | AF44: =IF(AE44<=1,1,IF(AE44>1,AE44," ")) | AH44: =IFERROR(ROUNDUP(+Y44*AE44,0),0) -> 0
A45: =A44+1 -> 39 | H45: =IF(G45="Raro",1,IF(G45="Poco Probable",2,IF(G45="Posible",3,IF(G45="Muy Probable",4,IF(G45="Casi seguro",5," "))))) | K45: =IF(J45="Muy Bajo",1,IF(J45="Bajo",2,IF(J45="Medio",3,IF(J45="Alto",4,IF(J45="Muy Alto",5," "))))) | M45: =IFERROR(+H45*K45," ") | R45: =IFERROR(VLOOKUP(N45,'Calificación Controles'!$B$7:$AB$36,27,0)," ") | S45: =IFERROR(VLOOKUP(O45,'Calificación Controles'!$B$7:$AB$36,27,0)," ") | T45: =IFERROR(VLOOKUP(P45,'Calificación Controles'!$B$7:$AB$36,27,0), " ") | U45: =IFERROR(((R45+S45+T45)/3)/100," ") | W45: =IFERROR(IF(Q45="PROBABILIDAD",H45-(H45*U45),H45), " ") | X45: =IFERROR(IF(Q45="PROBABILIDAD E IMPACTO",H45*U45,0), " ") -> 0 | Y45: =IFERROR(+W45-X45, " ") | AB45: =IFERROR(IF(Q45="IMPACTO",K45-(K45*U45),K45), " ") | AC45: =IFERROR(IF(Q45="PROBABILIDAD E IMPACTO",K45*U45,0)," ") -> 0 | AE45: =IFERROR(+AB45-AC45," ") | AH45: =IFERROR(ROUNDUP(+Y45*AE45,0),0) -> 0
A46: =A45+1 -> 40 | H46: =IF(G46="Raro",1,IF(G46="Poco Probable",2,IF(G46="Posible",3,IF(G46="Muy Probable",4,IF(G46="Casi seguro",5," "))))) | K46: =IF(J46="Muy Bajo",1,IF(J46="Bajo",2,IF(J46="Medio",3,IF(J46="Alto",4,IF(J46="Muy Alto",5," "))))) | M46: =IFERROR(+H46*K46," ") | R46: =IFERROR(VLOOKUP(N46,'Calificación Controles'!$B$7:$AB$36,27,0)," ") | S46: =IFERROR(VLOOKUP(O46,'Calificación Controles'!$B$7:$AB$36,27,0)," ") | T46: =IFERROR(VLOOKUP(P46,'Calificación Controles'!$B$7:$AB$36,27,0), " ") | U46: =IFERROR(((R46+S46+T46)/3)/100," ") | W46: =IFERROR(IF(Q46="PROBABILIDAD",H46-(H46*U46),H46), " ") | X46: =IFERROR(IF(Q46="PROBABILIDAD E IMPACTO",H46*U46,0), " ") -> 0 | Y46: =IFERROR(+W46-X46, " ") | AB46: =IFERROR(IF(Q46="IMPACTO",K46-(K46*U46),K46), " ") | AC46: =IFERROR(IF(Q46="PROBABILIDAD E IMPACTO",K46*U46,0)," ") -> 0 | AE46: =IFERROR(+AB46-AC46," ") | AH46: =IFERROR(ROUNDUP(+Y46*AE46,0),0) -> 0
A47: =A46+1 -> 41 | H47: =IF(G47="Raro",1,IF(G47="Poco Probable",2,IF(G47="Posible",3,IF(G47="Muy Probable",4,IF(G47="Casi seguro",5," "))))) | K47: =IF(J47="Muy Bajo",1,IF(J47="Bajo",2,IF(J47="Medio",3,IF(J47="Alto",4,IF(J47="Muy Alto",5," "))))) | M47: =IFERROR(+H47*K47," ") | R47: =IFERROR(VLOOKUP(N47,'Calificación Controles'!$B$7:$AB$36,27,0)," ") | S47: =IFERROR(VLOOKUP(O47,'Calificación Controles'!$B$7:$AB$36,27,0)," ") | T47: =IFERROR(VLOOKUP(P47,'Calificación Controles'!$B$7:$AB$36,27,0), " ") | U47: =IFERROR(((R47+S47+T47)/3)/100," ") | W47: =IFERROR(IF(Q47="PROBABILIDAD",H47-(H47*U47),H47), " ") | X47: =IFERROR(IF(Q47="PROBABILIDAD E IMPACTO",H47*U47,0), " ") -> 0 | Y47: =IFERROR(+W47-X47, " ") | AB47: =IFERROR(IF(Q47="IMPACTO",K47-(K47*U47),K47), " ") | AC47: =IFERROR(IF(Q47="PROBABILIDAD E IMPACTO",K47*U47,0)," ") -> 0 | AE47: =IFERROR(+AB47-AC47," ") | AH47: =IFERROR(ROUNDUP(+Y47*AE47,0),0) -> 0
A48: =A47+1 -> 42 | H48: =IF(G48="Raro",1,IF(G48="Poco Probable",2,IF(G48="Posible",3,IF(G48="Muy Probable",4,IF(G48="Casi seguro",5," "))))) | K48: =IF(J48="Muy Bajo",1,IF(J48="Bajo",2,IF(J48="Medio",3,IF(J48="Alto",4,IF(J48="Muy Alto",5," "))))) | M48: =IFERROR(+H48*K48," ") | R48: =IFERROR(VLOOKUP(N48,'Calificación Controles'!$B$7:$AB$36,27,0)," ") | S48: =IFERROR(VLOOKUP(O48,'Calificación Controles'!$B$7:$AB$36,27,0)," ") | T48: =IFERROR(VLOOKUP(P48,'Calificación Controles'!$B$7:$AB$36,27,0), " ") | U48: =IFERROR(((R48+S48+T48)/3)/100," ") | W48: =IFERROR(IF(Q48="PROBABILIDAD",H48-(H48*U48),H48), " ") | X48: =IFERROR(IF(Q48="PROBABILIDAD E IMPACTO",H48*U48,0), " ") -> 0 | Y48: =IFERROR(+W48-X48, " ") | AB48: =IFERROR(IF(Q48="IMPACTO",K48-(K48*U48),K48), " ") | AC48: =IFERROR(IF(Q48="PROBABILIDAD E IMPACTO",K48*U48,0)," ") -> 0 | AE48: =IFERROR(+AB48-AC48," ") | AH48: =IFERROR(ROUNDUP(+Y48*AE48,0),0) -> 0
A49: =A48+1 -> 43 | H49: =IF(G49="Raro",1,IF(G49="Poco Probable",2,IF(G49="Posible",3,IF(G49="Muy Probable",4,IF(G49="Casi seguro",5," "))))) | K49: =IF(J49="Muy Bajo",1,IF(J49="Bajo",2,IF(J49="Medio",3,IF(J49="Alto",4,IF(J49="Muy Alto",5," "))))) | M49: =IFERROR(+H49*K49," ") | R49: =IFERROR(VLOOKUP(N49,'Calificación Controles'!$B$7:$AB$36,27,0)," ") | S49: =IFERROR(VLOOKUP(O49,'Calificación Controles'!$B$7:$AB$36,27,0)," ") | T49: =IFERROR(VLOOKUP(P49,'Calificación Controles'!$B$7:$AB$36,27,0), " ") | U49: =IFERROR(((R49+S49+T49)/3)/100," ") | W49: =IFERROR(IF(Q49="PROBABILIDAD",H49-(H49*U49),H49), " ") | X49: =IFERROR(IF(Q49="PROBABILIDAD E IMPACTO",H49*U49,0), " ") -> 0 | Y49: =IFERROR(+W49-X49, " ") | AB49: =IFERROR(IF(Q49="IMPACTO",K49-(K49*U49),K49), " ") | AC49: =IFERROR(IF(Q49="PROBABILIDAD E IMPACTO",K49*U49,0)," ") -> 0 | AE49: =IFERROR(+AB49-AC49," ") | AH49: =IFERROR(ROUNDUP(+Y49*AE49,0),0) -> 0
A50: =A49+1 -> 44 | H50: =IF(G50="Raro",1,IF(G50="Poco Probable",2,IF(G50="Posible",3,IF(G50="Muy Probable",4,IF(G50="Casi seguro",5," "))))) | K50: =IF(J50="Muy Bajo",1,IF(J50="Bajo",2,IF(J50="Medio",3,IF(J50="Alto",4,IF(J50="Muy Alto",5," "))))) | M50: =IFERROR(+H50*K50," ") | R50: =IFERROR(VLOOKUP(N50,'Calificación Controles'!$B$7:$AB$36,27,0)," ") | S50: =IFERROR(VLOOKUP(O50,'Calificación Controles'!$B$7:$AB$36,27,0)," ") | T50: =IFERROR(VLOOKUP(P50,'Calificación Controles'!$B$7:$AB$36,27,0), " ") | U50: =IFERROR(((R50+S50+T50)/3)/100," ") | W50: =IFERROR(IF(Q50="PROBABILIDAD",H50-(H50*U50),H50), " ") | X50: =IFERROR(IF(Q50="PROBABILIDAD E IMPACTO",H50*U50,0), " ") -> 0 | Y50: =IFERROR(+W50-X50, " ") | AB50: =IFERROR(IF(Q50="IMPACTO",K50-(K50*U50),K50), " ") | AC50: =IFERROR(IF(Q50="PROBABILIDAD E IMPACTO",K50*U50,0)," ") -> 0 | AE50: =IFERROR(+AB50-AC50," ") | AH50: =IFERROR(ROUNDUP(+Y50*AE50,0),0) -> 0
A51: =A50+1 -> 45 | H51: =IF(G51="Raro",1,IF(G51="Poco Probable",2,IF(G51="Posible",3,IF(G51="Muy Probable",4,IF(G51="Casi seguro",5," "))))) | K51: =IF(J51="Muy Bajo",1,IF(J51="Bajo",2,IF(J51="Medio",3,IF(J51="Alto",4,IF(J51="Muy Alto",5," "))))) | M51: =IFERROR(+H51*K51," ") | R51: =IFERROR(VLOOKUP(N51,'Calificación Controles'!$B$7:$AB$36,27,0)," ") | S51: =IFERROR(VLOOKUP(O51,'Calificación Controles'!$B$7:$AB$36,27,0)," ") | T51: =IFERROR(VLOOKUP(P51,'Calificación Controles'!$B$7:$AB$36,27,0), " ") | U51: =IFERROR(((R51+S51+T51)/3)/100," ") | W51: =IFERROR(IF(Q51="PROBABILIDAD",H51-(H51*U51),H51), " ") | X51: =IFERROR(IF(Q51="PROBABILIDAD E IMPACTO",H51*U51,0), " ") -> 0 | Y51: =IFERROR(+W51-X51, " ") | AB51: =IFERROR(IF(Q51="IMPACTO",K51-(K51*U51),K51), " ") | AC51: =IFERROR(IF(Q51="PROBABILIDAD E IMPACTO",K51*U51,0)," ") -> 0 | AE51: =IFERROR(+AB51-AC51," ") | AH51: =IFERROR(ROUNDUP(+Y51*AE51,0),0) -> 0
A52: =A51+1 -> 46 | H52: =IF(G52="Raro",1,IF(G52="Poco Probable",2,IF(G52="Posible",3,IF(G52="Muy Probable",4,IF(G52="Casi seguro",5," "))))) | K52: =IF(J52="Muy Bajo",1,IF(J52="Bajo",2,IF(J52="Medio",3,IF(J52="Alto",4,IF(J52="Muy Alto",5," "))))) | M52: =IFERROR(+H52*K52," ") | R52: =IFERROR(VLOOKUP(N52,'Calificación Controles'!$B$7:$AB$36,27,0)," ") | S52: =IFERROR(VLOOKUP(O52,'Calificación Controles'!$B$7:$AB$36,27,0)," ") | T52: =IFERROR(VLOOKUP(P52,'Calificación Controles'!$B$7:$AB$36,27,0), " ") | U52: =IFERROR(((R52+S52+T52)/3)/100," ") | W52: =IFERROR(IF(Q52="PROBABILIDAD",H52-(H52*U52),H52), " ") | X52: =IFERROR(IF(Q52="PROBABILIDAD E IMPACTO",H52*U52,0), " ") -> 0 | Y52: =IFERROR(+W52-X52, " ") | AB52: =IFERROR(IF(Q52="IMPACTO",K52-(K52*U52),K52), " ") | AC52: =IFERROR(IF(Q52="PROBABILIDAD E IMPACTO",K52*U52,0)," ") -> 0 | AE52: =IFERROR(+AB52-AC52," ") | AH52: =IFERROR(ROUNDUP(+Y52*AE52,0),0) -> 0

Sheet Calificación Controles
A1: #VALUE! | D1: GESTIÓN GERENCIAL | R1: Código: GE- FOR-07
D2: MATRIZ DE GESTION DE RIESGOS TRANSPARENCIA Y ETICA EMPRESARIAL | R2: Versión: 03
R3: Fecha: 30/08/2025 | AI3: =SUMIF(AH4:AH49,">0") -> 0 | AJ3: =COUNTIF(AH4:AH49,">0") -> 0
B4: Solo asigne una calificación a cada factor por control
A5: CONTROL | E5: POR TIPO | I5: POR NATURALEZA | M5: EVIDENCIA | P5: DOCUMENTACION | S5: PERIODICIDAD | X5: IMPLEMENTACION | AB5: TOTALES
A6: # | C6: Descripcion | E6: PREVENTIVO | F6: DETECTIVO | G6: CORRECTIVO | H6: PESO | I6: AUTOMATICO | J6: MIXTO | K6: MANUAL | L6: PESO | M6: FORMAL | N6: INFORMAL | O6: PESO | P6: DOCUMENTADO | Q6: NO DOCUMENTADO | R6: PESO | S6: DIARIO | T6: MENSUAL | U6: ANUAL | V6: ESPORADICO | W6: PESO | X6: IMPLEMENTADO | Y6: EN DESARROLLO | Z6: NO EXISTE | AA6: PESO | AB6: PESO % | AC6: PESO % | AD6: CALIFICACION
A7: 1 | B7: Programa de Transparencia & Etica Empresarial | C7: Se tiene establecido un sistema de Ética Empresarial el cual incluye los lineamientos generales, las políticas y procedimientos para la administración del riesgo de corrupción, soborno trasnacional y faltas a la Ética. | D7: =+A7 -> 1 | E7: x | H7: =IF(E7="X",15,IF(F7="X",7.5,IF(G7="X",1.5,0))) -> 15 | J7: x | L7: =IF(I7="X",15,IF(J7="X",7.5,IF(K7="X",1.5,0))) -> 7.5 | M7: X | O7: =IF(M7="X",15,IF(N7="X",7.5,0)) -> 15 | P7: x | R7: =IF(P7="X",15,IF(Q7="X",1.5,0)) -> 15 | T7: X | W7: =IF(S7="X",15,IF(T7="X",10,IF(U7="X",7.5,IF(V7="X",1.5,0)))) -> 10 | Y7: X | AA7: =IF(X7="X",15,IF(Y7="X",7.5,IF(Z7="X",1.5,0))) -> 7.5 | AB7: =+H7+L7+O7+R7+W7+AA7 -> 70 | AC7: =ROUND(AB7,0) -> 70 | AD7: =IF(AC7>80,"FUERTE",IF(AC7>60,"MODERADO",IF(AC7>50,"ACEPTABLE",IF(AC7>30,"DEBIL",IF(AC7<29,"INEXISTENTE",0))))) -> MODERADO
A8: 2 | B8: Politica Cero Tolerancia | C8: Política de Cero Tolerancia frente al fraude, la corrupción y soborno | D8: =+A8 -> 2 | E8: X | H8: =IF(E8="X",15,IF(F8="X",7.5,IF(G8="X",1.5,0))) -> 15 | K8: X | L8: =IF(I8="X",15,IF(J8="X",7.5,IF(K8="X",1.5,0))) -> 1.5 | M8: X | O8: =IF(M8="X",15,IF(N8="X",7.5,0)) -> 15 | P8: X | R8: =IF(P8="X",15,IF(Q8="X",1.5,0)) -> 15 | T8: X | W8: =IF(S8="X",15,IF(T8="X",10,IF(U8="X",7.5,IF(V8="X",1.5,0)))) -> 10 | X8: X | AA8: =IF(X8="X",15,IF(Y8="X",7.5,IF(Z8="X",1.5,0))) -> 15 | AB8: =+H8+L8+O8+R8+W8+AA8 -> 71.5 | AC8: =ROUND(AB8,0) -> 72 | AD8: =IF(AC8>80,"FUERTE",IF(AC8>60,"MODERADO",IF(AC8>50,"ACEPTABLE",IF(AC8>30,"DEBIL",IF(AC8<29,"INEXISTENTE",0))))) -> MODERADO
A9: 3 | B9: Lineas de denuncia | C9: Línea Ética y otros medios establecidos para reportar incidencias y faltas al sistema de ética empresarial | D9: =+A9 -> 3 | G9: X | H9: =IF(E9="X",15,IF(F9="X",7.5,IF(G9="X",1.5,0))) -> 1.5 | K9: X | L9: =IF(I9="X",15,IF(J9="X",7.5,IF(K9="X",1.5,0))) -> 1.5 | M9: X | O9: =IF(M9="X",15,IF(N9="X",7.5,0)) -> 15 | P9: X | R9: =IF(P9="X",15,IF(Q9="X",1.5,0)) -> 15 | V9: X | W9: =IF(S9="X",15,IF(T9="X",10,IF(U9="X",7.5,IF(V9="X",1.5,0)))) -> 1.5 | X9: X | AA9: =IF(X9="X",15,IF(Y9="X",7.5,IF(Z9="X",1.5,0))) -> 15 | AB9: =+H9+L9+O9+R9+W9+AA9 -> 49.5 | AC9: =ROUND(AB9,0) -> 50 | AD9: =IF(AC9>80,"FUERTE",IF(AC9>60,"MODERADO",IF(AC9>50,"ACEPTABLE",IF(AC9>30,"DEBIL",IF(AC9<29,"INEXISTENTE",0))))) -> DEBIL
A10: 4 | B10: Organismos de Control | C10: La Revisoría Fiscal realizan procedimientos de validación de las diferentes instancias, generando reportes de hallazgos y planes de mejora | D10: =+A10 -> 4 | F10: X | H10: =IF(E10="X",15,IF(F10="X",7.5,IF(G10="X",1.5,0))) -> 7.5 | J10: X | L10: =IF(I10="X",15,IF(J10="X",7.5,IF(K10="X",1.5,0))) -> 7.5 | M10: X | O10: =IF(M10="X",15,IF(N10="X",7.5,0)) -> 15 | P10: X | R10: =IF(P10="X",15,IF(Q10="X",1.5,0)) -> 15 | T10: X | W10: =IF(S10="X",15,IF(T10="X",10,IF(U10="X",7.5,IF(V10="X",1.5,0)))) -> 10 | X10: X | AA10: =IF(X10="X",15,IF(Y10="X",7.5,IF(Z10="X",1.5,0))) -> 15 | AB10: =+H10+L10+O10+R10+W10+AA10 -> 70 | AC10: =ROUND(AB10,0) -> 70 | AD10: =IF(AC10>80,"FUERTE",IF(AC10>60,"MODERADO",IF(AC10>50,"ACEPTABLE",IF(AC10>30,"DEBIL",IF(AC10<29,"INEXISTENTE",0))))) -> MODERADO
A11: 5 | B11: Rotación de Personal | C11: Baja rotación de personal clave de la compañía. | D11: =+A11 -> 5 | G11: X | H11: =IF(E11="X",15,IF(F11="X",7.5,IF(G11="X",1.5,0))) -> 1.5 | K11: X | L11: =IF(I11="X",15,IF(J11="X",7.5,IF(K11="X",1.5,0))) -> 1.5 | N11: X | O11: =IF(M11="X",15,IF(N11="X",7.5,0)) -> 7.5 | Q11: X | R11: =IF(P11="X",15,IF(Q11="X",1.5,0)) -> 1.5 | V11: X | W11: =IF(S11="X",15,IF(T11="X",10,IF(U11="X",7.5,IF(V11="X",1.5,0)))) -> 1.5 | Y11: X | AA11: =IF(X11="X",15,IF(Y11="X",7.5,IF(Z11="X",1.5,0))) -> 7.5 | AB11: =+H11+L11+O11+R11+W11+AA11 -> 21 | AC11: =ROUND(AB11,0) -> 21 | AD11: =IF(AC11>80,"FUERTE",IF(AC11>60,"MODERADO",IF(AC11>50,"ACEPTABLE",IF(AC11>30,"DEBIL",IF(AC11<29,"INEXISTENTE",0))))) -> INEXISTENTE
A12: 6 | B12: Procedimientos de contratación | C12: Definición de parámetros para la contratación con terceros, los cuales se cumplen de acuerdo con lo establecido. Las políticas de contratación definen niveles de aprobación y supervisión. | D12: =+A12 -> 6 | E12: X | H12: =IF(E12="X",15,IF(F12="X",7.5,IF(G12="X",1.5,0))) -> 15 | K12: X | L12: =IF(I12="X",15,IF(J12="X",7.5,IF(K12="X",1.5,0))) -> 1.5 | M12: X | O12: =IF(M12="X",15,IF(N12="X",7.5,0)) -> 15 | P12: X | R12: =IF(P12="X",15,IF(Q12="X",1.5,0)) -> 15 | S12: X | W12: =IF(S12="X",15,IF(T12="X",10,IF(U12="X",7.5,IF(V12="X",1.5,0)))) -> 15 | Y12: X | AA12: =IF(X12="X",15,IF(Y12="X",7.5,IF(Z12="X",1.5,0))) -> 7.5 | AB12: =+H12+L12+O12+R12+W12+AA12 -> 69 | AC12: =ROUND(AB12,0) -> 69 | AD12: =IF(AC12>80,"FUERTE",IF(AC12>60,"MODERADO",IF(AC12>50,"ACEPTABLE",IF(AC12>30,"DEBIL",IF(AC12<29,"INEXISTENTE",0))))) -> MODERADO
A13: 7 | B13: Normas y polìticas | C13: Normatividad interna Corporativa (Políticas, lineamientos, reglas de negocio, procedimientos) | D13: =+A13 -> 7 | E13: X | H13: =IF(E13="X",15,IF(F13="X",7.5,IF(G13="X",1.5,0))) -> 15 | K13: X | L13: =IF(I13="X",15,IF(J13="X",7.5,IF(K13="X",1.5,0))) -> 1.5 | M13: X | O13: =IF(M13="X",15,IF(N13="X",7.5,0)) -> 15 | P13: X | R13: =IF(P13="X",15,IF(Q13="X",1.5,0)) -> 15 | T13: X | W13: =IF(S13="X",15,IF(T13="X",10,IF(U13="X",7.5,IF(V13="X",1.5,0)))) -> 10 | Y13: X | AA13: =IF(X13="X",15,IF(Y13="X",7.5,IF(Z13="X",1.5,0))) -> 7.5 | AB13: =+H13+L13+O13+R13+W13+AA13 -> 64 | AC13: =ROUND(AB13,0) -> 64 | AD13: =IF(AC13>80,"FUERTE",IF(AC13>60,"MODERADO",IF(AC13>50,"ACEPTABLE",IF(AC13>30,"DEBIL",IF(AC13<29,"INEXISTENTE",0))))) -> MODERADO
A14: 8 | B14: Capacitación | C14: Existen programas de capacitación al personal en diferentes aspectos normativos y procedimentales | D14: =+A14 -> 8 | E14: X | H14: =IF(E14="X",15,IF(F14="X",7.5,IF(G14="X",1.5,0))) -> 15 | K14: X | L14: =IF(I14="X",15,IF(J14="X",7.5,IF(K14="X",1.5,0))) -> 1.5 | M14: X | O14: =IF(M14="X",15,IF(N14="X",7.5,0)) -> 15 | P14: X | R14: =IF(P14="X",15,IF(Q14="X",1.5,0)) -> 15 | T14: X | W14: =IF(S14="X",15,IF(T14="X",10,IF(U14="X",7.5,IF(V14="X",1.5,0)))) -> 10 | X14: X | AA14: =IF(X14="X",15,IF(Y14="X",7.5,IF(Z14="X",1.5,0))) -> 15 | AB14: =+H14+L14+O14+R14+W14+AA14 -> 71.5 | AC14: =ROUND(AB14,0) -> 72 | AD14: =IF(AC14>80,"FUERTE",IF(AC14>60,"MODERADO",IF(AC14>50,"ACEPTABLE",IF(AC14>30,"DEBIL",IF(AC14<29,"INEXISTENTE",0))))) -> MODERADO
A15: 9 | B15: Regimen sancionatorio | C15: Investigación y procesos disciplinarios | D15: =+A15 -> 9 | G15: X | H15: =IF(E15="X",15,IF(F15="X",7.5,IF(G15="X",1.5,0))) -> 1.5 | K15: X | L15: =IF(I15="X",15,IF(J15="X",7.5,IF(K15="X",1.5,0))) -> 1.5 | M15: X | O15: =IF(M15="X",15,IF(N15="X",7.5,0)) -> 15 | P15: X | R15: =IF(P15="X",15,IF(Q15="X",1.5,0)) -> 15 | V15: X | W15: =IF(S15="X",15,IF(T15="X",10,IF(U15="X",7.5,IF(V15="X",1.5,0)))) -> 1.5 | X15: X | AA15: =IF(X15="X",15,IF(Y15="X",7.5,IF(Z15="X",1.5,0))) -> 15 | AB15: =+H15+L15+O15+R15+W15+AA15 -> 49.5 | AC15: =ROUND(AB15,0) -> 50 | AD15: =IF(AC15>80,"FUERTE",IF(AC15>60,"MODERADO",IF(AC15>50,"ACEPTABLE",IF(AC15>30,"DEBIL",IF(AC15<29,"INEXISTENTE",0))))) -> DEBIL
A16: 10 | B16: Còdigo de Conducta Terceros | C16: Se establece el Código de conducta para proveedores y contratistas que es entregado con el compromiso de conocimiento. | D16: =+A16 -> 10 | E16: X | H16: =IF(E16="X",15,IF(F16="X",7.5,IF(G16="X",1.5,0))) -> 15 | K16: X | L16: =IF(I16="X",15,IF(J16="X",7.5,IF(K16="X",1.5,0))) -> 1.5 | M16: X | O16: =IF(M16="X",15,IF(N16="X",7.5,0)) -> 15 | P16: X | R16: =IF(P16="X",15,IF(Q16="X",1.5,0)) -> 15 | T16: X | W16: =IF(S16="X",15,IF(T16="X",10,IF(U16="X",7.5,IF(V16="X",1.5,0)))) -> 10 | Y16: X | AA16: =IF(X16="X",15,IF(Y16="X",7.5,IF(Z16="X",1.5,0))) -> 7.5 | AB16: =+H16+L16+O16+R16+W16+AA16 -> 64 | AC16: =ROUND(AB16,0) -> 64 | AD16: =IF(AC16>80,"FUERTE",IF(AC16>60,"MODERADO",IF(AC16>50,"ACEPTABLE",IF(AC16>30,"DEBIL",IF(AC16<29,"INEXISTENTE",0))))) -> MODERADO
A17: 11 | B17: Indicadores de cumplimiento | C17: Se tienen establecidos indicadores para evaluar la calidad de los proveedores. | D17: =+A17 -> 11 | F17: X | H17: =IF(E17="X",15,IF(F17="X",7.5,IF(G17="X",1.5,0))) -> 7.5 | K17: X | L17: =IF(I17="X",15,IF(J17="X",7.5,IF(K17="X",1.5,0))) -> 1.5 | M17: X | O17: =IF(M17="X",15,IF(N17="X",7.5,0)) -> 15 | P17: X | R17: =IF(P17="X",15,IF(Q17="X",1.5,0)) -> 15 | T17: X | W17: =IF(S17="X",15,IF(T17="X",10,IF(U17="X",7.5,IF(V17="X",1.5,0)))) -> 10 | Y17: X | AA17: =IF(X17="X",15,IF(Y17="X",7.5,IF(Z17="X",1.5,0))) -> 7.5 | AB17: =+H17+L17+O17+R17+W17+AA17 -> 56.5 | AC17: =ROUND(AB17,0) -> 57 | AD17: =IF(AC17>80,"FUERTE",IF(AC17>60,"MODERADO",IF(AC17>50,"ACEPTABLE",IF(AC17>30,"DEBIL",IF(AC17<29,"INEXISTENTE",0))))) -> ACEPTABLE
A18: 12 | B18: Debida Diligencia | C18: Se tienen establecidos procedimientos de Debida Diligencia para los proveedores. (En proceso de implementación) | D18: =+A18 -> 12 | E18: X | H18: =IF(E18="X",15,IF(F18="X",7.5,IF(G18="X",1.5,0))) -> 15 | K18: X | L18: =IF(I18="X",15,IF(J18="X",7.5,IF(K18="X",1.5,0))) -> 1.5 | M18: X | O18: =IF(M18="X",15,IF(N18="X",7.5,0)) -> 15 | P18: X | R18: =IF(P18="X",15,IF(Q18="X",1.5,0)) -> 15 | T18: X | W18: =IF(S18="X",15,IF(T18="X",10,IF(U18="X",7.5,IF(V18="X",1.5,0)))) -> 10 | Y18: X | AA18: =IF(X18="X",15,IF(Y18="X",7.5,IF(Z18="X",1.5,0))) -> 7.5 | AB18: =+H18+L18+O18+R18+W18+AA18 -> 64 | AC18: =ROUND(AB18,0) -> 64 | AD18: =IF(AC18>80,"FUERTE",IF(AC18>60,"MODERADO",IF(AC18>50,"ACEPTABLE",IF(AC18>30,"DEBIL",IF(AC18<29,"INEXISTENTE",0))))) -> MODERADO
A19: 13 | B19: Confirmación de datos | C19: La compañía realiza procedimientos de Confirmación de referencias en la vinculación de clientes y proveedores. | D19: =+A19 -> 13 | E19: X | H19: =IF(E19="X",15,IF(F19="X",7.5,IF(G19="X",1.5,0))) -> 15 | J19: X | L19: =IF(I19="X",15,IF(J19="X",7.5,IF(K19="X",1.5,0))) -> 7.5 | M19: X | O19: =IF(M19="X",15,IF(N19="X",7.5,0)) -> 15 | P19: X | R19: =IF(P19="X",15,IF(Q19="X",1.5,0)) -> 15 | S19: X | W19: =IF(S19="X",15,IF(T19="X",10,IF(U19="X",7.5,IF(V19="X",1.5,0)))) -> 15 | X19: X | AA19: =IF(X19="X",15,IF(Y19="X",7.5,IF(Z19="X",1.5,0))) -> 15 | AB19: =+H19+L19+O19+R19+W19+AA19 -> 82.5 | AC19: =ROUND(AB19,0) -> 83 | AD19: =IF(AC19>80,"FUERTE",IF(AC19>60,"MODERADO",IF(AC19>50,"ACEPTABLE",IF(AC19>30,"DEBIL",IF(AC19<29,"INEXISTENTE",0))))) -> FUERTE
A20: 14 | B20: Validación en listas | C20: Se establecen procedimientos de validación en listas restrictivas con proveedores de servicios especializados. | D20: =+A20 -> 14 | E20: X | H20: =IF(E20="X",15,IF(F20="X",7.5,IF(G20="X",1.5,0))) -> 15 | J20: X | L20: =IF(I20="X",15,IF(J20="X",7.5,IF(K20="X",1.5,0))) -> 7.5 | M20: X | O20: =IF(M20="X",15,IF(N20="X",7.5,0)) -> 15 | P20: X | R20: =IF(P20="X",15,IF(Q20="X",1.5,0)) -> 15 | S20: X | W20: =IF(S20="X",15,IF(T20="X",10,IF(U20="X",7.5,IF(V20="X",1.5,0)))) -> 15 | Y20: X | AA20: =IF(X20="X",15,IF(Y20="X",7.5,IF(Z20="X",1.5,0))) -> 7.5 | AB20: =+H20+L20+O20+R20+W20+AA20 -> 75 | AC20: =ROUND(AB20,0) -> 75 | AD20: =IF(AC20>80,"FUERTE",IF(AC20>60,"MODERADO",IF(AC20>50,"ACEPTABLE",IF(AC20>30,"DEBIL",IF(AC20<29,"INEXISTENTE",0))))) -> MODERADO
A21: 15 | B21: Segregación de funciones | C21: Segregación de funciones en diversos niveles de aprobación (autorización de operaciones y aplicación de políticas y procedimientos) | D21: =+A21 -> 15 | F21: X | H21: =IF(E21="X",15,IF(F21="X",7.5,IF(G21="X",1.5,0))) -> 7.5 | K21: X | L21: =IF(I21="X",15,IF(J21="X",7.5,IF(K21="X",1.5,0))) -> 1.5 | M21: X | O21: =IF(M21="X",15,IF(N21="X",7.5,0)) -> 15 | P21: X | R21: =IF(P21="X",15,IF(Q21="X",1.5,0)) -> 15 | T21: X | W21: =IF(S21="X",15,IF(T21="X",10,IF(U21="X",7.5,IF(V21="X",1.5,0)))) -> 10 | X21: X | AA21: =IF(X21="X",15,IF(Y21="X",7.5,IF(Z21="X",1.5,0))) -> 15 | AB21: =+H21+L21+O21+R21+W21+AA21 -> 64 | AC21: =ROUND(AB21,0) -> 64 | AD21: =IF(AC21>80,"FUERTE",IF(AC21>60,"MODERADO",IF(AC21>50,"ACEPTABLE",IF(AC21>30,"DEBIL",IF(AC21<29,"INEXISTENTE",0))))) -> MODERADO
A22: 16 | B22: Documentación de Procesos | C22: La compañía tiene establecida la caracterización de los diferentes procesos, los cuales están claramente documentados | D22: =+A22 -> 16 | E22: X | H22: =IF(E22="X",15,IF(F22="X",7.5,IF(G22="X",1.5,0))) -> 15 | K22: X | L22: =IF(I22="X",15,IF(J22="X",7.5,IF(K22="X",1.5,0))) -> 1.5 | M22: X | O22: =IF(M22="X",15,IF(N22="X",7.5,0)) -> 15 | P22: X | R22: =IF(P22="X",15,IF(Q22="X",1.5,0)) -> 15 | T22: X | W22: =IF(S22="X",15,IF(T22="X",10,IF(U22="X",7.5,IF(V22="X",1.5,0)))) -> 10 | X22: X | AA22: =IF(X22="X",15,IF(Y22="X",7.5,IF(Z22="X",1.5,0))) -> 15 | AB22: =+H22+L22+O22+R22+W22+AA22 -> 71.5 | AC22: =ROUND(AB22,0) -> 72 | AD22: =IF(AC22>80,"FUERTE",IF(AC22>60,"MODERADO",IF(AC22>50,"ACEPTABLE",IF(AC22>30,"DEBIL",IF(AC22<29,"INEXISTENTE",0))))) -> MODERADO
A23: 17 | B23: Sistemas de información | C23: Parametrización de sistemas de información adecuadamente documentados | D23: =+A23 -> 17 | E23: X | H23: =IF(E23="X",15,IF(F23="X",7.5,IF(G23="X",1.5,0))) -> 15 | I23: X | L23: =IF(I23="X",15,IF(J23="X",7.5,IF(K23="X",1.5,0))) -> 15 | M23: X | O23: =IF(M23="X",15,IF(N23="X",7.5,0)) -> 15 | P23: X | R23: =IF(P23="X",15,IF(Q23="X",1.5,0)) -> 15 | S23: X | W23: =IF(S23="X",15,IF(T23="X",10,IF(U23="X",7.5,IF(V23="X",1.5,0)))) -> 15 | X23: X | AA23: =IF(X23="X",15,IF(Y23="X",7.5,IF(Z23="X",1.5,0))) -> 15 | AB23: =+H23+L23+O23+R23+W23+AA23 -> 90 | AC23: =ROUND(AB23,0) -> 90 | AD23: =IF(AC23>80,"FUERTE",IF(AC23>60,"MODERADO",IF(AC23>50,"ACEPTABLE",IF(AC23>30,"DEBIL",IF(AC23<29,"INEXISTENTE",0))))) -> FUERTE
A24: 18 | B24: Control dual | C24: Para algunos procesos claves se establece un control dual (Revisión vs aprobación). | D24: =+A24 -> 18 | E24: X | H24: =IF(E24="X",15,IF(F24="X",7.5,IF(G24="X",1.5,0))) -> 15 | J24: X | L24: =IF(I24="X",15,IF(J24="X",7.5,IF(K24="X",1.5,0))) -> 7.5 | M24: X | O24: =IF(M24="X",15,IF(N24="X",7.5,0)) -> 15 | P24: X | R24: =IF(P24="X",15,IF(Q24="X",1.5,0)) -> 15 | S24: X | W24: =IF(S24="X",15,IF(T24="X",10,IF(U24="X",7.5,IF(V24="X",1.5,0)))) -> 15 | X24: X | AA24: =IF(X24="X",15,IF(Y24="X",7.5,IF(Z24="X",1.5,0))) -> 15 | AB24: =+H24+L24+O24+R24+W24+AA24 -> 82.5 | AC24: =ROUND(AB24,0) -> 83 | AD24: =IF(AC24>80,"FUERTE",IF(AC24>60,"MODERADO",IF(AC24>50,"ACEPTABLE",IF(AC24>30,"DEBIL",IF(AC24<29,"INEXISTENTE",0))))) -> FUERTE
A25: 19 | B25: Auditorias de procesos | C25: Auditorías propias de los procesos y sistemas de gestión de calidad | D25: =+A25 -> 19 | F25: X | H25: =IF(E25="X",15,IF(F25="X",7.5,IF(G25="X",1.5,0))) -> 7.5 | K25: X | L25: =IF(I25="X",15,IF(J25="X",7.5,IF(K25="X",1.5,0))) -> 1.5 | M25: X | O25: =IF(M25="X",15,IF(N25="X",7.5,0)) -> 15 | P25: X | R25: =IF(P25="X",15,IF(Q25="X",1.5,0)) -> 15 | T25: X | W25: =IF(S25="X",15,IF(T25="X",10,IF(U25="X",7.5,IF(V25="X",1.5,0)))) -> 10 | Y25: X | AA25: =IF(X25="X",15,IF(Y25="X",7.5,IF(Z25="X",1.5,0))) -> 7.5 | AB25: =+H25+L25+O25+R25+W25+AA25 -> 56.5 | AC25: =ROUND(AB25,0) -> 57 | AD25: =IF(AC25>80,"FUERTE",IF(AC25>60,"MODERADO",IF(AC25>50,"ACEPTABLE",IF(AC25>30,"DEBIL",IF(AC25<29,"INEXISTENTE",0))))) -> ACEPTABLE
A26: 20 | B26: Trazabilidad | C26: Trazabilidad de la información | D26: =+A26 -> 20 | E26: X | H26: =IF(E26="X",15,IF(F26="X",7.5,IF(G26="X",1.5,0))) -> 15 | I26: X | L26: =IF(I26="X",15,IF(J26="X",7.5,IF(K26="X",1.5,0))) -> 15 | M26: X | O26: =IF(M26="X",15,IF(N26="X",7.5,0)) -> 15 | P26: X | R26: =IF(P26="X",15,IF(Q26="X",1.5,0)) -> 15 | S26: X | W26: =IF(S26="X",15,IF(T26="X",10,IF(U26="X",7.5,IF(V26="X",1.5,0)))) -> 15 | X26: X | AA26: =IF(X26="X",15,IF(Y26="X",7.5,IF(Z26="X",1.5,0))) -> 15 | AB26: =+H26+L26+O26+R26+W26+AA26 -> 90 | AC26: =ROUND(AB26,0) -> 90 | AD26: =IF(AC26>80,"FUERTE",IF(AC26>60,"MODERADO",IF(AC26>50,"ACEPTABLE",IF(AC26>30,"DEBIL",IF(AC26<29,"INEXISTENTE",0))))) -> FUERTE
A27: 21 | B27: Controles de Acceso | C27: Perfiles y claves de acceso en los sistemas de información | D27: =+A27 -> 21 | E27: X | H27: =IF(E27="X",15,IF(F27="X",7.5,IF(G27="X",1.5,0))) -> 15 | I27: X | L27: =IF(I27="X",15,IF(J27="X",7.5,IF(K27="X",1.5,0))) -> 15 | M27: X | O27: =IF(M27="X",15,IF(N27="X",7.5,0)) -> 15 | P27: X | R27: =IF(P27="X",15,IF(Q27="X",1.5,0)) -> 15 | S27: X | W27: =IF(S27="X",15,IF(T27="X",10,IF(U27="X",7.5,IF(V27="X",1.5,0)))) -> 15 | X27: X | AA27: =IF(X27="X",15,IF(Y27="X",7.5,IF(Z27="X",1.5,0))) -> 15 | AB27: =+H27+L27+O27+R27+W27+AA27 -> 90 | AC27: =ROUND(AB27,0) -> 90 | AD27: =IF(AC27>80,"FUERTE",IF(AC27>60,"MODERADO",IF(AC27>50,"ACEPTABLE",IF(AC27>30,"DEBIL",IF(AC27<29,"INEXISTENTE",0))))) -> FUERTE
A28: 22 | B28: Polìticas de Pagos | C28: Establecer montos y canales para los pagos realizados por y a favor de la Compañìa | D28: =+A28 -> 22 | E28: x | H28: =IF(E28="X",15,IF(F28="X",7.5,IF(G28="X",1.5,0))) -> 15 | K28: x | L28: =IF(I28="X",15,IF(J28="X",7.5,IF(K28="X",1.5,0))) -> 1.5 | M28: x | O28: =IF(M28="X",15,IF(N28="X",7.5,0)) -> 15 | P28: x | R28: =IF(P28="X",15,IF(Q28="X",1.5,0)) -> 15 | S28: x | W28: =IF(S28="X",15,IF(T28="X",10,IF(U28="X",7.5,IF(V28="X",1.5,0)))) -> 15 | X28: x | AA28: =IF(X28="X",15,IF(Y28="X",7.5,IF(Z28="X",1.5,0))) -> 15 | AB28: =+H28+L28+O28+R28+W28+AA28 -> 76.5 | AC28: =ROUND(AB28,0) -> 77 | AD28: =IF(AC28>80,"FUERTE",IF(AC28>60,"MODERADO",IF(AC28>50,"ACEPTABLE",IF(AC28>30,"DEBIL",IF(AC28<29,"INEXISTENTE",0))))) -> MODERADO
A29: 23 | B29: Contratación de Personal | C29: Adecuadas polìticas y procedimientos de contratación de colaboradores. | D29: =+A29 -> 23 | E29: x | H29: =IF(E29="X",15,IF(F29="X",7.5,IF(G29="X",1.5,0))) -> 15 | I29: x | L29: =IF(I29="X",15,IF(J29="X",7.5,IF(K29="X",1.5,0))) -> 15 | M29: x | O29: =IF(M29="X",15,IF(N29="X",7.5,0)) -> 15 | P29: x | R29: =IF(P29="X",15,IF(Q29="X",1.5,0)) -> 15 | T29: x | W29: =IF(S29="X",15,IF(T29="X",10,IF(U29="X",7.5,IF(V29="X",1.5,0)))) -> 10 | X29: x | AA29: =IF(X29="X",15,IF(Y29="X",7.5,IF(Z29="X",1.5,0))) -> 15 | AB29: =+H29+L29+O29+R29+W29+AA29 -> 85 | AC29: =ROUND(AB29,0) -> 85 | AD29: =IF(AC29>80,"FUERTE",IF(AC29>60,"MODERADO",IF(AC29>50,"ACEPTABLE",IF(AC29>30,"DEBIL",IF(AC29<29,"INEXISTENTE",0))))) -> FUERTE
A30: 24 | B30: Clausulas Contractuales | C30: Se tienen establecidas clausulas contractuales y polìtcas en las cuales se adhieren las contrapartes para el cumplimiento de las polìticas de transparencia | D30: =+A30 -> 24 | E30: X | H30: =IF(E30="X",15,IF(F30="X",7.5,IF(G30="X",1.5,0))) -> 15 | I30: X | L30: =IF(I30="X",15,IF(J30="X",7.5,IF(K30="X",1.5,0))) -> 15 | M30: X | O30: =IF(M30="X",15,IF(N30="X",7.5,0)) -> 15 | P30: X | R30: =IF(P30="X",15,IF(Q30="X",1.5,0)) -> 15 | S30: X | W30: =IF(S30="X",15,IF(T30="X",10,IF(U30="X",7.5,IF(V30="X",1.5,0)))) -> 15 | Y30: X | AA30: =IF(X30="X",15,IF(Y30="X",7.5,IF(Z30="X",1.5,0))) -> 7.5 | AB30: =+H30+L30+O30+R30+W30+AA30 -> 82.5 | AC30: =ROUND(AB30,0) -> 83 | AD30: =IF(AC30>80,"FUERTE",IF(AC30>60,"MODERADO",IF(AC30>50,"ACEPTABLE",IF(AC30>30,"DEBIL",IF(AC30<29,"INEXISTENTE",0))))) -> FUERTE
A31: 25 | B31: Portal de Contratación | C31: Las licitaciones publicas se estructuran y se realizan a través del portal publico de contratación Colombia Compra el cual establece los requisitos para participar en una licitación | D31: =+A31 -> 25 | E31: x | H31: =IF(E31="X",15,IF(F31="X",7.5,IF(G31="X",1.5,0))) -> 15 | I31: x | L31: =IF(I31="X",15,IF(J31="X",7.5,IF(K31="X",1.5,0))) -> 15 | M31: x | O31: =IF(M31="X",15,IF(N31="X",7.5,0)) -> 15 | P31: x | R31: =IF(P31="X",15,IF(Q31="X",1.5,0)) -> 15 | T31: x | W31: =IF(S31="X",15,IF(T31="X",10,IF(U31="X",7.5,IF(V31="X",1.5,0)))) -> 10 | X31: x | AA31: =IF(X31="X",15,IF(Y31="X",7.5,IF(Z31="X",1.5,0))) -> 15 | AB31: =+H31+L31+O31+R31+W31+AA31 -> 85 | AC31: =ROUND(AB31,0) -> 85 | AD31: =IF(AC31>80,"FUERTE",IF(AC31>60,"MODERADO",IF(AC31>50,"ACEPTABLE",IF(AC31>30,"DEBIL",IF(AC31<29,"INEXISTENTE",0))))) -> FUERTE
A32: 26 | B32: Formato de Vinculación | C32: La compañìa cuenta con un formato de vinculación de contrapartes el cual recauda los datos para su conocimiento y las autorizaciones y declaraciones de la contraparte. | D32: =+A32 -> 26 | E32: x | H32: =IF(E32="X",15,IF(F32="X",7.5,IF(G32="X",1.5,0))) -> 15 | K32: x | L32: =IF(I32="X",15,IF(J32="X",7.5,IF(K32="X",1.5,0))) -> 1.5 | M32: x | O32: =IF(M32="X",15,IF(N32="X",7.5,0)) -> 15 | P32: x | R32: =IF(P32="X",15,IF(Q32="X",1.5,0)) -> 15 | S32: x | W32: =IF(S32="X",15,IF(T32="X",10,IF(U32="X",7.5,IF(V32="X",1.5,0)))) -> 15 | X32: x | AA32: =IF(X32="X",15,IF(Y32="X",7.5,IF(Z32="X",1.5,0))) -> 15 | AB32: =+H32+L32+O32+R32+W32+AA32 -> 76.5 | AC32: =ROUND(AB32,0) -> 77 | AD32: =IF(AC32>80,"FUERTE",IF(AC32>60,"MODERADO",IF(AC32>50,"ACEPTABLE",IF(AC32>30,"DEBIL",IF(AC32<29,"INEXISTENTE",0))))) -> MODERADO
A33: 27 | D33: =+A33 -> 27 | H33: =IF(E33="X",15,IF(F33="X",7.5,IF(G33="X",1.5,0))) -> 0 | L33: =IF(I33="X",15,IF(J33="X",7.5,IF(K33="X",1.5,0))) -> 0 | O33: =IF(M33="X",15,IF(N33="X",7.5,0)) -> 0 | R33: =IF(P33="X",15,IF(Q33="X",1.5,0)) -> 0 | W33: =IF(S33="X",15,IF(T33="X",10,IF(U33="X",7.5,IF(V33="X",1.5,0)))) -> 0 | AA33: =IF(X33="X",15,IF(Y33="X",7.5,IF(Z33="X",1.5,0))) -> 0 | AB33: =+H33+L33+O33+R33+W33+AA33 -> 0 | AC33: =ROUND(AB33,0) -> 0 | AD33: =IF(AC33>80,"FUERTE",IF(AC33>60,"MODERADO",IF(AC33>50,"ACEPTABLE",IF(AC33>30,"DEBIL",IF(AC33<29,"INEXISTENTE",0))))) -> INEXISTENTE
A34: 28 | D34: =+A34 -> 28 | H34: =IF(E34="X",15,IF(F34="X",7.5,IF(G34="X",1.5,0))) -> 0 | L34: =IF(I34="X",15,IF(J34="X",7.5,IF(K34="X",1.5,0))) -> 0 | O34: =IF(M34="X",15,IF(N34="X",7.5,0)) -> 0 | R34: =IF(P34="X",15,IF(Q34="X",1.5,0)) -> 0 | W34: =IF(S34="X",15,IF(T34="X",10,IF(U34="X",7.5,IF(V34="X",1.5,0)))) -> 0 | AA34: =IF(X34="X",15,IF(Y34="X",7.5,IF(Z34="X",1.5,0))) -> 0 | AB34: =+H34+L34+O34+R34+W34+AA34 -> 0 | AC34: =ROUND(AB34,0) -> 0 | AD34: =IF(AC34>80,"FUERTE",IF(AC34>60,"MODERADO",IF(AC34>50,"ACEPTABLE",IF(AC34>30,"DEBIL",IF(AC34<29,"INEXISTENTE",0))))) -> INEXISTENTE
A35: 29 | D35: =+A35 -> 29 | H35: =IF(E35="X",15,IF(F35="X",7.5,IF(G35="X",1.5,0))) -> 0 | L35: =IF(I35="X",15,IF(J35="X",7.5,IF(K35="X",1.5,0))) -> 0 | O35: =IF(M35="X",15,IF(N35="X",7.5,0)) -> 0 | R35: =IF(P35="X",15,IF(Q35="X",1.5,0)) -> 0 | W35: =IF(S35="X",15,IF(T35="X",10,IF(U35="X",7.5,IF(V35="X",1.5,0)))) -> 0 | AA35: =IF(X35="X",15,IF(Y35="X",7.5,IF(Z35="X",1.5,0))) -> 0 | AB35: =+H35+L35+O35+R35+W35+AA35 -> 0 | AC35: =ROUND(AB35,0) -> 0 | AD35: =IF(AC35>80,"FUERTE",IF(AC35>60,"MODERADO",IF(AC35>50,"ACEPTABLE",IF(AC35>30,"DEBIL",IF(AC35<29,"INEXISTENTE",0))))) -> INEXISTENTE
A36: 30 | B36: Sin Control | C36: Sin Control | D36: =+A36 -> 30 | H36: =IF(E36="X",15,IF(F36="X",7.5,IF(G36="X",1.5,0))) -> 0 | L36: =IF(I36="X",15,IF(J36="X",7.5,IF(K36="X",1.5,0))) -> 0 | O36: =IF(M36="X",15,IF(N36="X",7.5,0)) -> 0 | R36: =IF(P36="X",15,IF(Q36="X",1.5,0)) -> 0 | W36: =IF(S36="X",15,IF(T36="X",10,IF(U36="X",7.5,IF(V36="X",1.5,0)))) -> 0 | AA36: =IF(X36="X",15,IF(Y36="X",7.5,IF(Z36="X",1.5,0))) -> 0 | AB36: =+H36+L36+O36+R36+W36+AA36 -> 0 | AC36: =ROUND(AB36,0) -> 0 | AD36: =IF(AC36>80,"FUERTE",IF(AC36>60,"MODERADO",IF(AC36>50,"ACEPTABLE",IF(AC36>30,"DEBIL",IF(AC36<29,"INEXISTENTE",0))))) -> INEXISTENTE

Sheet Matriz Inherente - Residual
D2: MATRIZ DE RIESGO INHERENTE
B4: 5 | C4: PROBABILIDAD | D4: CASI SEGURO | E4: =CONCATENATE(IF(AND('Matriz Riesgo'!H6=5,'Matriz Riesgo'!K6=1)," "&'Matriz Riesgo'!A6&","," "),IF(AND('Matriz Riesgo'!H7=5,'Matriz Riesgo'!K7=1)," "&'Matriz Riesgo'!A7&","," "),IF(AND('Matriz Riesgo'!H8=5,'Matriz Riesgo'!K8=1)," "&'Matriz Riesgo'!A8&","," "),IF(AND('Matriz Riesgo'!H9=5,'Matriz Riesgo'!K9=1)," "&'Matriz Riesgo'!A9&","," "),IF(AND('Matriz Riesgo'!H10=5,'Matriz Riesgo'!K10=1)," "&'Matriz Riesgo'!A10&","," "),IF(AND('Matriz Riesgo'!H11=5,'Matriz Riesgo'!K11=1)," "&'Matriz Riesgo'!A11&","," "),IF(AND('Matriz Riesgo'!H12=5,'Matriz Riesgo'!K12=1)," "&'Matriz Riesgo'!A12&","," "),IF(AND('Matriz Riesgo'!H13=5,'Matriz Riesgo'!K13=1)," "&'Matriz Riesgo'!A13&","," "),IF(AND('Matriz Riesgo'!H14=5,'Matriz Riesgo'!K14=1)," "&'Matriz Riesgo'!A14&","," "),IF(AND('Matriz Riesgo'!H15=5,'Matriz Riesgo'!K15=1)," "&'Matriz Riesgo'!A15&","," "),IF(AND('Matriz Riesgo'!H16=5,'Matriz Riesgo'!K16=1)," "&'Matriz Riesgo'!A16&","," "),IF(AND('Matriz Riesgo'!H17=5,'Matriz Riesgo'!K17=1)," "&'Matriz Riesgo'!A17&","," "),IF(AND('Matriz Riesgo'!H18=5,'Matriz Riesgo'!K18=1)," "&'Matriz Riesgo'!A18&","," "),IF(AND('Matriz Riesgo'!H19=5,'Matriz Riesgo'!K19=1)," "&'Matriz Riesgo'!A19&","," "),IF(AND('Matriz Riesgo'!H20=5,'Matriz Riesgo'!K20=1)," "&'Matriz Riesgo'!A20&","," "),IF(AND('Matriz Riesgo'!H21=5,'Matriz Riesgo'!K21=1)," "&'Matriz Riesgo'!A21&","," "),IF(AND('Matriz Riesgo'!H22=5,'Matriz Riesgo'!K22=1)," "&'Matriz Riesgo'!A22&","," "),IF(AND('Matriz Riesgo'!H23=5,'Matriz Riesgo'!K23=1)," "&'Matriz Riesgo'!A23&","," "),IF(AND('Matriz Riesgo'!H24=5,'Matriz Riesgo'!K24=1)," "&'Matriz Riesgo'!A24&","," "),IF(AND('Matriz Riesgo'!H25=5,'Matriz Riesgo'!K25=1)," "&'Matriz Riesgo'!A25&","," "),IF(AND('Matriz Riesgo'!H26=5,'Matriz Riesgo'!K26=1)," "&'Matriz Riesgo'!A26," ")) | F4: =CONCATENATE(IF(AND('Matriz Riesgo'!H7=5,'Matriz Riesgo'!K7=2)," "&'Matriz Riesgo'!A7&","," "),IF(AND('Matriz Riesgo'!H8=5,'Matriz Riesgo'!K8=2)," "&'Matriz Riesgo'!A8&","," "),IF(AND('Matriz Riesgo'!H9=5,'Matriz Riesgo'!K9=2)," "&'Matriz Riesgo'!A9&","," "),IF(AND('Matriz Riesgo'!H10=5,'Matriz Riesgo'!K10=2)," "&'Matriz Riesgo'!A10&","," "),IF(AND('Matriz Riesgo'!H11=5,'Matriz Riesgo'!K11=2)," "&'Matriz Riesgo'!A11&","," "),IF(AND('Matriz Riesgo'!H12=5,'Matriz Riesgo'!K12=2)," "&'Matriz Riesgo'!A12&","," "),IF(AND('Matriz Riesgo'!H13=5,'Matriz Riesgo'!K13=2)," "&'Matriz Riesgo'!A13&","," "),IF(AND('Matriz Riesgo'!H14=5,'Matriz Riesgo'!K14=2)," "&'Matriz Riesgo'!A14&","," "),IF(AND('Matriz Riesgo'!H15=5,'Matriz Riesgo'!K15=2)," "&'Matriz Riesgo'!A15&","," "),IF(AND('Matriz Riesgo'!H16=5,'Matriz Riesgo'!K16=2)," "&'Matriz Riesgo'!A16&","," "),IF(AND('Matriz Riesgo'!H17=5,'Matriz Riesgo'!K17=2)," "&'Matriz Riesgo'!A17&","," "),IF(AND('Matriz Riesgo'!H18=5,'Matriz Riesgo'!K18=2)," "&'Matriz Riesgo'!A18&","," "),IF(AND('Matriz Riesgo'!H19=5,'Matriz Riesgo'!K19=2)," "&'Matriz Riesgo'!A19&","," "),IF(AND('Matriz Riesgo'!H20=5,'Matriz Riesgo'!K20=2)," "&'Matriz Riesgo'!A20&","," "),IF(AND('Matriz Riesgo'!H21=5,'Matriz Riesgo'!K21=2)," "&'Matriz Riesgo'!A21&","," "),IF(AND('Matriz Riesgo'!H22=5,'Matriz Riesgo'!K22=2)," "&'Matriz Riesgo'!A22&","," "),IF(AND('Matriz Riesgo'!H23=5,'Matriz Riesgo'!K23=2)," "&'Matriz Riesgo'!A23&","," "),IF(AND('Matriz Riesgo'!H24=5,'Matriz Riesgo'!K24=2)," "&'Matriz Riesgo'!A24&","," "),IF(AND('Matriz Riesgo'!H25=5,'Matriz Riesgo'!K25=2)," "&'Matriz Riesgo'!A25&","," "),IF(AND('Matriz Riesgo'!H26=5,'Matriz Riesgo'!K26=2)," "&'Matriz Riesgo'!A26&","," "),IF(AND('Matriz Riesgo'!H27=5,'Matriz Riesgo'!K27=2)," "&'Matriz Riesgo'!A27," ")) | G4: =CONCATENATE(IF(AND('Matriz Riesgo'!H7=5,'Matriz Riesgo'!K7=3)," "&'Matriz Riesgo'!A7&","," "),IF(AND('Matriz Riesgo'!H8=5,'Matriz Riesgo'!K8=3)," "&'Matriz Riesgo'!A8&","," "),IF(AND('Matriz Riesgo'!H9=5,'Matriz Riesgo'!K9=3)," "&'Matriz Riesgo'!A9&","," "),IF(AND('Matriz Riesgo'!H10=5,'Matriz Riesgo'!K10=3)," "&'Matriz Riesgo'!A10&","," "),IF(AND('Matriz Riesgo'!H11=5,'Matriz Riesgo'!K11=3)," "&'Matriz Riesgo'!A11&","," "),IF(AND('Matriz Riesgo'!H12=5,'Matriz Riesgo'!K12=3)," "&'Matriz Riesgo'!A12&","," "),IF(AND('Matriz Riesgo'!H13=5,'Matriz Riesgo'!K13=3)," "&'Matriz Riesgo'!A13&","," "),IF(AND('Matriz Riesgo'!H14=5,'Matriz Riesgo'!K14=3)," "&'Matriz Riesgo'!A14&","," "),IF(AND('Matriz Riesgo'!H15=5,'Matriz Riesgo'!K15=3)," "&'Matriz Riesgo'!A15&","," "),IF(AND('Matriz Riesgo'!H16=5,'Matriz Riesgo'!K16=3)," "&'Matriz Riesgo'!A16&","," "),IF(AND('Matriz Riesgo'!H17=5,'Matriz Riesgo'!K17=3)," "&'Matriz Riesgo'!A17&","," "),IF(AND('Matriz Riesgo'!H18=5,'Matriz Riesgo'!K18=3)," "&'Matriz Riesgo'!A18&","," "),IF(AND('Matriz Riesgo'!H19=5,'Matriz Riesgo'!K19=3)," "&'Matriz Riesgo'!A19&","," "),IF(AND('Matriz Riesgo'!H20=5,'Matriz Riesgo'!K20=3)," "&'Matriz Riesgo'!A20&","," "),IF(AND('Matriz Riesgo'!H21=5,'Matriz Riesgo'!K21=3)," "&'Matriz Riesgo'!A21&","," "),IF(AND('Matriz Riesgo'!H22=5,'Matriz Riesgo'!K22=3)," "&'Matriz Riesgo'!A22&","," "),IF(AND('Matriz Riesgo'!H23=5,'Matriz Riesgo'!K23=3)," "&'Matriz Riesgo'!A23&","," "),IF(AND('Matriz Riesgo'!H24=5,'Matriz Riesgo'!K24=3)," "&'Matriz Riesgo'!A24&","," "),IF(AND('Matriz Riesgo'!H25=5,'Matriz Riesgo'!K25=3)," "&'Matriz Riesgo'!A25&","," "),IF(AND('Matriz Riesgo'!H26=5,'Matriz Riesgo'!K26=3)," "&'Matriz Riesgo'!A26&","," "),IF(AND('Matriz Riesgo'!H27=5,'Matriz Riesgo'!K27=3)," "&'Matriz Riesgo'!A27," ")) | H4: =CONCATENATE(IF(AND('Matriz Riesgo'!H7=5,'Matriz Riesgo'!K7=4)," "&'Matriz Riesgo'!A7&","," "),IF(AND('Matriz Riesgo'!H8=5,'Matriz Riesgo'!K8=4)," "&'Matriz Riesgo'!A8&","," "),IF(AND('Matriz Riesgo'!H9=5,'Matriz Riesgo'!K9=4)," "&'Matriz Riesgo'!A9&","," "),IF(AND('Matriz Riesgo'!H10=5,'Matriz Riesgo'!K10=4)," "&'Matriz Riesgo'!A10&","," "),IF(AND('Matriz Riesgo'!H11=5,'Matriz Riesgo'!K11=4)," "&'Matriz Riesgo'!A11&","," "),IF(AND('Matriz Riesgo'!H12=5,'Matriz Riesgo'!K12=4)," "&'Matriz Riesgo'!A12&","," "),IF(AND('Matriz Riesgo'!H13=5,'Matriz Riesgo'!K13=4)," "&'Matriz Riesgo'!A13&","," "),IF(AND('Matriz Riesgo'!H14=5,'Matriz Riesgo'!K14=4)," "&'Matriz Riesgo'!A14&","," "),IF(AND('Matriz Riesgo'!H15=5,'Matriz Riesgo'!K15=4)," "&'Matriz Riesgo'!A15&","," "),IF(AND('Matriz Riesgo'!H16=5,'Matriz Riesgo'!K16=4)," "&'Matriz Riesgo'!A16&","," "),IF(AND('Matriz Riesgo'!H17=5,'Matriz Riesgo'!K17=4)," "&'Matriz Riesgo'!A17&","," "),IF(AND('Matriz Riesgo'!H18=5,'Matriz Riesgo'!K18=4)," "&'Matriz Riesgo'!A18&","," "),IF(AND('Matriz Riesgo'!H19=5,'Matriz Riesgo'!K19=4)," "&'Matriz Riesgo'!A19&","," "),IF(AND('Matriz Riesgo'!H20=5,'Matriz Riesgo'!K20=4)," "&'Matriz Riesgo'!A20&","," "),IF(AND('Matriz Riesgo'!H21=5,'Matriz Riesgo'!K21=4)," "&'Matriz Riesgo'!A21&","," "),IF(AND('Matriz Riesgo'!H22=5,'Matriz Riesgo'!K22=4)," "&'Matriz Riesgo'!A22&","," "),IF(AND('Matriz Riesgo'!H23=5,'Matriz Riesgo'!K23=4)," "&'Matriz Riesgo'!A23&","," "),IF(AND('Matriz Riesgo'!H24=5,'Matriz Riesgo'!K24=4)," "&'Matriz Riesgo'!A24&","," "),IF(AND('Matriz Riesgo'!H25=5,'Matriz Riesgo'!K25=4)," "&'Matriz Riesgo'!A25&","," "),IF(AND('Matriz Riesgo'!H26=5,'Matriz Riesgo'!K26=4)," "&'Matriz Riesgo'!A26&","," "),IF(AND('Matriz Riesgo'!H27=5,'Matriz Riesgo'!K27=4)," "&'Matriz Riesgo'!A27," ")) | I4: =CONCATENATE(IF(AND('Matriz Riesgo'!H7=5,'Matriz Riesgo'!K7=5)," "&'Matriz Riesgo'!A7&","," "),IF(AND('Matriz Riesgo'!H8=5,'Matriz Riesgo'!K8=5)," "&'Matriz Riesgo'!A8&","," "),IF(AND('Matriz Riesgo'!H9=5,'Matriz Riesgo'!K9=5)," "&'Matriz Riesgo'!A9&","," "),IF(AND('Matriz Riesgo'!H10=5,'Matriz Riesgo'!K10=5)," "&'Matriz Riesgo'!A10&","," "),IF(AND('Matriz Riesgo'!H11=5,'Matriz Riesgo'!K11=5)," "&'Matriz Riesgo'!A11&","," "),IF(AND('Matriz Riesgo'!H12=5,'Matriz Riesgo'!K12=5)," "&'Matriz Riesgo'!A12&","," "),IF(AND('Matriz Riesgo'!H13=5,'Matriz Riesgo'!K13=5)," "&'Matriz Riesgo'!A13&","," "),IF(AND('Matriz Riesgo'!H14=5,'Matriz Riesgo'!K14=5)," "&'Matriz Riesgo'!A14&","," "),IF(AND('Matriz Riesgo'!H15=5,'Matriz Riesgo'!K15=5)," "&'Matriz Riesgo'!A15&","," "),IF(AND('Matriz Riesgo'!H16=5,'Matriz Riesgo'!K16=5)," "&'Matriz Riesgo'!A16&","," "),IF(AND('Matriz Riesgo'!H17=5,'Matriz Riesgo'!K17=5)," "&'Matriz Riesgo'!A17&","," "),IF(AND('Matriz Riesgo'!H18=5,'Matriz Riesgo'!K18=5)," "&'Matriz Riesgo'!A18&","," "),IF(AND('Matriz Riesgo'!H19=5,'Matriz Riesgo'!K19=5)," "&'Matriz Riesgo'!A19&","," "),IF(AND('Matriz Riesgo'!H20=5,'Matriz Riesgo'!K20=5)," "&'Matriz Riesgo'!A20&","," "),IF(AND('Matriz Riesgo'!H21=5,'Matriz Riesgo'!K21=5)," "&'Matriz Riesgo'!A21&","," "),IF(AND('Matriz Riesgo'!H22=5,'Matriz Riesgo'!K22=5)," "&'Matriz Riesgo'!A22&","," "),IF(AND('Matriz Riesgo'!H23=5,'Matriz Riesgo'!K23=5)," "&'Matriz Riesgo'!A23&","," "),IF(AND('Matriz Riesgo'!H24=5,'Matriz Riesgo'!K24=5)," "&'Matriz Riesgo'!A24&","," "),IF(AND('Matriz Riesgo'!H25=5,'Matriz Riesgo'!K25=5)," "&'Matriz Riesgo'!A25&","," "),IF(AND('Matriz Riesgo'!H26=5,'Matriz Riesgo'!K26=5)," "&'Matriz Riesgo'!A26&","," "),IF(AND('Matriz Riesgo'!H27=5,'Matriz Riesgo'!K27=5)," "&'Matriz Riesgo'!A27," ")) | K4: 1-Indicadores | L4: sistema de etica empresarial | M4: manual de etica | S4: =IF(P4>Q4,0,) -> 0
B5: 4 | D5: MUY PROBABLE | E5: =CONCATENATE(IF(AND('Matriz Riesgo'!H6=4,'Matriz Riesgo'!K6=1)," "&'Matriz Riesgo'!A6&","," "),IF(AND('Matriz Riesgo'!H7=4,'Matriz Riesgo'!K7=1)," "&'Matriz Riesgo'!A7&","," "),IF(AND('Matriz Riesgo'!H8=4,'Matriz Riesgo'!K8=1)," "&'Matriz Riesgo'!A8&","," "),IF(AND('Matriz Riesgo'!H9=4,'Matriz Riesgo'!K9=1)," "&'Matriz Riesgo'!A9&","," "),IF(AND('Matriz Riesgo'!H10=4,'Matriz Riesgo'!K10=1)," "&'Matriz Riesgo'!A10&","," "),IF(AND('Matriz Riesgo'!H11=4,'Matriz Riesgo'!K11=1)," "&'Matriz Riesgo'!A11&","," "),IF(AND('Matriz Riesgo'!H12=4,'Matriz Riesgo'!K12=1)," "&'Matriz Riesgo'!A12&","," "),IF(AND('Matriz Riesgo'!H13=4,'Matriz Riesgo'!K13=1)," "&'Matriz Riesgo'!A13&","," "),IF(AND('Matriz Riesgo'!H14=4,'Matriz Riesgo'!K14=1)," "&'Matriz Riesgo'!A14&","," "),IF(AND('Matriz Riesgo'!H15=4,'Matriz Riesgo'!K15=1)," "&'Matriz Riesgo'!A15&","," "),IF(AND('Matriz Riesgo'!H16=4,'Matriz Riesgo'!K16=1)," "&'Matriz Riesgo'!A16&","," "),IF(AND('Matriz Riesgo'!H17=4,'Matriz Riesgo'!K17=1)," "&'Matriz Riesgo'!A17&","," "),IF(AND('Matriz Riesgo'!H18=4,'Matriz Riesgo'!K18=1)," "&'Matriz Riesgo'!A18&","," "),IF(AND('Matriz Riesgo'!H19=4,'Matriz Riesgo'!K19=1)," "&'Matriz Riesgo'!A19&","," "),IF(AND('Matriz Riesgo'!H20=4,'Matriz Riesgo'!K20=1)," "&'Matriz Riesgo'!A20&","," "),IF(AND('Matriz Riesgo'!H21=4,'Matriz Riesgo'!K21=1)," "&'Matriz Riesgo'!A21&","," "),IF(AND('Matriz Riesgo'!H22=4,'Matriz Riesgo'!K22=1)," "&'Matriz Riesgo'!A22&","," "),IF(AND('Matriz Riesgo'!H23=4,'Matriz Riesgo'!K23=1)," "&'Matriz Riesgo'!A23&","," "),IF(AND('Matriz Riesgo'!H24=4,'Matriz Riesgo'!K24=1)," "&'Matriz Riesgo'!A24&","," "),IF(AND('Matriz Riesgo'!H25=4,'Matriz Riesgo'!K25=1)," "&'Matriz Riesgo'!A25&","," "),IF(AND('Matriz Riesgo'!H26=4,'Matriz Riesgo'!K26=1)," "&'Matriz Riesgo'!A26," ")) | F5: =CONCATENATE(IF(AND('Matriz Riesgo'!H7=4,'Matriz Riesgo'!K7=2)," "&'Matriz Riesgo'!A7&","," "),IF(AND('Matriz Riesgo'!H8=4,'Matriz Riesgo'!K8=2)," "&'Matriz Riesgo'!A8&","," "),IF(AND('Matriz Riesgo'!H9=4,'Matriz Riesgo'!K9=2)," "&'Matriz Riesgo'!A9&","," "),IF(AND('Matriz Riesgo'!H10=4,'Matriz Riesgo'!K10=2)," "&'Matriz Riesgo'!A10&","," "),IF(AND('Matriz Riesgo'!H11=4,'Matriz Riesgo'!K11=2)," "&'Matriz Riesgo'!A11&","," "),IF(AND('Matriz Riesgo'!H12=4,'Matriz Riesgo'!K12=2)," "&'Matriz Riesgo'!A12&","," "),IF(AND('Matriz Riesgo'!H13=4,'Matriz Riesgo'!K13=2)," "&'Matriz Riesgo'!A13&","," "),IF(AND('Matriz Riesgo'!H14=4,'Matriz Riesgo'!K14=2)," "&'Matriz Riesgo'!A14&","," "),IF(AND('Matriz Riesgo'!H15=4,'Matriz Riesgo'!K15=2)," "&'Matriz Riesgo'!A15&","," "),IF(AND('Matriz Riesgo'!H16=4,'Matriz Riesgo'!K16=2)," "&'Matriz Riesgo'!A16&","," "),IF(AND('Matriz Riesgo'!H17=4,'Matriz Riesgo'!K17=2)," "&'Matriz Riesgo'!A17&","," "),IF(AND('Matriz Riesgo'!H18=4,'Matriz Riesgo'!K18=2)," "&'Matriz Riesgo'!A18&","," "),IF(AND('Matriz Riesgo'!H19=4,'Matriz Riesgo'!K19=2)," "&'Matriz Riesgo'!A19&","," "),IF(AND('Matriz Riesgo'!H20=4,'Matriz Riesgo'!K20=2)," "&'Matriz Riesgo'!A20&","," "),IF(AND('Matriz Riesgo'!H21=4,'Matriz Riesgo'!K21=2)," "&'Matriz Riesgo'!A21&","," "),IF(AND('Matriz Riesgo'!H22=4,'Matriz Riesgo'!K22=2)," "&'Matriz Riesgo'!A22&","," "),IF(AND('Matriz Riesgo'!H23=4,'Matriz Riesgo'!K23=2)," "&'Matriz Riesgo'!A23&","," "),IF(AND('Matriz Riesgo'!H24=4,'Matriz Riesgo'!K24=2)," "&'Matriz Riesgo'!A24&","," "),IF(AND('Matriz Riesgo'!H25=4,'Matriz Riesgo'!K25=2)," "&'Matriz Riesgo'!A25&","," "),IF(AND('Matriz Riesgo'!H26=4,'Matriz Riesgo'!K26=2)," "&'Matriz Riesgo'!A26&","," "),IF(AND('Matriz Riesgo'!H27=4,'Matriz Riesgo'!K27=2)," "&'Matriz Riesgo'!A27," ")) | G5: =CONCATENATE(IF(AND('Matriz Riesgo'!H7=4,'Matriz Riesgo'!K7=3)," "&'Matriz Riesgo'!A7&","," "),IF(AND('Matriz Riesgo'!H8=4,'Matriz Riesgo'!K8=3)," "&'Matriz Riesgo'!A8&","," "),IF(AND('Matriz Riesgo'!H9=4,'Matriz Riesgo'!K9=3)," "&'Matriz Riesgo'!A9&","," "),IF(AND('Matriz Riesgo'!H10=4,'Matriz Riesgo'!K10=3)," "&'Matriz Riesgo'!A10&","," "),IF(AND('Matriz Riesgo'!H11=4,'Matriz Riesgo'!K11=3)," "&'Matriz Riesgo'!A11&","," "),IF(AND('Matriz Riesgo'!H12=4,'Matriz Riesgo'!K12=3)," "&'Matriz Riesgo'!A12&","," "),IF(AND('Matriz Riesgo'!H13=4,'Matriz Riesgo'!K13=3)," "&'Matriz Riesgo'!A13&","," "),IF(AND('Matriz Riesgo'!H14=4,'Matriz Riesgo'!K14=3)," "&'Matriz Riesgo'!A14&","," "),IF(AND('Matriz Riesgo'!H15=4,'Matriz Riesgo'!K15=3)," "&'Matriz Riesgo'!A15&","," "),IF(AND('Matriz Riesgo'!H16=4,'Matriz Riesgo'!K16=3)," "&'Matriz Riesgo'!A16&","," "),IF(AND('Matriz Riesgo'!H17=4,'Matriz Riesgo'!K17=3)," "&'Matriz Riesgo'!A17&","," "),IF(AND('Matriz Riesgo'!H18=4,'Matriz Riesgo'!K18=3)," "&'Matriz Riesgo'!A18&","," "),IF(AND('Matriz Riesgo'!H19=4,'Matriz Riesgo'!K19=3)," "&'Matriz Riesgo'!A19&","," "),IF(AND('Matriz Riesgo'!H20=4,'Matriz Riesgo'!K20=3)," "&'Matriz Riesgo'!A20&","," "),IF(AND('Matriz Riesgo'!H21=4,'Matriz Riesgo'!K21=3)," "&'Matriz Riesgo'!A21&","," "),IF(AND('Matriz Riesgo'!H22=4,'Matriz Riesgo'!K22=3)," "&'Matriz Riesgo'!A22&","," "),IF(AND('Matriz Riesgo'!H23=4,'Matriz Riesgo'!K23=3)," "&'Matriz Riesgo'!A23&","," "),IF(AND('Matriz Riesgo'!H24=4,'Matriz Riesgo'!K24=3)," "&'Matriz Riesgo'!A24&","," "),IF(AND('Matriz Riesgo'!H25=4,'Matriz Riesgo'!K25=3)," "&'Matriz Riesgo'!A25&","," "),IF(AND('Matriz Riesgo'!H26=4,'Matriz Riesgo'!K26=3)," "&'Matriz Riesgo'!A26&","," "),IF(AND('Matriz Riesgo'!H27=4,'Matriz Riesgo'!K27=3)," "&'Matriz Riesgo'!A27," ")) -> 14, | H5: =CONCATENATE(IF(AND('Matriz Riesgo'!H7=4,'Matriz Riesgo'!K7=4)," "&'Matriz Riesgo'!A7&","," "),IF(AND('Matriz Riesgo'!H8=4,'Matriz Riesgo'!K8=4)," "&'Matriz Riesgo'!A8&","," "),IF(AND('Matriz Riesgo'!H9=4,'Matriz Riesgo'!K9=4)," "&'Matriz Riesgo'!A9&","," "),IF(AND('Matriz Riesgo'!H10=4,'Matriz Riesgo'!K10=4)," "&'Matriz Riesgo'!A10&","," "),IF(AND('Matriz Riesgo'!H11=4,'Matriz Riesgo'!K11=4)," "&'Matriz Riesgo'!A11&","," "),IF(AND('Matriz Riesgo'!H12=4,'Matriz Riesgo'!K12=4)," "&'Matriz Riesgo'!A12&","," "),IF(AND('Matriz Riesgo'!H13=4,'Matriz Riesgo'!K13=4)," "&'Matriz Riesgo'!A13&","," "),IF(AND('Matriz Riesgo'!H14=4,'Matriz Riesgo'!K14=4)," "&'Matriz Riesgo'!A14&","," "),IF(AND('Matriz Riesgo'!H15=4,'Matriz Riesgo'!K15=4)," "&'Matriz Riesgo'!A15&","," "),IF(AND('Matriz Riesgo'!H16=4,'Matriz Riesgo'!K16=4)," "&'Matriz Riesgo'!A16&","," "),IF(AND('Matriz Riesgo'!H17=4,'Matriz Riesgo'!K17=4)," "&'Matriz Riesgo'!A17&","," "),IF(AND('Matriz Riesgo'!H18=4,'Matriz Riesgo'!K18=4)," "&'Matriz Riesgo'!A18&","," "),IF(AND('Matriz Riesgo'!H19=4,'Matriz Riesgo'!K19=4)," "&'Matriz Riesgo'!A19&","," "),IF(AND('Matriz Riesgo'!H20=4,'Matriz Riesgo'!K20=4)," "&'Matriz Riesgo'!A20&","," "),IF(AND('Matriz Riesgo'!H21=4,'Matriz Riesgo'!K21=4)," "&'Matriz Riesgo'!A21&","," "),IF(AND('Matriz Riesgo'!H22=4,'Matriz Riesgo'!K22=4)," "&'Matriz Riesgo'!A22&","," "),IF(AND('Matriz Riesgo'!H23=4,'Matriz Riesgo'!K23=4)," "&'Matriz Riesgo'!A23&","," "),IF(AND('Matriz Riesgo'!H24=4,'Matriz Riesgo'!K24=4)," "&'Matriz Riesgo'!A24&","," "),IF(AND('Matriz Riesgo'!H25=4,'Matriz Riesgo'!K25=4)," "&'Matriz Riesgo'!A25&","," "),IF(AND('Matriz Riesgo'!H26=4,'Matriz Riesgo'!K26=4)," "&'Matriz Riesgo'!A26&","," "),IF(AND('Matriz Riesgo'!H27=4,'Matriz Riesgo'!K27=4)," "&'Matriz Riesgo'!A27," ")) -> 13, | I5: =CONCATENATE(IF(AND('Matriz Riesgo'!H7=4,'Matriz Riesgo'!K7=5)," "&'Matriz Riesgo'!A7&","," "),IF(AND('Matriz Riesgo'!H8=4,'Matriz Riesgo'!K8=5)," "&'Matriz Riesgo'!A8&","," "),IF(AND('Matriz Riesgo'!H9=4,'Matriz Riesgo'!K9=5)," "&'Matriz Riesgo'!A9&","," "),IF(AND('Matriz Riesgo'!H10=4,'Matriz Riesgo'!K10=5)," "&'Matriz Riesgo'!A10&","," "),IF(AND('Matriz Riesgo'!H11=4,'Matriz Riesgo'!K11=5)," "&'Matriz Riesgo'!A11&","," "),IF(AND('Matriz Riesgo'!H12=4,'Matriz Riesgo'!K12=5)," "&'Matriz Riesgo'!A12&","," "),IF(AND('Matriz Riesgo'!H13=4,'Matriz Riesgo'!K13=5)," "&'Matriz Riesgo'!A13&","," "),IF(AND('Matriz Riesgo'!H14=4,'Matriz Riesgo'!K14=5)," "&'Matriz Riesgo'!A14&","," "),IF(AND('Matriz Riesgo'!H15=4,'Matriz Riesgo'!K15=5)," "&'Matriz Riesgo'!A15&","," "),IF(AND('Matriz Riesgo'!H16=4,'Matriz Riesgo'!K16=5)," "&'Matriz Riesgo'!A16&","," "),IF(AND('Matriz Riesgo'!H17=4,'Matriz Riesgo'!K17=5)," "&'Matriz Riesgo'!A17&","," "),IF(AND('Matriz Riesgo'!H18=4,'Matriz Riesgo'!K18=5)," "&'Matriz Riesgo'!A18&","," "),IF(AND('Matriz Riesgo'!H19=4,'Matriz Riesgo'!K19=5)," "&'Matriz Riesgo'!A19&","," "),IF(AND('Matriz Riesgo'!H20=4,'Matriz Riesgo'!K20=5)," "&'Matriz Riesgo'!A20&","," "),IF(AND('Matriz Riesgo'!H21=4,'Matriz Riesgo'!K21=5)," "&'Matriz Riesgo'!A21&","," "),IF(AND('Matriz Riesgo'!H22=4,'Matriz Riesgo'!K22=5)," "&'Matriz Riesgo'!A22&","," "),IF(AND('Matriz Riesgo'!H23=4,'Matriz Riesgo'!K23=5)," "&'Matriz Riesgo'!A23&","," "),IF(AND('Matriz Riesgo'!H24=4,'Matriz Riesgo'!K24=5)," "&'Matriz Riesgo'!A24&","," "),IF(AND('Matriz Riesgo'!H25=4,'Matriz Riesgo'!K25=5)," "&'Matriz Riesgo'!A25&","," "),IF(AND('Matriz Riesgo'!H26=4,'Matriz Riesgo'!K26=5)," "&'Matriz Riesgo'!A26&","," "),IF(AND('Matriz Riesgo'!H27=4,'Matriz Riesgo'!K27=5)," "&'Matriz Riesgo'!A27," ")) | K5: 2-indentificar las politicas =conflicto de interes, control de fruaude, equidad y | L5: inventario de las politica
B6: 3 | D6: POSIBLE | E6: =CONCATENATE(IF(AND('Matriz Riesgo'!H6=3,'Matriz Riesgo'!K6=1)," "&'Matriz Riesgo'!A6&","," "),IF(AND('Matriz Riesgo'!H7=3,'Matriz Riesgo'!K7=1)," "&'Matriz Riesgo'!A7&","," "),IF(AND('Matriz Riesgo'!H8=3,'Matriz Riesgo'!K8=1)," "&'Matriz Riesgo'!A8&","," "),IF(AND('Matriz Riesgo'!H9=3,'Matriz Riesgo'!K9=1)," "&'Matriz Riesgo'!A9&","," "),IF(AND('Matriz Riesgo'!H10=3,'Matriz Riesgo'!K10=1)," "&'Matriz Riesgo'!A10&","," "),IF(AND('Matriz Riesgo'!H11=3,'Matriz Riesgo'!K11=1)," "&'Matriz Riesgo'!A11&","," "),IF(AND('Matriz Riesgo'!H12=3,'Matriz Riesgo'!K12=1)," "&'Matriz Riesgo'!A12&","," "),IF(AND('Matriz Riesgo'!H13=3,'Matriz Riesgo'!K13=1)," "&'Matriz Riesgo'!A13&","," "),IF(AND('Matriz Riesgo'!H14=3,'Matriz Riesgo'!K14=1)," "&'Matriz Riesgo'!A14&","," "),IF(AND('Matriz Riesgo'!H15=3,'Matriz Riesgo'!K15=1)," "&'Matriz Riesgo'!A15&","," "),IF(AND('Matriz Riesgo'!H16=3,'Matriz Riesgo'!K16=1)," "&'Matriz Riesgo'!A16&","," "),IF(AND('Matriz Riesgo'!H17=3,'Matriz Riesgo'!K17=1)," "&'Matriz Riesgo'!A17&","," "),IF(AND('Matriz Riesgo'!H18=3,'Matriz Riesgo'!K18=1)," "&'Matriz Riesgo'!A18&","," "),IF(AND('Matriz Riesgo'!H19=3,'Matriz Riesgo'!K19=1)," "&'Matriz Riesgo'!A19&","," "),IF(AND('Matriz Riesgo'!H20=3,'Matriz Riesgo'!K20=1)," "&'Matriz Riesgo'!A20&","," "),IF(AND('Matriz Riesgo'!H21=3,'Matriz Riesgo'!K21=1)," "&'Matriz Riesgo'!A21&","," "),IF(AND('Matriz Riesgo'!H22=3,'Matriz Riesgo'!K22=1)," "&'Matriz Riesgo'!A22&","," "),IF(AND('Matriz Riesgo'!H23=3,'Matriz Riesgo'!K23=1)," "&'Matriz Riesgo'!A23&","," "),IF(AND('Matriz Riesgo'!H24=3,'Matriz Riesgo'!K24=1)," "&'Matriz Riesgo'!A24&","," "),IF(AND('Matriz Riesgo'!H25=3,'Matriz Riesgo'!K25=1)," "&'Matriz Riesgo'!A25&","," "),IF(AND('Matriz Riesgo'!H26=3,'Matriz Riesgo'!K26=1)," "&'Matriz Riesgo'!A26," ")) -> 7, | F6: =CONCATENATE(IF(AND('Matriz Riesgo'!H7=3,'Matriz Riesgo'!K7=2)," "&'Matriz Riesgo'!A7&","," "),IF(AND('Matriz Riesgo'!H8=3,'Matriz Riesgo'!K8=2)," "&'Matriz Riesgo'!A8&","," "),IF(AND('Matriz Riesgo'!H9=3,'Matriz Riesgo'!K9=2)," "&'Matriz Riesgo'!A9&","," "),IF(AND('Matriz Riesgo'!H10=3,'Matriz Riesgo'!K10=2)," "&'Matriz Riesgo'!A10&","," "),IF(AND('Matriz Riesgo'!H11=3,'Matriz Riesgo'!K11=2)," "&'Matriz Riesgo'!A11&","," "),IF(AND('Matriz Riesgo'!H12=3,'Matriz Riesgo'!K12=2)," "&'Matriz Riesgo'!A12&","," "),IF(AND('Matriz Riesgo'!H13=3,'Matriz Riesgo'!K13=2)," "&'Matriz Riesgo'!A13&","," "),IF(AND('Matriz Riesgo'!H14=3,'Matriz Riesgo'!K14=2)," "&'Matriz Riesgo'!A14&","," "),IF(AND('Matriz Riesgo'!H15=3,'Matriz Riesgo'!K15=2)," "&'Matriz Riesgo'!A15&","," "),IF(AND('Matriz Riesgo'!H16=3,'Matriz Riesgo'!K16=2)," "&'Matriz Riesgo'!A16&","," "),IF(AND('Matriz Riesgo'!H17=3,'Matriz Riesgo'!K17=2)," "&'Matriz Riesgo'!A17&","," "),IF(AND('Matriz Riesgo'!H18=3,'Matriz Riesgo'!K18=2)," "&'Matriz Riesgo'!A18&","," "),IF(AND('Matriz Riesgo'!H19=3,'Matriz Riesgo'!K19=2)," "&'Matriz Riesgo'!A19&","," "),IF(AND('Matriz Riesgo'!H20=3,'Matriz Riesgo'!K20=2)," "&'Matriz Riesgo'!A20&","," "),IF(AND('Matriz Riesgo'!H21=3,'Matriz Riesgo'!K21=2)," "&'Matriz Riesgo'!A21&","," "),IF(AND('Matriz Riesgo'!H22=3,'Matriz Riesgo'!K22=2)," "&'Matriz Riesgo'!A22&","," "),IF(AND('Matriz Riesgo'!H23=3,'Matriz Riesgo'!K23=2)," "&'Matriz Riesgo'!A23&","," "),IF(AND('Matriz Riesgo'!H24=3,'Matriz Riesgo'!K24=2)," "&'Matriz Riesgo'!A24&","," "),IF(AND('Matriz Riesgo'!H25=3,'Matriz Riesgo'!K25=2)," "&'Matriz Riesgo'!A25&","," "),IF(AND('Matriz Riesgo'!H26=3,'Matriz Riesgo'!K26=2)," "&'Matriz Riesgo'!A26&","," "),IF(AND('Matriz Riesgo'!H27=3,'Matriz Riesgo'!K27=2)," "&'Matriz Riesgo'!A27," ")) -> 8, 10, | G6: =CONCATENATE(IF(AND('Matriz Riesgo'!H7=3,'Matriz Riesgo'!K7=3)," "&'Matriz Riesgo'!A7&","," "),IF(AND('Matriz Riesgo'!H8=3,'Matriz Riesgo'!K8=3)," "&'Matriz Riesgo'!A8&","," "),IF(AND('Matriz Riesgo'!H9=3,'Matriz Riesgo'!K9=3)," "&'Matriz Riesgo'!A9&","," "),IF(AND('Matriz Riesgo'!H10=3,'Matriz Riesgo'!K10=3)," "&'Matriz Riesgo'!A10&","," "),IF(AND('Matriz Riesgo'!H11=3,'Matriz Riesgo'!K11=3)," "&'Matriz Riesgo'!A11&","," "),IF(AND('Matriz Riesgo'!H12=3,'Matriz Riesgo'!K12=3)," "&'Matriz Riesgo'!A12&","," "),IF(AND('Matriz Riesgo'!H13=3,'Matriz Riesgo'!K13=3)," "&'Matriz Riesgo'!A13&","," "),IF(AND('Matriz Riesgo'!H14=3,'Matriz Riesgo'!K14=3)," "&'Matriz Riesgo'!A14&","," "),IF(AND('Matriz Riesgo'!H15=3,'Matriz Riesgo'!K15=3)," "&'Matriz Riesgo'!A15&","," "),IF(AND('Matriz Riesgo'!H16=3,'Matriz Riesgo'!K16=3)," "&'Matriz Riesgo'!A16&","," "),IF(AND('Matriz Riesgo'!H17=3,'Matriz Riesgo'!K17=3)," "&'Matriz Riesgo'!A17&","," "),IF(AND('Matriz Riesgo'!H18=3,'Matriz Riesgo'!K18=3)," "&'Matriz Riesgo'!A18&","," "),IF(AND('Matriz Riesgo'!H19=3,'Matriz Riesgo'!K19=3)," "&'Matriz Riesgo'!A19&","," "),IF(AND('Matriz Riesgo'!H20=3,'Matriz Riesgo'!K20=3)," "&'Matriz Riesgo'!A20&","," "),IF(AND('Matriz Riesgo'!H21=3,'Matriz Riesgo'!K21=3)," "&'Matriz Riesgo'!A21&","," "),IF(AND('Matriz Riesgo'!H22=3,'Matriz Riesgo'!K22=3)," "&'Matriz Riesgo'!A22&","," "),IF(AND('Matriz Riesgo'!H23=3,'Matriz Riesgo'!K23=3)," "&'Matriz Riesgo'!A23&","," "),IF(AND('Matriz Riesgo'!H24=3,'Matriz Riesgo'!K24=3)," "&'Matriz Riesgo'!A24&","," "),IF(AND('Matriz Riesgo'!H25=3,'Matriz Riesgo'!K25=3)," "&'Matriz Riesgo'!A25&","," "),IF(AND('Matriz Riesgo'!H26=3,'Matriz Riesgo'!K26=3)," "&'Matriz Riesgo'!A26&","," "),IF(AND('Matriz Riesgo'!H27=3,'Matriz Riesgo'!K27=3)," "&'Matriz Riesgo'!A27," ")) -> 2, 3, 5, 17, | H6: =CONCATENATE(IF(AND('Matriz Riesgo'!H7=3,'Matriz Riesgo'!K7=4)," "&'Matriz Riesgo'!A7&","," "),IF(AND('Matriz Riesgo'!H8=3,'Matriz Riesgo'!K8=4)," "&'Matriz Riesgo'!A8&","," "),IF(AND('Matriz Riesgo'!H9=3,'Matriz Riesgo'!K9=4)," "&'Matriz Riesgo'!A9&","," "),IF(AND('Matriz Riesgo'!H10=3,'Matriz Riesgo'!K10=4)," "&'Matriz Riesgo'!A10&","," "),IF(AND('Matriz Riesgo'!H11=3,'Matriz Riesgo'!K11=4)," "&'Matriz Riesgo'!A11&","," "),IF(AND('Matriz Riesgo'!H12=3,'Matriz Riesgo'!K12=4)," "&'Matriz Riesgo'!A12&","," "),IF(AND('Matriz Riesgo'!H13=3,'Matriz Riesgo'!K13=4)," "&'Matriz Riesgo'!A13&","," "),IF(AND('Matriz Riesgo'!H14=3,'Matriz Riesgo'!K14=4)," "&'Matriz Riesgo'!A14&","," "),IF(AND('Matriz Riesgo'!H15=3,'Matriz Riesgo'!K15=4)," "&'Matriz Riesgo'!A15&","," "),IF(AND('Matriz Riesgo'!H16=3,'Matriz Riesgo'!K16=4)," "&'Matriz Riesgo'!A16&","," "),IF(AND('Matriz Riesgo'!H17=3,'Matriz Riesgo'!K17=4)," "&'Matriz Riesgo'!A17&","," "),IF(AND('Matriz Riesgo'!H18=3,'Matriz Riesgo'!K18=4)," "&'Matriz Riesgo'!A18&","," "),IF(AND('Matriz Riesgo'!H19=3,'Matriz Riesgo'!K19=4)," "&'Matriz Riesgo'!A19&","," "),IF(AND('Matriz Riesgo'!H20=3,'Matriz Riesgo'!K20=4)," "&'Matriz Riesgo'!A20&","," "),IF(AND('Matriz Riesgo'!H21=3,'Matriz Riesgo'!K21=4)," "&'Matriz Riesgo'!A21&","," "),IF(AND('Matriz Riesgo'!H22=3,'Matriz Riesgo'!K22=4)," "&'Matriz Riesgo'!A22&","," "),IF(AND('Matriz Riesgo'!H23=3,'Matriz Riesgo'!K23=4)," "&'Matriz Riesgo'!A23&","," "),IF(AND('Matriz Riesgo'!H24=3,'Matriz Riesgo'!K24=4)," "&'Matriz Riesgo'!A24&","," "),IF(AND('Matriz Riesgo'!H25=3,'Matriz Riesgo'!K25=4)," "&'Matriz Riesgo'!A25&","," "),IF(AND('Matriz Riesgo'!H26=3,'Matriz Riesgo'!K26=4)," "&'Matriz Riesgo'!A26&","," "),IF(AND('Matriz Riesgo'!H27=3,'Matriz Riesgo'!K27=4)," "&'Matriz Riesgo'!A27," ")) -> 1, | I6: =CONCATENATE(IF(AND('Matriz Riesgo'!H7=3,'Matriz Riesgo'!K7=5)," "&'Matriz Riesgo'!A7&","," "),IF(AND('Matriz Riesgo'!H8=3,'Matriz Riesgo'!K8=5)," "&'Matriz Riesgo'!A8&","," "),IF(AND('Matriz Riesgo'!H9=3,'Matriz Riesgo'!K9=5)," "&'Matriz Riesgo'!A9&","," "),IF(AND('Matriz Riesgo'!H10=3,'Matriz Riesgo'!K10=5)," "&'Matriz Riesgo'!A10&","," "),IF(AND('Matriz Riesgo'!H11=3,'Matriz Riesgo'!K11=5)," "&'Matriz Riesgo'!A11&","," "),IF(AND('Matriz Riesgo'!H12=3,'Matriz Riesgo'!K12=5)," "&'Matriz Riesgo'!A12&","," "),IF(AND('Matriz Riesgo'!H13=3,'Matriz Riesgo'!K13=5)," "&'Matriz Riesgo'!A13&","," "),IF(AND('Matriz Riesgo'!H14=3,'Matriz Riesgo'!K14=5)," "&'Matriz Riesgo'!A14&","," "),IF(AND('Matriz Riesgo'!H15=3,'Matriz Riesgo'!K15=5)," "&'Matriz Riesgo'!A15&","," "),IF(AND('Matriz Riesgo'!H16=3,'Matriz Riesgo'!K16=5)," "&'Matriz Riesgo'!A16&","," "),IF(AND('Matriz Riesgo'!H17=3,'Matriz Riesgo'!K17=5)," "&'Matriz Riesgo'!A17&","," "),IF(AND('Matriz Riesgo'!H18=3,'Matriz Riesgo'!K18=5)," "&'Matriz Riesgo'!A18&","," "),IF(AND('Matriz Riesgo'!H19=3,'Matriz Riesgo'!K19=5)," "&'Matriz Riesgo'!A19&","," "),IF(AND('Matriz Riesgo'!H20=3,'Matriz Riesgo'!K20=5)," "&'Matriz Riesgo'!A20&","," "),IF(AND('Matriz Riesgo'!H21=3,'Matriz Riesgo'!K21=5)," "&'Matriz Riesgo'!A21&","," "),IF(AND('Matriz Riesgo'!H22=3,'Matriz Riesgo'!K22=5)," "&'Matriz Riesgo'!A22&","," "),IF(AND('Matriz Riesgo'!H23=3,'Matriz Riesgo'!K23=5)," "&'Matriz Riesgo'!A23&","," "),IF(AND('Matriz Riesgo'!H24=3,'Matriz Riesgo'!K24=5)," "&'Matriz Riesgo'!A24&","," "),IF(AND('Matriz Riesgo'!H25=3,'Matriz Riesgo'!K25=5)," "&'Matriz Riesgo'!A25&","," "),IF(AND('Matriz Riesgo'!H26=3,'Matriz Riesgo'!K26=5)," "&'Matriz Riesgo'!A26&","," "),IF(AND('Matriz Riesgo'!H27=3,'Matriz Riesgo'!K27=5)," "&'Matriz Riesgo'!A27," ")) | K6: 3-integral o unir con las politicas que tenga azteca comunicaciones o sugerir lo que tengan en el sistema de etica empresarial
B7: 2 | D7: POCO PROBABLE | E7: =CONCATENATE(IF(AND('Matriz Riesgo'!H7=2,'Matriz Riesgo'!K7=1)," "&'Matriz Riesgo'!A7&","," "),IF(AND('Matriz Riesgo'!H8=2,'Matriz Riesgo'!K8=1)," "&'Matriz Riesgo'!A8&","," "),IF(AND('Matriz Riesgo'!H9=2,'Matriz Riesgo'!K9=1)," "&'Matriz Riesgo'!A9&","," "),IF(AND('Matriz Riesgo'!H10=2,'Matriz Riesgo'!K10=1)," "&'Matriz Riesgo'!A10&","," "),IF(AND('Matriz Riesgo'!H11=2,'Matriz Riesgo'!K11=1)," "&'Matriz Riesgo'!A11&","," "),IF(AND('Matriz Riesgo'!H12=2,'Matriz Riesgo'!K12=1)," "&'Matriz Riesgo'!A12&","," "),IF(AND('Matriz Riesgo'!H13=2,'Matriz Riesgo'!K13=1)," "&'Matriz Riesgo'!A13&","," "),IF(AND('Matriz Riesgo'!H14=2,'Matriz Riesgo'!K14=1)," "&'Matriz Riesgo'!A14&","," "),IF(AND('Matriz Riesgo'!H15=2,'Matriz Riesgo'!K15=1)," "&'Matriz Riesgo'!A15&","," "),IF(AND('Matriz Riesgo'!H16=2,'Matriz Riesgo'!K16=1)," "&'Matriz Riesgo'!A16&","," "),IF(AND('Matriz Riesgo'!H17=2,'Matriz Riesgo'!K17=1)," "&'Matriz Riesgo'!A17&","," "),IF(AND('Matriz Riesgo'!H18=2,'Matriz Riesgo'!K18=1)," "&'Matriz Riesgo'!A18&","," "),IF(AND('Matriz Riesgo'!H19=2,'Matriz Riesgo'!K19=1)," "&'Matriz Riesgo'!A19&","," "),IF(AND('Matriz Riesgo'!H20=2,'Matriz Riesgo'!K20=1)," "&'Matriz Riesgo'!A20&","," "),IF(AND('Matriz Riesgo'!H21=2,'Matriz Riesgo'!K21=1)," "&'Matriz Riesgo'!A21&","," "),IF(AND('Matriz Riesgo'!H22=2,'Matriz Riesgo'!K22=1)," "&'Matriz Riesgo'!A22&","," "),IF(AND('Matriz Riesgo'!H23=2,'Matriz Riesgo'!K23=1)," "&'Matriz Riesgo'!A23&","," "),IF(AND('Matriz Riesgo'!H24=2,'Matriz Riesgo'!K24=1)," "&'Matriz Riesgo'!A24&","," "),IF(AND('Matriz Riesgo'!H25=2,'Matriz Riesgo'!K25=1)," "&'Matriz Riesgo'!A25&","," "),IF(AND('Matriz Riesgo'!H26=2,'Matriz Riesgo'!K26=1)," "&'Matriz Riesgo'!A26&","," "),IF(AND('Matriz Riesgo'!H27=2,'Matriz Riesgo'!K27=1)," "&'Matriz Riesgo'!A27," ")) | F7: =CONCATENATE(IF(AND('Matriz Riesgo'!H7=2,'Matriz Riesgo'!K7=2)," "&'Matriz Riesgo'!A7&","," "),IF(AND('Matriz Riesgo'!H8=2,'Matriz Riesgo'!K8=2)," "&'Matriz Riesgo'!A8&","," "),IF(AND('Matriz Riesgo'!H9=2,'Matriz Riesgo'!K9=2)," "&'Matriz Riesgo'!A9&","," "),IF(AND('Matriz Riesgo'!H10=2,'Matriz Riesgo'!K10=2)," "&'Matriz Riesgo'!A10&","," "),IF(AND('Matriz Riesgo'!H11=2,'Matriz Riesgo'!K11=2)," "&'Matriz Riesgo'!A11&","," "),IF(AND('Matriz Riesgo'!H12=2,'Matriz Riesgo'!K12=2)," "&'Matriz Riesgo'!A12&","," "),IF(AND('Matriz Riesgo'!H13=2,'Matriz Riesgo'!K13=2)," "&'Matriz Riesgo'!A13&","," "),IF(AND('Matriz Riesgo'!H14=2,'Matriz Riesgo'!K14=2)," "&'Matriz Riesgo'!A14&","," "),IF(AND('Matriz Riesgo'!H15=2,'Matriz Riesgo'!K15=2)," "&'Matriz Riesgo'!A15&","," "),IF(AND('Matriz Riesgo'!H16=2,'Matriz Riesgo'!K16=2)," "&'Matriz Riesgo'!A16&","," "),IF(AND('Matriz Riesgo'!H17=2,'Matriz Riesgo'!K17=2)," "&'Matriz Riesgo'!A17&","," "),IF(AND('Matriz Riesgo'!H18=2,'Matriz Riesgo'!K18=2)," "&'Matriz Riesgo'!A18&","," "),IF(AND('Matriz Riesgo'!H19=2,'Matriz Riesgo'!K19=2)," "&'Matriz Riesgo'!A19&","," "),IF(AND('Matriz Riesgo'!H20=2,'Matriz Riesgo'!K20=2)," "&'Matriz Riesgo'!A20&","," "),IF(AND('Matriz Riesgo'!H21=2,'Matriz Riesgo'!K21=2)," "&'Matriz Riesgo'!A21&","," "),IF(AND('Matriz Riesgo'!H22=2,'Matriz Riesgo'!K22=2)," "&'Matriz Riesgo'!A22&","," "),IF(AND('Matriz Riesgo'!H23=2,'Matriz Riesgo'!K23=2)," "&'Matriz Riesgo'!A23&","," "),IF(AND('Matriz Riesgo'!H24=2,'Matriz Riesgo'!K24=2)," "&'Matriz Riesgo'!A24&","," "),IF(AND('Matriz Riesgo'!H25=2,'Matriz Riesgo'!K25=2)," "&'Matriz Riesgo'!A25&","," "),IF(AND('Matriz Riesgo'!H26=2,'Matriz Riesgo'!K26=2)," "&'Matriz Riesgo'!A26&","," "),IF(AND('Matriz Riesgo'!H27=2,'Matriz Riesgo'!K27=2)," "&'Matriz Riesgo'!A27," ")) | G7: =CONCATENATE(IF(AND('Matriz Riesgo'!H7=2,'Matriz Riesgo'!K7=3)," "&'Matriz Riesgo'!A7&","," "),IF(AND('Matriz Riesgo'!H8=2,'Matriz Riesgo'!K8=3)," "&'Matriz Riesgo'!A8&","," "),IF(AND('Matriz Riesgo'!H9=2,'Matriz Riesgo'!K9=3)," "&'Matriz Riesgo'!A9&","," "),IF(AND('Matriz Riesgo'!H10=2,'Matriz Riesgo'!K10=3)," "&'Matriz Riesgo'!A10&","," "),IF(AND('Matriz Riesgo'!H11=2,'Matriz Riesgo'!K11=3)," "&'Matriz Riesgo'!A11&","," "),IF(AND('Matriz Riesgo'!H12=2,'Matriz Riesgo'!K12=3)," "&'Matriz Riesgo'!A12&","," "),IF(AND('Matriz Riesgo'!H13=2,'Matriz Riesgo'!K13=3)," "&'Matriz Riesgo'!A13&","," "),IF(AND('Matriz Riesgo'!H14=2,'Matriz Riesgo'!K14=3)," "&'Matriz Riesgo'!A14&","," "),IF(AND('Matriz Riesgo'!H15=2,'Matriz Riesgo'!K15=3)," "&'Matriz Riesgo'!A15&","," "),IF(AND('Matriz Riesgo'!H16=2,'Matriz Riesgo'!K16=3)," "&'Matriz Riesgo'!A16&","," "),IF(AND('Matriz Riesgo'!H17=2,'Matriz Riesgo'!K17=3)," "&'Matriz Riesgo'!A17&","," "),IF(AND('Matriz Riesgo'!H18=2,'Matriz Riesgo'!K18=3)," "&'Matriz Riesgo'!A18&","," "),IF(AND('Matriz Riesgo'!H19=2,'Matriz Riesgo'!K19=3)," "&'Matriz Riesgo'!A19&","," "),IF(AND('Matriz Riesgo'!H20=2,'Matriz Riesgo'!K20=3)," "&'Matriz Riesgo'!A20&","," "),IF(AND('Matriz Riesgo'!H21=2,'Matriz Riesgo'!K21=3)," "&'Matriz Riesgo'!A21&","," "),IF(AND('Matriz Riesgo'!H22=2,'Matriz Riesgo'!K22=3)," "&'Matriz Riesgo'!A22&","," "),IF(AND('Matriz Riesgo'!H23=2,'Matriz Riesgo'!K23=3)," "&'Matriz Riesgo'!A23&","," "),IF(AND('Matriz Riesgo'!H24=2,'Matriz Riesgo'!K24=3)," "&'Matriz Riesgo'!A24&","," "),IF(AND('Matriz Riesgo'!H25=2,'Matriz Riesgo'!K25=3)," "&'Matriz Riesgo'!A25&","," "),IF(AND('Matriz Riesgo'!H26=2,'Matriz Riesgo'!K26=3)," "&'Matriz Riesgo'!A26&","," "),IF(AND('Matriz Riesgo'!H27=2,'Matriz Riesgo'!K27=3)," "&'Matriz Riesgo'!A27," ")) -> 6, 11, | H7: =CONCATENATE(IF(AND('Matriz Riesgo'!H7=2,'Matriz Riesgo'!K7=4)," "&'Matriz Riesgo'!A7&","," "),IF(AND('Matriz Riesgo'!H8=2,'Matriz Riesgo'!K8=4)," "&'Matriz Riesgo'!A8&","," "),IF(AND('Matriz Riesgo'!H9=2,'Matriz Riesgo'!K9=4)," "&'Matriz Riesgo'!A9&","," "),IF(AND('Matriz Riesgo'!H10=2,'Matriz Riesgo'!K10=4)," "&'Matriz Riesgo'!A10&","," "),IF(AND('Matriz Riesgo'!H11=2,'Matriz Riesgo'!K11=4)," "&'Matriz Riesgo'!A11&","," "),IF(AND('Matriz Riesgo'!H12=2,'Matriz Riesgo'!K12=4)," "&'Matriz Riesgo'!A12&","," "),IF(AND('Matriz Riesgo'!H13=2,'Matriz Riesgo'!K13=4)," "&'Matriz Riesgo'!A13&","," "),IF(AND('Matriz Riesgo'!H14=2,'Matriz Riesgo'!K14=4)," "&'Matriz Riesgo'!A14&","," "),IF(AND('Matriz Riesgo'!H15=2,'Matriz Riesgo'!K15=4)," "&'Matriz Riesgo'!A15&","," "),IF(AND('Matriz Riesgo'!H16=2,'Matriz Riesgo'!K16=4)," "&'Matriz Riesgo'!A16&","," "),IF(AND('Matriz Riesgo'!H17=2,'Matriz Riesgo'!K17=4)," "&'Matriz Riesgo'!A17&","," "),IF(AND('Matriz Riesgo'!H18=2,'Matriz Riesgo'!K18=4)," "&'Matriz Riesgo'!A18&","," "),IF(AND('Matriz Riesgo'!H19=2,'Matriz Riesgo'!K19=4)," "&'Matriz Riesgo'!A19&","," "),IF(AND('Matriz Riesgo'!H20=2,'Matriz Riesgo'!K20=4)," "&'Matriz Riesgo'!A20&","," "),IF(AND('Matriz Riesgo'!H21=2,'Matriz Riesgo'!K21=4)," "&'Matriz Riesgo'!A21&","," "),IF(AND('Matriz Riesgo'!H22=2,'Matriz Riesgo'!K22=4)," "&'Matriz Riesgo'!A22&","," "),IF(AND('Matriz Riesgo'!H23=2,'Matriz Riesgo'!K23=4)," "&'Matriz Riesgo'!A23&","," "),IF(AND('Matriz Riesgo'!H24=2,'Matriz Riesgo'!K24=4)," "&'Matriz Riesgo'!A24&","," "),IF(AND('Matriz Riesgo'!H25=2,'Matriz Riesgo'!K25=4)," "&'Matriz Riesgo'!A25&","," "),IF(AND('Matriz Riesgo'!H26=2,'Matriz Riesgo'!K26=4)," "&'Matriz Riesgo'!A26&","," "),IF(AND('Matriz Riesgo'!H27=2,'Matriz Riesgo'!K27=4)," "&'Matriz Riesgo'!A27," ")) -> 15, | I7: =CONCATENATE(IF(AND('Matriz Riesgo'!H7=2,'Matriz Riesgo'!K7=5)," "&'Matriz Riesgo'!A7&","," "),IF(AND('Matriz Riesgo'!H8=2,'Matriz Riesgo'!K8=5)," "&'Matriz Riesgo'!A8&","," "),IF(AND('Matriz Riesgo'!H9=2,'Matriz Riesgo'!K9=5)," "&'Matriz Riesgo'!A9&","," "),IF(AND('Matriz Riesgo'!H10=2,'Matriz Riesgo'!K10=5)," "&'Matriz Riesgo'!A10&","," "),IF(AND('Matriz Riesgo'!H11=2,'Matriz Riesgo'!K11=5)," "&'Matriz Riesgo'!A11&","," "),IF(AND('Matriz Riesgo'!H12=2,'Matriz Riesgo'!K12=5)," "&'Matriz Riesgo'!A12&","," "),IF(AND('Matriz Riesgo'!H13=2,'Matriz Riesgo'!K13=5)," "&'Matriz Riesgo'!A13&","," "),IF(AND('Matriz Riesgo'!H14=2,'Matriz Riesgo'!K14=5)," "&'Matriz Riesgo'!A14&","," "),IF(AND('Matriz Riesgo'!H15=2,'Matriz Riesgo'!K15=5)," "&'Matriz Riesgo'!A15&","," "),IF(AND('Matriz Riesgo'!H16=2,'Matriz Riesgo'!K16=5)," "&'Matriz Riesgo'!A16&","," "),IF(AND('Matriz Riesgo'!H17=2,'Matriz Riesgo'!K17=5)," "&'Matriz Riesgo'!A17&","," "),IF(AND('Matriz Riesgo'!H18=2,'Matriz Riesgo'!K18=5)," "&'Matriz Riesgo'!A18&","," "),IF(AND('Matriz Riesgo'!H19=2,'Matriz Riesgo'!K19=5)," "&'Matriz Riesgo'!A19&","," "),IF(AND('Matriz Riesgo'!H20=2,'Matriz Riesgo'!K20=5)," "&'Matriz Riesgo'!A20&","," "),IF(AND('Matriz Riesgo'!H21=2,'Matriz Riesgo'!K21=5)," "&'Matriz Riesgo'!A21&","," "),IF(AND('Matriz Riesgo'!H22=2,'Matriz Riesgo'!K22=5)," "&'Matriz Riesgo'!A22&","," "),IF(AND('Matriz Riesgo'!H23=2,'Matriz Riesgo'!K23=5)," "&'Matriz Riesgo'!A23&","," "),IF(AND('Matriz Riesgo'!H24=2,'Matriz Riesgo'!K24=5)," "&'Matriz Riesgo'!A24&","," "),IF(AND('Matriz Riesgo'!H25=2,'Matriz Riesgo'!K25=5)," "&'Matriz Riesgo'!A25&","," "),IF(AND('Matriz Riesgo'!H26=2,'Matriz Riesgo'!K26=5)," "&'Matriz Riesgo'!A26&","," "),IF(AND('Matriz Riesgo'!H27=2,'Matriz Riesgo'!K27=5)," "&'Matriz Riesgo'!A27," ")) | K7: gestion financiera, talento humano,
B8: 1 | D8: RARO | E8: =CONCATENATE(IF(AND('Matriz Riesgo'!H7=1,'Matriz Riesgo'!K7=1)," "&'Matriz Riesgo'!A7&","," "),IF(AND('Matriz Riesgo'!H8=1,'Matriz Riesgo'!K8=1)," "&'Matriz Riesgo'!A8&","," "),IF(AND('Matriz Riesgo'!H9=1,'Matriz Riesgo'!K9=1)," "&'Matriz Riesgo'!A9&","," "),IF(AND('Matriz Riesgo'!H10=1,'Matriz Riesgo'!K10=1)," "&'Matriz Riesgo'!A10&","," "),IF(AND('Matriz Riesgo'!H11=1,'Matriz Riesgo'!K11=1)," "&'Matriz Riesgo'!A11&","," "),IF(AND('Matriz Riesgo'!H12=1,'Matriz Riesgo'!K12=1)," "&'Matriz Riesgo'!A12&","," "),IF(AND('Matriz Riesgo'!H13=1,'Matriz Riesgo'!K13=1)," "&'Matriz Riesgo'!A13&","," "),IF(AND('Matriz Riesgo'!H14=1,'Matriz Riesgo'!K14=1)," "&'Matriz Riesgo'!A14&","," "),IF(AND('Matriz Riesgo'!H15=1,'Matriz Riesgo'!K15=1)," "&'Matriz Riesgo'!A15&","," "),IF(AND('Matriz Riesgo'!H16=1,'Matriz Riesgo'!K16=1)," "&'Matriz Riesgo'!A16&","," "),IF(AND('Matriz Riesgo'!H17=1,'Matriz Riesgo'!K17=1)," "&'Matriz Riesgo'!A17&","," "),IF(AND('Matriz Riesgo'!H18=1,'Matriz Riesgo'!K18=1)," "&'Matriz Riesgo'!A18&","," "),IF(AND('Matriz Riesgo'!H19=1,'Matriz Riesgo'!K19=1)," "&'Matriz Riesgo'!A19&","," "),IF(AND('Matriz Riesgo'!H20=1,'Matriz Riesgo'!K20=1)," "&'Matriz Riesgo'!A20&","," "),IF(AND('Matriz Riesgo'!H21=1,'Matriz Riesgo'!K21=1)," "&'Matriz Riesgo'!A21&","," "),IF(AND('Matriz Riesgo'!H22=1,'Matriz Riesgo'!K22=1)," "&'Matriz Riesgo'!A22&","," "),IF(AND('Matriz Riesgo'!H23=1,'Matriz Riesgo'!K23=1)," "&'Matriz Riesgo'!A23&","," "),IF(AND('Matriz Riesgo'!H24=1,'Matriz Riesgo'!K24=1)," "&'Matriz Riesgo'!A24&","," "),IF(AND('Matriz Riesgo'!H25=1,'Matriz Riesgo'!K25=1)," "&'Matriz Riesgo'!A25&","," "),IF(AND('Matriz Riesgo'!H26=1,'Matriz Riesgo'!K26=1)," "&'Matriz Riesgo'!A26&","," "),IF(AND('Matriz Riesgo'!H27=1,'Matriz Riesgo'!K27=1)," "&'Matriz Riesgo'!A27," ")) | F8: =CONCATENATE(IF(AND('Matriz Riesgo'!H7=1,'Matriz Riesgo'!K7=2)," "&'Matriz Riesgo'!A7&","," "),IF(AND('Matriz Riesgo'!H8=1,'Matriz Riesgo'!K8=2)," "&'Matriz Riesgo'!A8&","," "),IF(AND('Matriz Riesgo'!H9=1,'Matriz Riesgo'!K9=2)," "&'Matriz Riesgo'!A9&","," "),IF(AND('Matriz Riesgo'!H10=1,'Matriz Riesgo'!K10=2)," "&'Matriz Riesgo'!A10&","," "),IF(AND('Matriz Riesgo'!H11=1,'Matriz Riesgo'!K11=2)," "&'Matriz Riesgo'!A11&","," "),IF(AND('Matriz Riesgo'!H12=1,'Matriz Riesgo'!K12=2)," "&'Matriz Riesgo'!A12&","," "),IF(AND('Matriz Riesgo'!H13=1,'Matriz Riesgo'!K13=2)," "&'Matriz Riesgo'!A13&","," "),IF(AND('Matriz Riesgo'!H14=1,'Matriz Riesgo'!K14=2)," "&'Matriz Riesgo'!A14&","," "),IF(AND('Matriz Riesgo'!H15=1,'Matriz Riesgo'!K15=2)," "&'Matriz Riesgo'!A15&","," "),IF(AND('Matriz Riesgo'!H16=1,'Matriz Riesgo'!K16=2)," "&'Matriz Riesgo'!A16&","," "),IF(AND('Matriz Riesgo'!H17=1,'Matriz Riesgo'!K17=2)," "&'Matriz Riesgo'!A17&","," "),IF(AND('Matriz Riesgo'!H18=1,'Matriz Riesgo'!K18=2)," "&'Matriz Riesgo'!A18&","," "),IF(AND('Matriz Riesgo'!H19=1,'Matriz Riesgo'!K19=2)," "&'Matriz Riesgo'!A19&","," "),IF(AND('Matriz Riesgo'!H20=1,'Matriz Riesgo'!K20=2)," "&'Matriz Riesgo'!A20&","," "),IF(AND('Matriz Riesgo'!H21=1,'Matriz Riesgo'!K21=2)," "&'Matriz Riesgo'!A21&","," "),IF(AND('Matriz Riesgo'!H22=1,'Matriz Riesgo'!K22=2)," "&'Matriz Riesgo'!A22&","," "),IF(AND('Matriz Riesgo'!H23=1,'Matriz Riesgo'!K23=2)," "&'Matriz Riesgo'!A23&","," "),IF(AND('Matriz Riesgo'!H24=1,'Matriz Riesgo'!K24=2)," "&'Matriz Riesgo'!A24&","," "),IF(AND('Matriz Riesgo'!H25=1,'Matriz Riesgo'!K25=2)," "&'Matriz Riesgo'!A25&","," "),IF(AND('Matriz Riesgo'!H26=1,'Matriz Riesgo'!K26=2)," "&'Matriz Riesgo'!A26&","," "),IF(AND('Matriz Riesgo'!H27=1,'Matriz Riesgo'!K27=2)," "&'Matriz Riesgo'!A27," ")) | G8: =CONCATENATE(IF(AND('Matriz Riesgo'!H7=1,'Matriz Riesgo'!K7=3)," "&'Matriz Riesgo'!A7&","," "),IF(AND('Matriz Riesgo'!H8=1,'Matriz Riesgo'!K8=3)," "&'Matriz Riesgo'!A8&","," "),IF(AND('Matriz Riesgo'!H9=1,'Matriz Riesgo'!K9=3)," "&'Matriz Riesgo'!A9&","," "),IF(AND('Matriz Riesgo'!H10=1,'Matriz Riesgo'!K10=3)," "&'Matriz Riesgo'!A10&","," "),IF(AND('Matriz Riesgo'!H11=1,'Matriz Riesgo'!K11=3)," "&'Matriz Riesgo'!A11&","," "),IF(AND('Matriz Riesgo'!H12=1,'Matriz Riesgo'!K12=3)," "&'Matriz Riesgo'!A12&","," "),IF(AND('Matriz Riesgo'!H13=1,'Matriz Riesgo'!K13=3)," "&'Matriz Riesgo'!A13&","," "),IF(AND('Matriz Riesgo'!H14=1,'Matriz Riesgo'!K14=3)," "&'Matriz Riesgo'!A14&","," "),IF(AND('Matriz Riesgo'!H15=1,'Matriz Riesgo'!K15=3)," "&'Matriz Riesgo'!A15&","," "),IF(AND('Matriz Riesgo'!H16=1,'Matriz Riesgo'!K16=3)," "&'Matriz Riesgo'!A16&","," "),IF(AND('Matriz Riesgo'!H17=1,'Matriz Riesgo'!K17=3)," "&'Matriz Riesgo'!A17&","," "),IF(AND('Matriz Riesgo'!H18=1,'Matriz Riesgo'!K18=3)," "&'Matriz Riesgo'!A18&","," "),IF(AND('Matriz Riesgo'!H19=1,'Matriz Riesgo'!K19=3)," "&'Matriz Riesgo'!A19&","," "),IF(AND('Matriz Riesgo'!H20=1,'Matriz Riesgo'!K20=3)," "&'Matriz Riesgo'!A20&","," "),IF(AND('Matriz Riesgo'!H21=1,'Matriz Riesgo'!K21=3)," "&'Matriz Riesgo'!A21&","," "),IF(AND('Matriz Riesgo'!H22=1,'Matriz Riesgo'!K22=3)," "&'Matriz Riesgo'!A22&","," "),IF(AND('Matriz Riesgo'!H23=1,'Matriz Riesgo'!K23=3)," "&'Matriz Riesgo'!A23&","," "),IF(AND('Matriz Riesgo'!H24=1,'Matriz Riesgo'!K24=3)," "&'Matriz Riesgo'!A24&","," "),IF(AND('Matriz Riesgo'!H25=1,'Matriz Riesgo'!K25=3)," "&'Matriz Riesgo'!A25&","," "),IF(AND('Matriz Riesgo'!H26=1,'Matriz Riesgo'!K26=3)," "&'Matriz Riesgo'!A26&","," "),IF(AND('Matriz Riesgo'!H27=1,'Matriz Riesgo'!K27=3)," "&'Matriz Riesgo'!A27," ")) -> 4, 9, 16, 18, 19, | H8: =CONCATENATE(IF(AND('Matriz Riesgo'!H7=1,'Matriz Riesgo'!K7=4)," "&'Matriz Riesgo'!A7&","," "),IF(AND('Matriz Riesgo'!H8=1,'Matriz Riesgo'!K8=4)," "&'Matriz Riesgo'!A8&","," "),IF(AND('Matriz Riesgo'!H9=1,'Matriz Riesgo'!K9=4)," "&'Matriz Riesgo'!A9&","," "),IF(AND('Matriz Riesgo'!H10=1,'Matriz Riesgo'!K10=4)," "&'Matriz Riesgo'!A10&","," "),IF(AND('Matriz Riesgo'!H11=1,'Matriz Riesgo'!K11=4)," "&'Matriz Riesgo'!A11&","," "),IF(AND('Matriz Riesgo'!H12=1,'Matriz Riesgo'!K12=4)," "&'Matriz Riesgo'!A12&","," "),IF(AND('Matriz Riesgo'!H13=1,'Matriz Riesgo'!K13=4)," "&'Matriz Riesgo'!A13&","," "),IF(AND('Matriz Riesgo'!H14=1,'Matriz Riesgo'!K14=4)," "&'Matriz Riesgo'!A14&","," "),IF(AND('Matriz Riesgo'!H15=1,'Matriz Riesgo'!K15=4)," "&'Matriz Riesgo'!A15&","," "),IF(AND('Matriz Riesgo'!H16=1,'Matriz Riesgo'!K16=4)," "&'Matriz Riesgo'!A16&","," "),IF(AND('Matriz Riesgo'!H17=1,'Matriz Riesgo'!K17=4)," "&'Matriz Riesgo'!A17&","," "),IF(AND('Matriz Riesgo'!H18=1,'Matriz Riesgo'!K18=4)," "&'Matriz Riesgo'!A18&","," "),IF(AND('Matriz Riesgo'!H19=1,'Matriz Riesgo'!K19=4)," "&'Matriz Riesgo'!A19&","," "),IF(AND('Matriz Riesgo'!H20=1,'Matriz Riesgo'!K20=4)," "&'Matriz Riesgo'!A20&","," "),IF(AND('Matriz Riesgo'!H21=1,'Matriz Riesgo'!K21=4)," "&'Matriz Riesgo'!A21&","," "),IF(AND('Matriz Riesgo'!H22=1,'Matriz Riesgo'!K22=4)," "&'Matriz Riesgo'!A22&","," "),IF(AND('Matriz Riesgo'!H23=1,'Matriz Riesgo'!K23=4)," "&'Matriz Riesgo'!A23&","," "),IF(AND('Matriz Riesgo'!H24=1,'Matriz Riesgo'!K24=4)," "&'Matriz Riesgo'!A24&","," "),IF(AND('Matriz Riesgo'!H25=1,'Matriz Riesgo'!K25=4)," "&'Matriz Riesgo'!A25&","," "),IF(AND('Matriz Riesgo'!H26=1,'Matriz Riesgo'!K26=4)," "&'Matriz Riesgo'!A26&","," "),IF(AND('Matriz Riesgo'!H27=1,'Matriz Riesgo'!K27=4)," "&'Matriz Riesgo'!A27," ")) -> 12, | I8: =CONCATENATE(IF(AND('Matriz Riesgo'!H7=1,'Matriz Riesgo'!K7=5)," "&'Matriz Riesgo'!A7&","," "),IF(AND('Matriz Riesgo'!H8=1,'Matriz Riesgo'!K8=5)," "&'Matriz Riesgo'!A8&","," "),IF(AND('Matriz Riesgo'!H9=1,'Matriz Riesgo'!K9=5)," "&'Matriz Riesgo'!A9&","," "),IF(AND('Matriz Riesgo'!H10=1,'Matriz Riesgo'!K10=5)," "&'Matriz Riesgo'!A10&","," "),IF(AND('Matriz Riesgo'!H11=1,'Matriz Riesgo'!K11=5)," "&'Matriz Riesgo'!A11&","," "),IF(AND('Matriz Riesgo'!H12=1,'Matriz Riesgo'!K12=5)," "&'Matriz Riesgo'!A12&","," "),IF(AND('Matriz Riesgo'!H13=1,'Matriz Riesgo'!K13=5)," "&'Matriz Riesgo'!A13&","," "),IF(AND('Matriz Riesgo'!H14=1,'Matriz Riesgo'!K14=5)," "&'Matriz Riesgo'!A14&","," "),IF(AND('Matriz Riesgo'!H15=1,'Matriz Riesgo'!K15=5)," "&'Matriz Riesgo'!A15&","," "),IF(AND('Matriz Riesgo'!H16=1,'Matriz Riesgo'!K16=5)," "&'Matriz Riesgo'!A16&","," "),IF(AND('Matriz Riesgo'!H17=1,'Matriz Riesgo'!K17=5)," "&'Matriz Riesgo'!A17&","," "),IF(AND('Matriz Riesgo'!H18=1,'Matriz Riesgo'!K18=5)," "&'Matriz Riesgo'!A18&","," "),IF(AND('Matriz Riesgo'!H19=1,'Matriz Riesgo'!K19=5)," "&'Matriz Riesgo'!A19&","," "),IF(AND('Matriz Riesgo'!H20=1,'Matriz Riesgo'!K20=5)," "&'Matriz Riesgo'!A20&","," "),IF(AND('Matriz Riesgo'!H21=1,'Matriz Riesgo'!K21=5)," "&'Matriz Riesgo'!A21&","," "),IF(AND('Matriz Riesgo'!H22=1,'Matriz Riesgo'!K22=5)," "&'Matriz Riesgo'!A22&","," "),IF(AND('Matriz Riesgo'!H23=1,'Matriz Riesgo'!K23=5)," "&'Matriz Riesgo'!A23&","," "),IF(AND('Matriz Riesgo'!H24=1,'Matriz Riesgo'!K24=5)," "&'Matriz Riesgo'!A24&","," "),IF(AND('Matriz Riesgo'!H25=1,'Matriz Riesgo'!K25=5)," "&'Matriz Riesgo'!A25&","," "),IF(AND('Matriz Riesgo'!H26=1,'Matriz Riesgo'!K26=5)," "&'Matriz Riesgo'!A26&","," "),IF(AND('Matriz Riesgo'!H27=1,'Matriz Riesgo'!K27=5)," "&'Matriz Riesgo'!A27," ")) | K8: 4-crear una politica de etica para cada macro proceso
E9: MUY BAJO | F9: BAJO | G9: MEDIO | H9: ALTO | I9: MUY ALTO
E10: IMPACTO | U10: 4 | V10: 4 | W10: 16
E11: 1 | F11: 2 | G11: 3 | H11: 4 | I11: 5 | U11: 3 | V11: 4 | W11: 12
U12: 2 | V12: 4 | W12: 8
D13: MATRIZ DE RIESGO RESIDUAL | U13: 1 | V13: 4 | W13: 4
U14: 5 | V14: 3 | W14: 15
B15: 5 | C15: PROBABILIDAD | D15: CASI SEGURO | E15: =CONCATENATE(IF(AND('Matriz Riesgo'!Z7=5,'Matriz Riesgo'!AF7=1)," "&'Matriz Riesgo'!A7&","," "),IF(AND('Matriz Riesgo'!Z8=5,'Matriz Riesgo'!AF8=1)," "&'Matriz Riesgo'!A8&","," "),IF(AND('Matriz Riesgo'!Z9=5,'Matriz Riesgo'!AF9=1)," "&'Matriz Riesgo'!A9&","," "),IF(AND('Matriz Riesgo'!Z10=5,'Matriz Riesgo'!AF10=1)," "&'Matriz Riesgo'!A10&","," "),IF(AND('Matriz Riesgo'!Z11=5,'Matriz Riesgo'!AF11=1)," "&'Matriz Riesgo'!A11&","," "),IF(AND('Matriz Riesgo'!Z12=5,'Matriz Riesgo'!AF12=1)," "&'Matriz Riesgo'!A12&","," "),IF(AND('Matriz Riesgo'!Z13=5,'Matriz Riesgo'!AF13=1)," "&'Matriz Riesgo'!A13&","," "),IF(AND('Matriz Riesgo'!Z14=5,'Matriz Riesgo'!AF14=1)," "&'Matriz Riesgo'!A14&","," "),IF(AND('Matriz Riesgo'!Z15=5,'Matriz Riesgo'!AF15=1)," "&'Matriz Riesgo'!A15&","," "),IF(AND('Matriz Riesgo'!Z16=5,'Matriz Riesgo'!AF16=1)," "&'Matriz Riesgo'!A16&","," "),IF(AND('Matriz Riesgo'!Z17=5,'Matriz Riesgo'!AF17=1)," "&'Matriz Riesgo'!A17&","," "),IF(AND('Matriz Riesgo'!Z18=5,'Matriz Riesgo'!AF18=1)," "&'Matriz Riesgo'!A18&","," "),IF(AND('Matriz Riesgo'!Z19=5,'Matriz Riesgo'!AF19=1)," "&'Matriz Riesgo'!A19&","," "),IF(AND('Matriz Riesgo'!Z20=5,'Matriz Riesgo'!AF20=1)," "&'Matriz Riesgo'!A20&","," "),IF(AND('Matriz Riesgo'!Z21=5,'Matriz Riesgo'!AF21=1)," "&'Matriz Riesgo'!A21&","," "),IF(AND('Matriz Riesgo'!Z22=5,'Matriz Riesgo'!AF22=1)," "&'Matriz Riesgo'!A22&","," "),IF(AND('Matriz Riesgo'!Z23=5,'Matriz Riesgo'!AF23=1)," "&'Matriz Riesgo'!A23&","," "),IF(AND('Matriz Riesgo'!Z24=5,'Matriz Riesgo'!AF24=1)," "&'Matriz Riesgo'!A24&","," "),IF(AND('Matriz Riesgo'!Z25=5,'Matriz Riesgo'!AF25=1)," "&'Matriz Riesgo'!A25&","," "),IF(AND('Matriz Riesgo'!Z26=5,'Matriz Riesgo'!AF26=1)," "&'Matriz Riesgo'!A26&","," "),IF(AND('Matriz Riesgo'!Z27=5,'Matriz Riesgo'!AF27=1)," "&'Matriz Riesgo'!A27," ")) | F15: =CONCATENATE(IF(AND('Matriz Riesgo'!Z7=5,'Matriz Riesgo'!AF7=2)," "&'Matriz Riesgo'!A7&","," "),IF(AND('Matriz Riesgo'!Z8=5,'Matriz Riesgo'!AF8=2)," "&'Matriz Riesgo'!A8&","," "),IF(AND('Matriz Riesgo'!Z9=5,'Matriz Riesgo'!AF9=2)," "&'Matriz Riesgo'!A9&","," "),IF(AND('Matriz Riesgo'!Z10=5,'Matriz Riesgo'!AF10=2)," "&'Matriz Riesgo'!A10&","," "),IF(AND('Matriz Riesgo'!Z11=5,'Matriz Riesgo'!AF11=2)," "&'Matriz Riesgo'!A11&","," "),IF(AND('Matriz Riesgo'!Z12=5,'Matriz Riesgo'!AF12=2)," "&'Matriz Riesgo'!A12&","," "),IF(AND('Matriz Riesgo'!Z13=5,'Matriz Riesgo'!AF13=2)," "&'Matriz Riesgo'!A13&","," "),IF(AND('Matriz Riesgo'!Z14=5,'Matriz Riesgo'!AF14=2)," "&'Matriz Riesgo'!A14&","," "),IF(AND('Matriz Riesgo'!Z15=5,'Matriz Riesgo'!AF15=2)," "&'Matriz Riesgo'!A15&","," "),IF(AND('Matriz Riesgo'!Z16=5,'Matriz Riesgo'!AF16=2)," "&'Matriz Riesgo'!A16&","," "),IF(AND('Matriz Riesgo'!Z17=5,'Matriz Riesgo'!AF17=2)," "&'Matriz Riesgo'!A17&","," "),IF(AND('Matriz Riesgo'!Z18=5,'Matriz Riesgo'!AF18=2)," "&'Matriz Riesgo'!A18&","," "),IF(AND('Matriz Riesgo'!Z19=5,'Matriz Riesgo'!AF19=2)," "&'Matriz Riesgo'!A19&","," "),IF(AND('Matriz Riesgo'!Z20=5,'Matriz Riesgo'!AF20=2)," "&'Matriz Riesgo'!A20&","," "),IF(AND('Matriz Riesgo'!Z21=5,'Matriz Riesgo'!AF21=2)," "&'Matriz Riesgo'!A21&","," "),IF(AND('Matriz Riesgo'!Z22=5,'Matriz Riesgo'!AF22=2)," "&'Matriz Riesgo'!A22&","," "),IF(AND('Matriz Riesgo'!Z23=5,'Matriz Riesgo'!AF23=2)," "&'Matriz Riesgo'!A23&","," "),IF(AND('Matriz Riesgo'!Z24=5,'Matriz Riesgo'!AF24=2)," "&'Matriz Riesgo'!A24&","," "),IF(AND('Matriz Riesgo'!Z25=5,'Matriz Riesgo'!AF25=2)," "&'Matriz Riesgo'!A25&","," "),IF(AND('Matriz Riesgo'!Z26=5,'Matriz Riesgo'!AF26=2)," "&'Matriz Riesgo'!A26&","," "),IF(AND('Matriz Riesgo'!Z27=5,'Matriz Riesgo'!AF27=2)," "&'Matriz Riesgo'!A27," ")) | G15: =CONCATENATE(IF(AND('Matriz Riesgo'!Z7=5,'Matriz Riesgo'!AF7=3)," "&'Matriz Riesgo'!A7&","," "),IF(AND('Matriz Riesgo'!Z8=5,'Matriz Riesgo'!AF8=3)," "&'Matriz Riesgo'!A8&","," "),IF(AND('Matriz Riesgo'!Z9=5,'Matriz Riesgo'!AF9=3)," "&'Matriz Riesgo'!A9&","," "),IF(AND('Matriz Riesgo'!Z10=5,'Matriz Riesgo'!AF10=3)," "&'Matriz Riesgo'!A10&","," "),IF(AND('Matriz Riesgo'!Z11=5,'Matriz Riesgo'!AF11=3)," "&'Matriz Riesgo'!A11&","," "),IF(AND('Matriz Riesgo'!Z12=5,'Matriz Riesgo'!AF12=3)," "&'Matriz Riesgo'!A12&","," "),IF(AND('Matriz Riesgo'!Z13=5,'Matriz Riesgo'!AF13=3)," "&'Matriz Riesgo'!A13&","," "),IF(AND('Matriz Riesgo'!Z14=5,'Matriz Riesgo'!AF14=3)," "&'Matriz Riesgo'!A14&","," "),IF(AND('Matriz Riesgo'!Z15=5,'Matriz Riesgo'!AF15=3)," "&'Matriz Riesgo'!A15&","," "),IF(AND('Matriz Riesgo'!Z16=5,'Matriz Riesgo'!AF16=3)," "&'Matriz Riesgo'!A16&","," "),IF(AND('Matriz Riesgo'!Z17=5,'Matriz Riesgo'!AF17=3)," "&'Matriz Riesgo'!A17&","," "),IF(AND('Matriz Riesgo'!Z18=5,'Matriz Riesgo'!AF18=3)," "&'Matriz Riesgo'!A18&","," "),IF(AND('Matriz Riesgo'!Z19=5,'Matriz Riesgo'!AF19=3)," "&'Matriz Riesgo'!A19&","," "),IF(AND('Matriz Riesgo'!Z20=5,'Matriz Riesgo'!AF20=3)," "&'Matriz Riesgo'!A20&","," "),IF(AND('Matriz Riesgo'!Z21=5,'Matriz Riesgo'!AF21=3)," "&'Matriz Riesgo'!A21&","," "),IF(AND('Matriz Riesgo'!Z22=5,'Matriz Riesgo'!AF22=3)," "&'Matriz Riesgo'!A22&","," "),IF(AND('Matriz Riesgo'!Z23=5,'Matriz Riesgo'!AF23=3)," "&'Matriz Riesgo'!A23&","," "),IF(AND('Matriz Riesgo'!Z24=5,'Matriz Riesgo'!AF24=3)," "&'Matriz Riesgo'!A24&","," "),IF(AND('Matriz Riesgo'!Z25=5,'Matriz Riesgo'!AF25=3)," "&'Matriz Riesgo'!A25&","," "),IF(AND('Matriz Riesgo'!Z26=5,'Matriz Riesgo'!AF26=3)," "&'Matriz Riesgo'!A26&","," "),IF(AND('Matriz Riesgo'!Z27=5,'Matriz Riesgo'!AF27=3)," "&'Matriz Riesgo'!A27," ")) | H15: =CONCATENATE(IF(AND('Matriz Riesgo'!Z7=5,'Matriz Riesgo'!AF7=4)," "&'Matriz Riesgo'!A7&","," "),IF(AND('Matriz Riesgo'!Z8=5,'Matriz Riesgo'!AF8=4)," "&'Matriz Riesgo'!A8&","," "),IF(AND('Matriz Riesgo'!Z9=5,'Matriz Riesgo'!AF9=4)," "&'Matriz Riesgo'!A9&","," "),IF(AND('Matriz Riesgo'!Z10=5,'Matriz Riesgo'!AF10=4)," "&'Matriz Riesgo'!A10&","," "),IF(AND('Matriz Riesgo'!Z11=5,'Matriz Riesgo'!AF11=4)," "&'Matriz Riesgo'!A11&","," "),IF(AND('Matriz Riesgo'!Z12=5,'Matriz Riesgo'!AF12=4)," "&'Matriz Riesgo'!A12&","," "),IF(AND('Matriz Riesgo'!Z13=5,'Matriz Riesgo'!AF13=4)," "&'Matriz Riesgo'!A13&","," "),IF(AND('Matriz Riesgo'!Z14=5,'Matriz Riesgo'!AF14=4)," "&'Matriz Riesgo'!A14&","," "),IF(AND('Matriz Riesgo'!Z15=5,'Matriz Riesgo'!AF15=4)," "&'Matriz Riesgo'!A15&","," "),IF(AND('Matriz Riesgo'!Z16=5,'Matriz Riesgo'!AF16=4)," "&'Matriz Riesgo'!A16&","," "),IF(AND('Matriz Riesgo'!Z17=5,'Matriz Riesgo'!AF17=4)," "&'Matriz Riesgo'!A17&","," "),IF(AND('Matriz Riesgo'!Z18=5,'Matriz Riesgo'!AF18=4)," "&'Matriz Riesgo'!A18&","," "),IF(AND('Matriz Riesgo'!Z19=5,'Matriz Riesgo'!AF19=4)," "&'Matriz Riesgo'!A19&","," "),IF(AND('Matriz Riesgo'!Z20=5,'Matriz Riesgo'!AF20=4)," "&'Matriz Riesgo'!A20&","," "),IF(AND('Matriz Riesgo'!Z21=5,'Matriz Riesgo'!AF21=4)," "&'Matriz Riesgo'!A21&","," "),IF(AND('Matriz Riesgo'!Z22=5,'Matriz Riesgo'!AF22=4)," "&'Matriz Riesgo'!A22&","," "),IF(AND('Matriz Riesgo'!Z23=5,'Matriz Riesgo'!AF23=4)," "&'Matriz Riesgo'!A23&","," "),IF(AND('Matriz Riesgo'!Z24=5,'Matriz Riesgo'!AF24=4)," "&'Matriz Riesgo'!A24&","," "),IF(AND('Matriz Riesgo'!Z25=5,'Matriz Riesgo'!AF25=4)," "&'Matriz Riesgo'!A25&","," "),IF(AND('Matriz Riesgo'!Z26=5,'Matriz Riesgo'!AF26=4)," "&'Matriz Riesgo'!A26&","," "),IF(AND('Matriz Riesgo'!Z27=5,'Matriz Riesgo'!AF27=4)," "&'Matriz Riesgo'!A27," ")) | I15: =CONCATENATE(IF(AND('Matriz Riesgo'!Z7=5,'Matriz Riesgo'!AF7=5)," "&'Matriz Riesgo'!A7&","," "),IF(AND('Matriz Riesgo'!Z8=5,'Matriz Riesgo'!AF8=5)," "&'Matriz Riesgo'!A8&","," "),IF(AND('Matriz Riesgo'!Z9=5,'Matriz Riesgo'!AF9=5)," "&'Matriz Riesgo'!A9&","," "),IF(AND('Matriz Riesgo'!Z10=5,'Matriz Riesgo'!AF10=5)," "&'Matriz Riesgo'!A10&","," "),IF(AND('Matriz Riesgo'!Z11=5,'Matriz Riesgo'!AF11=5)," "&'Matriz Riesgo'!A11&","," "),IF(AND('Matriz Riesgo'!Z12=5,'Matriz Riesgo'!AF12=5)," "&'Matriz Riesgo'!A12&","," "),IF(AND('Matriz Riesgo'!Z13=5,'Matriz Riesgo'!AF13=5)," "&'Matriz Riesgo'!A13&","," "),IF(AND('Matriz Riesgo'!Z14=5,'Matriz Riesgo'!AF14=5)," "&'Matriz Riesgo'!A14&","," "),IF(AND('Matriz Riesgo'!Z15=5,'Matriz Riesgo'!AF15=5)," "&'Matriz Riesgo'!A15&","," "),IF(AND('Matriz Riesgo'!Z16=5,'Matriz Riesgo'!AF16=5)," "&'Matriz Riesgo'!A16&","," "),IF(AND('Matriz Riesgo'!Z17=5,'Matriz Riesgo'!AF17=5)," "&'Matriz Riesgo'!A17&","," "),IF(AND('Matriz Riesgo'!Z18=5,'Matriz Riesgo'!AF18=5)," "&'Matriz Riesgo'!A18&","," "),IF(AND('Matriz Riesgo'!Z19=5,'Matriz Riesgo'!AF19=5)," "&'Matriz Riesgo'!A19&","," "),IF(AND('Matriz Riesgo'!Z20=5,'Matriz Riesgo'!AF20=5)," "&'Matriz Riesgo'!A20&","," "),IF(AND('Matriz Riesgo'!Z21=5,'Matriz Riesgo'!AF21=5)," "&'Matriz Riesgo'!A21&","," "),IF(AND('Matriz Riesgo'!Z22=5,'Matriz Riesgo'!AF22=5)," "&'Matriz Riesgo'!A22&","," "),IF(AND('Matriz Riesgo'!Z23=5,'Matriz Riesgo'!AF23=5)," "&'Matriz Riesgo'!A23&","," "),IF(AND('Matriz Riesgo'!Z24=5,'Matriz Riesgo'!AF24=5)," "&'Matriz Riesgo'!A24&","," "),IF(AND('Matriz Riesgo'!Z25=5,'Matriz Riesgo'!AF25=5)," "&'Matriz Riesgo'!A25&","," "),IF(AND('Matriz Riesgo'!Z26=5,'Matriz Riesgo'!AF26=5)," "&'Matriz Riesgo'!A26&","," "),IF(AND('Matriz Riesgo'!Z27=5,'Matriz Riesgo'!AF27=5)," "&'Matriz Riesgo'!A27," ")) | U15: 4 | V15: 3 | W15: 12
B16: 4 | D16: MUY PROBABLE | E16: =CONCATENATE(IF(AND('Matriz Riesgo'!Z7=4,'Matriz Riesgo'!AF7=1)," "&'Matriz Riesgo'!A7&","," "),IF(AND('Matriz Riesgo'!Z8=4,'Matriz Riesgo'!AF8=1)," "&'Matriz Riesgo'!A8&","," "),IF(AND('Matriz Riesgo'!Z9=4,'Matriz Riesgo'!AF9=1)," "&'Matriz Riesgo'!A9&","," "),IF(AND('Matriz Riesgo'!Z10=4,'Matriz Riesgo'!AF10=1)," "&'Matriz Riesgo'!A10&","," "),IF(AND('Matriz Riesgo'!Z11=4,'Matriz Riesgo'!AF11=1)," "&'Matriz Riesgo'!A11&","," "),IF(AND('Matriz Riesgo'!Z12=4,'Matriz Riesgo'!AF12=1)," "&'Matriz Riesgo'!A12&","," "),IF(AND('Matriz Riesgo'!Z13=4,'Matriz Riesgo'!AF13=1)," "&'Matriz Riesgo'!A13&","," "),IF(AND('Matriz Riesgo'!Z14=4,'Matriz Riesgo'!AF14=1)," "&'Matriz Riesgo'!A14&","," "),IF(AND('Matriz Riesgo'!Z15=4,'Matriz Riesgo'!AF15=1)," "&'Matriz Riesgo'!A15&","," "),IF(AND('Matriz Riesgo'!Z16=4,'Matriz Riesgo'!AF16=1)," "&'Matriz Riesgo'!A16&","," "),IF(AND('Matriz Riesgo'!Z17=4,'Matriz Riesgo'!AF17=1)," "&'Matriz Riesgo'!A17&","," "),IF(AND('Matriz Riesgo'!Z18=4,'Matriz Riesgo'!AF18=1)," "&'Matriz Riesgo'!A18&","," "),IF(AND('Matriz Riesgo'!Z19=4,'Matriz Riesgo'!AF19=1)," "&'Matriz Riesgo'!A19&","," "),IF(AND('Matriz Riesgo'!Z20=4,'Matriz Riesgo'!AF20=1)," "&'Matriz Riesgo'!A20&","," "),IF(AND('Matriz Riesgo'!Z21=4,'Matriz Riesgo'!AF21=1)," "&'Matriz Riesgo'!A21&","," "),IF(AND('Matriz Riesgo'!Z22=4,'Matriz Riesgo'!AF22=1)," "&'Matriz Riesgo'!A22&","," "),IF(AND('Matriz Riesgo'!Z23=4,'Matriz Riesgo'!AF23=1)," "&'Matriz Riesgo'!A23&","," "),IF(AND('Matriz Riesgo'!Z24=4,'Matriz Riesgo'!AF24=1)," "&'Matriz Riesgo'!A24&","," "),IF(AND('Matriz Riesgo'!Z25=4,'Matriz Riesgo'!AF25=1)," "&'Matriz Riesgo'!A25&","," "),IF(AND('Matriz Riesgo'!Z26=4,'Matriz Riesgo'!AF26=1)," "&'Matriz Riesgo'!A26&","," "),IF(AND('Matriz Riesgo'!Z27=4,'Matriz Riesgo'!AF27=1)," "&'Matriz Riesgo'!A27," ")) | F16: =CONCATENATE(IF(AND('Matriz Riesgo'!Z7=4,'Matriz Riesgo'!AF7=2)," "&'Matriz Riesgo'!A7&","," "),IF(AND('Matriz Riesgo'!Z8=4,'Matriz Riesgo'!AF8=2)," "&'Matriz Riesgo'!A8&","," "),IF(AND('Matriz Riesgo'!Z9=4,'Matriz Riesgo'!AF9=2)," "&'Matriz Riesgo'!A9&","," "),IF(AND('Matriz Riesgo'!Z10=4,'Matriz Riesgo'!AF10=2)," "&'Matriz Riesgo'!A10&","," "),IF(AND('Matriz Riesgo'!Z11=4,'Matriz Riesgo'!AF11=2)," "&'Matriz Riesgo'!A11&","," "),IF(AND('Matriz Riesgo'!Z12=4,'Matriz Riesgo'!AF12=2)," "&'Matriz Riesgo'!A12&","," "),IF(AND('Matriz Riesgo'!Z13=4,'Matriz Riesgo'!AF13=2)," "&'Matriz Riesgo'!A13&","," "),IF(AND('Matriz Riesgo'!Z14=4,'Matriz Riesgo'!AF14=2)," "&'Matriz Riesgo'!A14&","," "),IF(AND('Matriz Riesgo'!Z15=4,'Matriz Riesgo'!AF15=2)," "&'Matriz Riesgo'!A15&","," "),IF(AND('Matriz Riesgo'!Z16=4,'Matriz Riesgo'!AF16=2)," "&'Matriz Riesgo'!A16&","," "),IF(AND('Matriz Riesgo'!Z17=4,'Matriz Riesgo'!AF17=2)," "&'Matriz Riesgo'!A17&","," "),IF(AND('Matriz Riesgo'!Z18=4,'Matriz Riesgo'!AF18=2)," "&'Matriz Riesgo'!A18&","," "),IF(AND('Matriz Riesgo'!Z19=4,'Matriz Riesgo'!AF19=2)," "&'Matriz Riesgo'!A19&","," "),IF(AND('Matriz Riesgo'!Z20=4,'Matriz Riesgo'!AF20=2)," "&'Matriz Riesgo'!A20&","," "),IF(AND('Matriz Riesgo'!Z21=4,'Matriz Riesgo'!AF21=2)," "&'Matriz Riesgo'!A21&","," "),IF(AND('Matriz Riesgo'!Z22=4,'Matriz Riesgo'!AF22=2)," "&'Matriz Riesgo'!A22&","," "),IF(AND('Matriz Riesgo'!Z23=4,'Matriz Riesgo'!AF23=2)," "&'Matriz Riesgo'!A23&","," "),IF(AND('Matriz Riesgo'!Z24=4,'Matriz Riesgo'!AF24=2)," "&'Matriz Riesgo'!A24&","," "),IF(AND('Matriz Riesgo'!Z25=4,'Matriz Riesgo'!AF25=2)," "&'Matriz Riesgo'!A25&","," "),IF(AND('Matriz Riesgo'!Z26=4,'Matriz Riesgo'!AF26=2)," "&'Matriz Riesgo'!A26&","," "),IF(AND('Matriz Riesgo'!Z27=4,'Matriz Riesgo'!AF27=2)," "&'Matriz Riesgo'!A27," ")) | G16: =CONCATENATE(IF(AND('Matriz Riesgo'!Z7=4,'Matriz Riesgo'!AF7=3)," "&'Matriz Riesgo'!A7&","," "),IF(AND('Matriz Riesgo'!Z8=4,'Matriz Riesgo'!AF8=3)," "&'Matriz Riesgo'!A8&","," "),IF(AND('Matriz Riesgo'!Z9=4,'Matriz Riesgo'!AF9=3)," "&'Matriz Riesgo'!A9&","," "),IF(AND('Matriz Riesgo'!Z10=4,'Matriz Riesgo'!AF10=3)," "&'Matriz Riesgo'!A10&","," "),IF(AND('Matriz Riesgo'!Z11=4,'Matriz Riesgo'!AF11=3)," "&'Matriz Riesgo'!A11&","," "),IF(AND('Matriz Riesgo'!Z12=4,'Matriz Riesgo'!AF12=3)," "&'Matriz Riesgo'!A12&","," "),IF(AND('Matriz Riesgo'!Z13=4,'Matriz Riesgo'!AF13=3)," "&'Matriz Riesgo'!A13&","," "),IF(AND('Matriz Riesgo'!Z14=4,'Matriz Riesgo'!AF14=3)," "&'Matriz Riesgo'!A14&","," "),IF(AND('Matriz Riesgo'!Z15=4,'Matriz Riesgo'!AF15=3)," "&'Matriz Riesgo'!A15&","," "),IF(AND('Matriz Riesgo'!Z16=4,'Matriz Riesgo'!AF16=3)," "&'Matriz Riesgo'!A16&","," "),IF(AND('Matriz Riesgo'!Z17=4,'Matriz Riesgo'!AF17=3)," "&'Matriz Riesgo'!A17&","," "),IF(AND('Matriz Riesgo'!Z18=4,'Matriz Riesgo'!AF18=3)," "&'Matriz Riesgo'!A18&","," "),IF(AND('Matriz Riesgo'!Z19=4,'Matriz Riesgo'!AF19=3)," "&'Matriz Riesgo'!A19&","," "),IF(AND('Matriz Riesgo'!Z20=4,'Matriz Riesgo'!AF20=3)," "&'Matriz Riesgo'!A20&","," "),IF(AND('Matriz Riesgo'!Z21=4,'Matriz Riesgo'!AF21=3)," "&'Matriz Riesgo'!A21&","," "),IF(AND('Matriz Riesgo'!Z22=4,'Matriz Riesgo'!AF22=3)," "&'Matriz Riesgo'!A22&","," "),IF(AND('Matriz Riesgo'!Z23=4,'Matriz Riesgo'!AF23=3)," "&'Matriz Riesgo'!A23&","," "),IF(AND('Matriz Riesgo'!Z24=4,'Matriz Riesgo'!AF24=3)," "&'Matriz Riesgo'!A24&","," "),IF(AND('Matriz Riesgo'!Z25=4,'Matriz Riesgo'!AF25=3)," "&'Matriz Riesgo'!A25&","," "),IF(AND('Matriz Riesgo'!Z26=4,'Matriz Riesgo'!AF26=3)," "&'Matriz Riesgo'!A26&","," "),IF(AND('Matriz Riesgo'!Z27=4,'Matriz Riesgo'!AF27=3)," "&'Matriz Riesgo'!A27," ")) | H16: =CONCATENATE(IF(AND('Matriz Riesgo'!Z7=4,'Matriz Riesgo'!AF7=4)," "&'Matriz Riesgo'!A7&","," "),IF(AND('Matriz Riesgo'!Z8=4,'Matriz Riesgo'!AF8=4)," "&'Matriz Riesgo'!A8&","," "),IF(AND('Matriz Riesgo'!Z9=4,'Matriz Riesgo'!AF9=4)," "&'Matriz Riesgo'!A9&","," "),IF(AND('Matriz Riesgo'!Z10=4,'Matriz Riesgo'!AF10=4)," "&'Matriz Riesgo'!A10&","," "),IF(AND('Matriz Riesgo'!Z11=4,'Matriz Riesgo'!AF11=4)," "&'Matriz Riesgo'!A11&","," "),IF(AND('Matriz Riesgo'!Z12=4,'Matriz Riesgo'!AF12=4)," "&'Matriz Riesgo'!A12&","," "),IF(AND('Matriz Riesgo'!Z13=4,'Matriz Riesgo'!AF13=4)," "&'Matriz Riesgo'!A13&","," "),IF(AND('Matriz Riesgo'!Z14=4,'Matriz Riesgo'!AF14=4)," "&'Matriz Riesgo'!A14&","," "),IF(AND('Matriz Riesgo'!Z15=4,'Matriz Riesgo'!AF15=4)," "&'Matriz Riesgo'!A15&","," "),IF(AND('Matriz Riesgo'!Z16=4,'Matriz Riesgo'!AF16=4)," "&'Matriz Riesgo'!A16&","," "),IF(AND('Matriz Riesgo'!Z17=4,'Matriz Riesgo'!AF17=4)," "&'Matriz Riesgo'!A17&","," "),IF(AND('Matriz Riesgo'!Z18=4,'Matriz Riesgo'!AF18=4)," "&'Matriz Riesgo'!A18&","," "),IF(AND('Matriz Riesgo'!Z19=4,'Matriz Riesgo'!AF19=4)," "&'Matriz Riesgo'!A19&","," "),IF(AND('Matriz Riesgo'!Z20=4,'Matriz Riesgo'!AF20=4)," "&'Matriz Riesgo'!A20&","," "),IF(AND('Matriz Riesgo'!Z21=4,'Matriz Riesgo'!AF21=4)," "&'Matriz Riesgo'!A21&","," "),IF(AND('Matriz Riesgo'!Z22=4,'Matriz Riesgo'!AF22=4)," "&'Matriz Riesgo'!A22&","," "),IF(AND('Matriz Riesgo'!Z23=4,'Matriz Riesgo'!AF23=4)," "&'Matriz Riesgo'!A23&","," "),IF(AND('Matriz Riesgo'!Z24=4,'Matriz Riesgo'!AF24=4)," "&'Matriz Riesgo'!A24&","," "),IF(AND('Matriz Riesgo'!Z25=4,'Matriz Riesgo'!AF25=4)," "&'Matriz Riesgo'!A25&","," "),IF(AND('Matriz Riesgo'!Z26=4,'Matriz Riesgo'!AF26=4)," "&'Matriz Riesgo'!A26&","," "),IF(AND('Matriz Riesgo'!Z27=4,'Matriz Riesgo'!AF27=4)," "&'Matriz Riesgo'!A27," ")) | I16: =CONCATENATE(IF(AND('Matriz Riesgo'!Z7=4,'Matriz Riesgo'!AF7=5)," "&'Matriz Riesgo'!A7&","," "),IF(AND('Matriz Riesgo'!Z8=4,'Matriz Riesgo'!AF8=5)," "&'Matriz Riesgo'!A8&","," "),IF(AND('Matriz Riesgo'!Z9=4,'Matriz Riesgo'!AF9=5)," "&'Matriz Riesgo'!A9&","," "),IF(AND('Matriz Riesgo'!Z10=4,'Matriz Riesgo'!AF10=5)," "&'Matriz Riesgo'!A10&","," "),IF(AND('Matriz Riesgo'!Z11=4,'Matriz Riesgo'!AF11=5)," "&'Matriz Riesgo'!A11&","," "),IF(AND('Matriz Riesgo'!Z12=4,'Matriz Riesgo'!AF12=5)," "&'Matriz Riesgo'!A12&","," "),IF(AND('Matriz Riesgo'!Z13=4,'Matriz Riesgo'!AF13=5)," "&'Matriz Riesgo'!A13&","," "),IF(AND('Matriz Riesgo'!Z14=4,'Matriz Riesgo'!AF14=5)," "&'Matriz Riesgo'!A14&","," "),IF(AND('Matriz Riesgo'!Z15=4,'Matriz Riesgo'!AF15=5)," "&'Matriz Riesgo'!A15&","," "),IF(AND('Matriz Riesgo'!Z16=4,'Matriz Riesgo'!AF16=5)," "&'Matriz Riesgo'!A16&","," "),IF(AND('Matriz Riesgo'!Z17=4,'Matriz Riesgo'!AF17=5)," "&'Matriz Riesgo'!A17&","," "),IF(AND('Matriz Riesgo'!Z18=4,'Matriz Riesgo'!AF18=5)," "&'Matriz Riesgo'!A18&","," "),IF(AND('Matriz Riesgo'!Z19=4,'Matriz Riesgo'!AF19=5)," "&'Matriz Riesgo'!A19&","," "),IF(AND('Matriz Riesgo'!Z20=4,'Matriz Riesgo'!AF20=5)," "&'Matriz Riesgo'!A20&","," "),IF(AND('Matriz Riesgo'!Z21=4,'Matriz Riesgo'!AF21=5)," "&'Matriz Riesgo'!A21&","," "),IF(AND('Matriz Riesgo'!Z22=4,'Matriz Riesgo'!AF22=5)," "&'Matriz Riesgo'!A22&","," "),IF(AND('Matriz Riesgo'!Z23=4,'Matriz Riesgo'!AF23=5)," "&'Matriz Riesgo'!A23&","," "),IF(AND('Matriz Riesgo'!Z24=4,'Matriz Riesgo'!AF24=5)," "&'Matriz Riesgo'!A24&","," "),IF(AND('Matriz Riesgo'!Z25=4,'Matriz Riesgo'!AF25=5)," "&'Matriz Riesgo'!A25&","," "),IF(AND('Matriz Riesgo'!Z26=4,'Matriz Riesgo'!AF26=5)," "&'Matriz Riesgo'!A26&","," "),IF(AND('Matriz Riesgo'!Z27=4,'Matriz Riesgo'!AF27=5)," "&'Matriz Riesgo'!A27," ")) | U16: 3 | V16: 3 | W16: 9
B17: 3 | D17: POSIBLE | E17: =CONCATENATE(IF(AND('Matriz Riesgo'!Z7=3,'Matriz Riesgo'!AF7=1)," "&'Matriz Riesgo'!A7&","," "),IF(AND('Matriz Riesgo'!Z8=3,'Matriz Riesgo'!AF8=1)," "&'Matriz Riesgo'!A8&","," "),IF(AND('Matriz Riesgo'!Z9=3,'Matriz Riesgo'!AF9=1)," "&'Matriz Riesgo'!A9&","," "),IF(AND('Matriz Riesgo'!Z10=3,'Matriz Riesgo'!AF10=1)," "&'Matriz Riesgo'!A10&","," "),IF(AND('Matriz Riesgo'!Z11=3,'Matriz Riesgo'!AF11=1)," "&'Matriz Riesgo'!A11&","," "),IF(AND('Matriz Riesgo'!Z12=3,'Matriz Riesgo'!AF12=1)," "&'Matriz Riesgo'!A12&","," "),IF(AND('Matriz Riesgo'!Z13=3,'Matriz Riesgo'!AF13=1)," "&'Matriz Riesgo'!A13&","," "),IF(AND('Matriz Riesgo'!Z14=3,'Matriz Riesgo'!AF14=1)," "&'Matriz Riesgo'!A14&","," "),IF(AND('Matriz Riesgo'!Z15=3,'Matriz Riesgo'!AF15=1)," "&'Matriz Riesgo'!A15&","," "),IF(AND('Matriz Riesgo'!Z16=3,'Matriz Riesgo'!AF16=1)," "&'Matriz Riesgo'!A16&","," "),IF(AND('Matriz Riesgo'!Z17=3,'Matriz Riesgo'!AF17=1)," "&'Matriz Riesgo'!A17&","," "),IF(AND('Matriz Riesgo'!Z18=3,'Matriz Riesgo'!AF18=1)," "&'Matriz Riesgo'!A18&","," "),IF(AND('Matriz Riesgo'!Z19=3,'Matriz Riesgo'!AF19=1)," "&'Matriz Riesgo'!A19&","," "),IF(AND('Matriz Riesgo'!Z20=3,'Matriz Riesgo'!AF20=1)," "&'Matriz Riesgo'!A20&","," "),IF(AND('Matriz Riesgo'!Z21=3,'Matriz Riesgo'!AF21=1)," "&'Matriz Riesgo'!A21&","," "),IF(AND('Matriz Riesgo'!Z22=3,'Matriz Riesgo'!AF22=1)," "&'Matriz Riesgo'!A22&","," "),IF(AND('Matriz Riesgo'!Z23=3,'Matriz Riesgo'!AF23=1)," "&'Matriz Riesgo'!A23&","," "),IF(AND('Matriz Riesgo'!Z24=3,'Matriz Riesgo'!AF24=1)," "&'Matriz Riesgo'!A24&","," "),IF(AND('Matriz Riesgo'!Z25=3,'Matriz Riesgo'!AF25=1)," "&'Matriz Riesgo'!A25&","," "),IF(AND('Matriz Riesgo'!Z26=3,'Matriz Riesgo'!AF26=1)," "&'Matriz Riesgo'!A26&","," "),IF(AND('Matriz Riesgo'!Z27=3,'Matriz Riesgo'!AF27=1)," "&'Matriz Riesgo'!A27," ")) | F17: =CONCATENATE(IF(AND('Matriz Riesgo'!Z7=3,'Matriz Riesgo'!AF7=2)," "&'Matriz Riesgo'!A7&","," "),IF(AND('Matriz Riesgo'!Z8=3,'Matriz Riesgo'!AF8=2)," "&'Matriz Riesgo'!A8&","," "),IF(AND('Matriz Riesgo'!Z9=3,'Matriz Riesgo'!AF9=2)," "&'Matriz Riesgo'!A9&","," "),IF(AND('Matriz Riesgo'!Z10=3,'Matriz Riesgo'!AF10=2)," "&'Matriz Riesgo'!A10&","," "),IF(AND('Matriz Riesgo'!Z11=3,'Matriz Riesgo'!AF11=2)," "&'Matriz Riesgo'!A11&","," "),IF(AND('Matriz Riesgo'!Z12=3,'Matriz Riesgo'!AF12=2)," "&'Matriz Riesgo'!A12&","," "),IF(AND('Matriz Riesgo'!Z13=3,'Matriz Riesgo'!AF13=2)," "&'Matriz Riesgo'!A13&","," "),IF(AND('Matriz Riesgo'!Z14=3,'Matriz Riesgo'!AF14=2)," "&'Matriz Riesgo'!A14&","," "),IF(AND('Matriz Riesgo'!Z15=3,'Matriz Riesgo'!AF15=2)," "&'Matriz Riesgo'!A15&","," "),IF(AND('Matriz Riesgo'!Z16=3,'Matriz Riesgo'!AF16=2)," "&'Matriz Riesgo'!A16&","," "),IF(AND('Matriz Riesgo'!Z17=3,'Matriz Riesgo'!AF17=2)," "&'Matriz Riesgo'!A17&","," "),IF(AND('Matriz Riesgo'!Z18=3,'Matriz Riesgo'!AF18=2)," "&'Matriz Riesgo'!A18&","," "),IF(AND('Matriz Riesgo'!Z19=3,'Matriz Riesgo'!AF19=2)," "&'Matriz Riesgo'!A19&","," "),IF(AND('Matriz Riesgo'!Z20=3,'Matriz Riesgo'!AF20=2)," "&'Matriz Riesgo'!A20&","," "),IF(AND('Matriz Riesgo'!Z21=3,'Matriz Riesgo'!AF21=2)," "&'Matriz Riesgo'!A21&","," "),IF(AND('Matriz Riesgo'!Z22=3,'Matriz Riesgo'!AF22=2)," "&'Matriz Riesgo'!A22&","," "),IF(AND('Matriz Riesgo'!Z23=3,'Matriz Riesgo'!AF23=2)," "&'Matriz Riesgo'!A23&","," "),IF(AND('Matriz Riesgo'!Z24=3,'Matriz Riesgo'!AF24=2)," "&'Matriz Riesgo'!A24&","," "),IF(AND('Matriz Riesgo'!Z25=3,'Matriz Riesgo'!AF25=2)," "&'Matriz Riesgo'!A25&","," "),IF(AND('Matriz Riesgo'!Z26=3,'Matriz Riesgo'!AF26=2)," "&'Matriz Riesgo'!A26&","," "),IF(AND('Matriz Riesgo'!Z27=3,'Matriz Riesgo'!AF27=2)," "&'Matriz Riesgo'!A27," ")) | G17: =CONCATENATE(IF(AND('Matriz Riesgo'!Z7=3,'Matriz Riesgo'!AF7=3)," "&'Matriz Riesgo'!A7&","," "),IF(AND('Matriz Riesgo'!Z8=3,'Matriz Riesgo'!AF8=3)," "&'Matriz Riesgo'!A8&","," "),IF(AND('Matriz Riesgo'!Z9=3,'Matriz Riesgo'!AF9=3)," "&'Matriz Riesgo'!A9&","," "),IF(AND('Matriz Riesgo'!Z10=3,'Matriz Riesgo'!AF10=3)," "&'Matriz Riesgo'!A10&","," "),IF(AND('Matriz Riesgo'!Z11=3,'Matriz Riesgo'!AF11=3)," "&'Matriz Riesgo'!A11&","," "),IF(AND('Matriz Riesgo'!Z12=3,'Matriz Riesgo'!AF12=3)," "&'Matriz Riesgo'!A12&","," "),IF(AND('Matriz Riesgo'!Z13=3,'Matriz Riesgo'!AF13=3)," "&'Matriz Riesgo'!A13&","," "),IF(AND('Matriz Riesgo'!Z14=3,'Matriz Riesgo'!AF14=3)," "&'Matriz Riesgo'!A14&","," "),IF(AND('Matriz Riesgo'!Z15=3,'Matriz Riesgo'!AF15=3)," "&'Matriz Riesgo'!A15&","," "),IF(AND('Matriz Riesgo'!Z16=3,'Matriz Riesgo'!AF16=3)," "&'Matriz Riesgo'!A16&","," "),IF(AND('Matriz Riesgo'!Z17=3,'Matriz Riesgo'!AF17=3)," "&'Matriz Riesgo'!A17&","," "),IF(AND('Matriz Riesgo'!Z18=3,'Matriz Riesgo'!AF18=3)," "&'Matriz Riesgo'!A18&","," "),IF(AND('Matriz Riesgo'!Z19=3,'Matriz Riesgo'!AF19=3)," "&'Matriz Riesgo'!A19&","," "),IF(AND('Matriz Riesgo'!Z20=3,'Matriz Riesgo'!AF20=3)," "&'Matriz Riesgo'!A20&","," "),IF(AND('Matriz Riesgo'!Z21=3,'Matriz Riesgo'!AF21=3)," "&'Matriz Riesgo'!A21&","," "),IF(AND('Matriz Riesgo'!Z22=3,'Matriz Riesgo'!AF22=3)," "&'Matriz Riesgo'!A22&","," "),IF(AND('Matriz Riesgo'!Z23=3,'Matriz Riesgo'!AF23=3)," "&'Matriz Riesgo'!A23&","," "),IF(AND('Matriz Riesgo'!Z24=3,'Matriz Riesgo'!AF24=3)," "&'Matriz Riesgo'!A24&","," "),IF(AND('Matriz Riesgo'!Z25=3,'Matriz Riesgo'!AF25=3)," "&'Matriz Riesgo'!A25&","," "),IF(AND('Matriz Riesgo'!Z26=3,'Matriz Riesgo'!AF26=3)," "&'Matriz Riesgo'!A26&","," "),IF(AND('Matriz Riesgo'!Z27=3,'Matriz Riesgo'!AF27=3)," "&'Matriz Riesgo'!A27," ")) | H17: =CONCATENATE(IF(AND('Matriz Riesgo'!Z7=3,'Matriz Riesgo'!AF7=4)," "&'Matriz Riesgo'!A7&","," "),IF(AND('Matriz Riesgo'!Z8=3,'Matriz Riesgo'!AF8=4)," "&'Matriz Riesgo'!A8&","," "),IF(AND('Matriz Riesgo'!Z9=3,'Matriz Riesgo'!AF9=4)," "&'Matriz Riesgo'!A9&","," "),IF(AND('Matriz Riesgo'!Z10=3,'Matriz Riesgo'!AF10=4)," "&'Matriz Riesgo'!A10&","," "),IF(AND('Matriz Riesgo'!Z11=3,'Matriz Riesgo'!AF11=4)," "&'Matriz Riesgo'!A11&","," "),IF(AND('Matriz Riesgo'!Z12=3,'Matriz Riesgo'!AF12=4)," "&'Matriz Riesgo'!A12&","," "),IF(AND('Matriz Riesgo'!Z13=3,'Matriz Riesgo'!AF13=4)," "&'Matriz Riesgo'!A13&","," "),IF(AND('Matriz Riesgo'!Z14=3,'Matriz Riesgo'!AF14=4)," "&'Matriz Riesgo'!A14&","," "),IF(AND('Matriz Riesgo'!Z15=3,'Matriz Riesgo'!AF15=4)," "&'Matriz Riesgo'!A15&","," "),IF(AND('Matriz Riesgo'!Z16=3,'Matriz Riesgo'!AF16=4)," "&'Matriz Riesgo'!A16&","," "),IF(AND('Matriz Riesgo'!Z17=3,'Matriz Riesgo'!AF17=4)," "&'Matriz Riesgo'!A17&","," "),IF(AND('Matriz Riesgo'!Z18=3,'Matriz Riesgo'!AF18=4)," "&'Matriz Riesgo'!A18&","," "),IF(AND('Matriz Riesgo'!Z19=3,'Matriz Riesgo'!AF19=4)," "&'Matriz Riesgo'!A19&","," "),IF(AND('Matriz Riesgo'!Z20=3,'Matriz Riesgo'!AF20=4)," "&'Matriz Riesgo'!A20&","," "),IF(AND('Matriz Riesgo'!Z21=3,'Matriz Riesgo'!AF21=4)," "&'Matriz Riesgo'!A21&","," "),IF(AND('Matriz Riesgo'!Z22=3,'Matriz Riesgo'!AF22=4)," "&'Matriz Riesgo'!A22&","," "),IF(AND('Matriz Riesgo'!Z23=3,'Matriz Riesgo'!AF23=4)," "&'Matriz Riesgo'!A23&","," "),IF(AND('Matriz Riesgo'!Z24=3,'Matriz Riesgo'!AF24=4)," "&'Matriz Riesgo'!A24&","," "),IF(AND('Matriz Riesgo'!Z25=3,'Matriz Riesgo'!AF25=4)," "&'Matriz Riesgo'!A25&","," "),IF(AND('Matriz Riesgo'!Z26=3,'Matriz Riesgo'!AF26=4)," "&'Matriz Riesgo'!A26&","," "),IF(AND('Matriz Riesgo'!Z27=3,'Matriz Riesgo'!AF27=4)," "&'Matriz Riesgo'!A27," ")) | I17: =CONCATENATE(IF(AND('Matriz Riesgo'!Z7=3,'Matriz Riesgo'!AF7=5)," "&'Matriz Riesgo'!A7&","," "),IF(AND('Matriz Riesgo'!Z8=3,'Matriz Riesgo'!AF8=5)," "&'Matriz Riesgo'!A8&","," "),IF(AND('Matriz Riesgo'!Z9=3,'Matriz Riesgo'!AF9=5)," "&'Matriz Riesgo'!A9&","," "),IF(AND('Matriz Riesgo'!Z10=3,'Matriz Riesgo'!AF10=5)," "&'Matriz Riesgo'!A10&","," "),IF(AND('Matriz Riesgo'!Z11=3,'Matriz Riesgo'!AF11=5)," "&'Matriz Riesgo'!A11&","," "),IF(AND('Matriz Riesgo'!Z12=3,'Matriz Riesgo'!AF12=5)," "&'Matriz Riesgo'!A12&","," "),IF(AND('Matriz Riesgo'!Z13=3,'Matriz Riesgo'!AF13=5)," "&'Matriz Riesgo'!A13&","," "),IF(AND('Matriz Riesgo'!Z14=3,'Matriz Riesgo'!AF14=5)," "&'Matriz Riesgo'!A14&","," "),IF(AND('Matriz Riesgo'!Z15=3,'Matriz Riesgo'!AF15=5)," "&'Matriz Riesgo'!A15&","," "),IF(AND('Matriz Riesgo'!Z16=3,'Matriz Riesgo'!AF16=5)," "&'Matriz Riesgo'!A16&","," "),IF(AND('Matriz Riesgo'!Z17=3,'Matriz Riesgo'!AF17=5)," "&'Matriz Riesgo'!A17&","," "),IF(AND('Matriz Riesgo'!Z18=3,'Matriz Riesgo'!AF18=5)," "&'Matriz Riesgo'!A18&","," "),IF(AND('Matriz Riesgo'!Z19=3,'Matriz Riesgo'!AF19=5)," "&'Matriz Riesgo'!A19&","," "),IF(AND('Matriz Riesgo'!Z20=3,'Matriz Riesgo'!AF20=5)," "&'Matriz Riesgo'!A20&","," "),IF(AND('Matriz Riesgo'!Z21=3,'Matriz Riesgo'!AF21=5)," "&'Matriz Riesgo'!A21&","," "),IF(AND('Matriz Riesgo'!Z22=3,'Matriz Riesgo'!AF22=5)," "&'Matriz Riesgo'!A22&","," "),IF(AND('Matriz Riesgo'!Z23=3,'Matriz Riesgo'!AF23=5)," "&'Matriz Riesgo'!A23&","," "),IF(AND('Matriz Riesgo'!Z24=3,'Matriz Riesgo'!AF24=5)," "&'Matriz Riesgo'!A24&","," "),IF(AND('Matriz Riesgo'!Z25=3,'Matriz Riesgo'!AF25=5)," "&'Matriz Riesgo'!A25&","," "),IF(AND('Matriz Riesgo'!Z26=3,'Matriz Riesgo'!AF26=5)," "&'Matriz Riesgo'!A26&","," "),IF(AND('Matriz Riesgo'!Z27=3,'Matriz Riesgo'!AF27=5)," "&'Matriz Riesgo'!A27," ")) | U17: 2 | V17: 3 | W17: 6
B18: 2 | D18: POCO PROBABLE | E18: =CONCATENATE(IF(AND('Matriz Riesgo'!Z7=2,'Matriz Riesgo'!AF7=1)," "&'Matriz Riesgo'!A7&","," "),IF(AND('Matriz Riesgo'!Z8=2,'Matriz Riesgo'!AF8=1)," "&'Matriz Riesgo'!A8&","," "),IF(AND('Matriz Riesgo'!Z9=2,'Matriz Riesgo'!AF9=1)," "&'Matriz Riesgo'!A9&","," "),IF(AND('Matriz Riesgo'!Z10=2,'Matriz Riesgo'!AF10=1)," "&'Matriz Riesgo'!A10&","," "),IF(AND('Matriz Riesgo'!Z11=2,'Matriz Riesgo'!AF11=1)," "&'Matriz Riesgo'!A11&","," "),IF(AND('Matriz Riesgo'!Z12=2,'Matriz Riesgo'!AF12=1)," "&'Matriz Riesgo'!A12&","," "),IF(AND('Matriz Riesgo'!Z13=2,'Matriz Riesgo'!AF13=1)," "&'Matriz Riesgo'!A13&","," "),IF(AND('Matriz Riesgo'!Z14=2,'Matriz Riesgo'!AF14=1)," "&'Matriz Riesgo'!A14&","," "),IF(AND('Matriz Riesgo'!Z15=2,'Matriz Riesgo'!AF15=1)," "&'Matriz Riesgo'!A15&","," "),IF(AND('Matriz Riesgo'!Z16=2,'Matriz Riesgo'!AF16=1)," "&'Matriz Riesgo'!A16&","," "),IF(AND('Matriz Riesgo'!Z17=2,'Matriz Riesgo'!AF17=1)," "&'Matriz Riesgo'!A17&","," "),IF(AND('Matriz Riesgo'!Z18=2,'Matriz Riesgo'!AF18=1)," "&'Matriz Riesgo'!A18&","," "),IF(AND('Matriz Riesgo'!Z19=2,'Matriz Riesgo'!AF19=1)," "&'Matriz Riesgo'!A19&","," "),IF(AND('Matriz Riesgo'!Z20=2,'Matriz Riesgo'!AF20=1)," "&'Matriz Riesgo'!A20&","," "),IF(AND('Matriz Riesgo'!Z21=2,'Matriz Riesgo'!AF21=1)," "&'Matriz Riesgo'!A21&","," "),IF(AND('Matriz Riesgo'!Z22=2,'Matriz Riesgo'!AF22=1)," "&'Matriz Riesgo'!A22&","," "),IF(AND('Matriz Riesgo'!Z23=2,'Matriz Riesgo'!AF23=1)," "&'Matriz Riesgo'!A23&","," "),IF(AND('Matriz Riesgo'!Z24=2,'Matriz Riesgo'!AF24=1)," "&'Matriz Riesgo'!A24&","," "),IF(AND('Matriz Riesgo'!Z25=2,'Matriz Riesgo'!AF25=1)," "&'Matriz Riesgo'!A25&","," "),IF(AND('Matriz Riesgo'!Z26=2,'Matriz Riesgo'!AF26=1)," "&'Matriz Riesgo'!A26&","," "),IF(AND('Matriz Riesgo'!Z27=2,'Matriz Riesgo'!AF27=1)," "&'Matriz Riesgo'!A27," ")) | F18: =CONCATENATE(IF(AND('Matriz Riesgo'!Z7=2,'Matriz Riesgo'!AF7=2)," "&'Matriz Riesgo'!A7&","," "),IF(AND('Matriz Riesgo'!Z8=2,'Matriz Riesgo'!AF8=2)," "&'Matriz Riesgo'!A8&","," "),IF(AND('Matriz Riesgo'!Z9=2,'Matriz Riesgo'!AF9=2)," "&'Matriz Riesgo'!A9&","," "),IF(AND('Matriz Riesgo'!Z10=2,'Matriz Riesgo'!AF10=2)," "&'Matriz Riesgo'!A10&","," "),IF(AND('Matriz Riesgo'!Z11=2,'Matriz Riesgo'!AF11=2)," "&'Matriz Riesgo'!A11&","," "),IF(AND('Matriz Riesgo'!Z12=2,'Matriz Riesgo'!AF12=2)," "&'Matriz Riesgo'!A12&","," "),IF(AND('Matriz Riesgo'!Z13=2,'Matriz Riesgo'!AF13=2)," "&'Matriz Riesgo'!A13&","," "),IF(AND('Matriz Riesgo'!Z14=2,'Matriz Riesgo'!AF14=2)," "&'Matriz Riesgo'!A14&","," "),IF(AND('Matriz Riesgo'!Z15=2,'Matriz Riesgo'!AF15=2)," "&'Matriz Riesgo'!A15&","," "),IF(AND('Matriz Riesgo'!Z16=2,'Matriz Riesgo'!AF16=2)," "&'Matriz Riesgo'!A16&","," "),IF(AND('Matriz Riesgo'!Z17=2,'Matriz Riesgo'!AF17=2)," "&'Matriz Riesgo'!A17&","," "),IF(AND('Matriz Riesgo'!Z18=2,'Matriz Riesgo'!AF18=2)," "&'Matriz Riesgo'!A18&","," "),IF(AND('Matriz Riesgo'!Z19=2,'Matriz Riesgo'!AF19=2)," "&'Matriz Riesgo'!A19&","," "),IF(AND('Matriz Riesgo'!Z20=2,'Matriz Riesgo'!AF20=2)," "&'Matriz Riesgo'!A20&","," "),IF(AND('Matriz Riesgo'!Z21=2,'Matriz Riesgo'!AF21=2)," "&'Matriz Riesgo'!A21&","," "),IF(AND('Matriz Riesgo'!Z22=2,'Matriz Riesgo'!AF22=2)," "&'Matriz Riesgo'!A22&","," "),IF(AND('Matriz Riesgo'!Z23=2,'Matriz Riesgo'!AF23=2)," "&'Matriz Riesgo'!A23&","," "),IF(AND('Matriz Riesgo'!Z24=2,'Matriz Riesgo'!AF24=2)," "&'Matriz Riesgo'!A24&","," "),IF(AND('Matriz Riesgo'!Z25=2,'Matriz Riesgo'!AF25=2)," "&'Matriz Riesgo'!A25&","," "),IF(AND('Matriz Riesgo'!Z26=2,'Matriz Riesgo'!AF26=2)," "&'Matriz Riesgo'!A26&","," "),IF(AND('Matriz Riesgo'!Z27=2,'Matriz Riesgo'!AF27=2)," "&'Matriz Riesgo'!A27," ")) -> 1, 8, 10, | G18: =CONCATENATE(IF(AND('Matriz Riesgo'!Z7=2,'Matriz Riesgo'!AF7=3)," "&'Matriz Riesgo'!A7&","," "),IF(AND('Matriz Riesgo'!Z8=2,'Matriz Riesgo'!AF8=3)," "&'Matriz Riesgo'!A8&","," "),IF(AND('Matriz Riesgo'!Z9=2,'Matriz Riesgo'!AF9=3)," "&'Matriz Riesgo'!A9&","," "),IF(AND('Matriz Riesgo'!Z10=2,'Matriz Riesgo'!AF10=3)," "&'Matriz Riesgo'!A10&","," "),IF(AND('Matriz Riesgo'!Z11=2,'Matriz Riesgo'!AF11=3)," "&'Matriz Riesgo'!A11&","," "),IF(AND('Matriz Riesgo'!Z12=2,'Matriz Riesgo'!AF12=3)," "&'Matriz Riesgo'!A12&","," "),IF(AND('Matriz Riesgo'!Z13=2,'Matriz Riesgo'!AF13=3)," "&'Matriz Riesgo'!A13&","," "),IF(AND('Matriz Riesgo'!Z14=2,'Matriz Riesgo'!AF14=3)," "&'Matriz Riesgo'!A14&","," "),IF(AND('Matriz Riesgo'!Z15=2,'Matriz Riesgo'!AF15=3)," "&'Matriz Riesgo'!A15&","," "),IF(AND('Matriz Riesgo'!Z16=2,'Matriz Riesgo'!AF16=3)," "&'Matriz Riesgo'!A16&","," "),IF(AND('Matriz Riesgo'!Z17=2,'Matriz Riesgo'!AF17=3)," "&'Matriz Riesgo'!A17&","," "),IF(AND('Matriz Riesgo'!Z18=2,'Matriz Riesgo'!AF18=3)," "&'Matriz Riesgo'!A18&","," "),IF(AND('Matriz Riesgo'!Z19=2,'Matriz Riesgo'!AF19=3)," "&'Matriz Riesgo'!A19&","," "),IF(AND('Matriz Riesgo'!Z20=2,'Matriz Riesgo'!AF20=3)," "&'Matriz Riesgo'!A20&","," "),IF(AND('Matriz Riesgo'!Z21=2,'Matriz Riesgo'!AF21=3)," "&'Matriz Riesgo'!A21&","," "),IF(AND('Matriz Riesgo'!Z22=2,'Matriz Riesgo'!AF22=3)," "&'Matriz Riesgo'!A22&","," "),IF(AND('Matriz Riesgo'!Z23=2,'Matriz Riesgo'!AF23=3)," "&'Matriz Riesgo'!A23&","," "),IF(AND('Matriz Riesgo'!Z24=2,'Matriz Riesgo'!AF24=3)," "&'Matriz Riesgo'!A24&","," "),IF(AND('Matriz Riesgo'!Z25=2,'Matriz Riesgo'!AF25=3)," "&'Matriz Riesgo'!A25&","," "),IF(AND('Matriz Riesgo'!Z26=2,'Matriz Riesgo'!AF26=3)," "&'Matriz Riesgo'!A26&","," "),IF(AND('Matriz Riesgo'!Z27=2,'Matriz Riesgo'!AF27=3)," "&'Matriz Riesgo'!A27," ")) -> 2, 17, | H18: =CONCATENATE(IF(AND('Matriz Riesgo'!Z7=2,'Matriz Riesgo'!AF7=4)," "&'Matriz Riesgo'!A7&","," "),IF(AND('Matriz Riesgo'!Z8=2,'Matriz Riesgo'!AF8=4)," "&'Matriz Riesgo'!A8&","," "),IF(AND('Matriz Riesgo'!Z9=2,'Matriz Riesgo'!AF9=4)," "&'Matriz Riesgo'!A9&","," "),IF(AND('Matriz Riesgo'!Z10=2,'Matriz Riesgo'!AF10=4)," "&'Matriz Riesgo'!A10&","," "),IF(AND('Matriz Riesgo'!Z11=2,'Matriz Riesgo'!AF11=4)," "&'Matriz Riesgo'!A11&","," "),IF(AND('Matriz Riesgo'!Z12=2,'Matriz Riesgo'!AF12=4)," "&'Matriz Riesgo'!A12&","," "),IF(AND('Matriz Riesgo'!Z13=2,'Matriz Riesgo'!AF13=4)," "&'Matriz Riesgo'!A13&","," "),IF(AND('Matriz Riesgo'!Z14=2,'Matriz Riesgo'!AF14=4)," "&'Matriz Riesgo'!A14&","," "),IF(AND('Matriz Riesgo'!Z15=2,'Matriz Riesgo'!AF15=4)," "&'Matriz Riesgo'!A15&","," "),IF(AND('Matriz Riesgo'!Z16=2,'Matriz Riesgo'!AF16=4)," "&'Matriz Riesgo'!A16&","," "),IF(AND('Matriz Riesgo'!Z17=2,'Matriz Riesgo'!AF17=4)," "&'Matriz Riesgo'!A17&","," "),IF(AND('Matriz Riesgo'!Z18=2,'Matriz Riesgo'!AF18=4)," "&'Matriz Riesgo'!A18&","," "),IF(AND('Matriz Riesgo'!Z19=2,'Matriz Riesgo'!AF19=4)," "&'Matriz Riesgo'!A19&","," "),IF(AND('Matriz Riesgo'!Z20=2,'Matriz Riesgo'!AF20=4)," "&'Matriz Riesgo'!A20&","," "),IF(AND('Matriz Riesgo'!Z21=2,'Matriz Riesgo'!AF21=4)," "&'Matriz Riesgo'!A21&","," "),IF(AND('Matriz Riesgo'!Z22=2,'Matriz Riesgo'!AF22=4)," "&'Matriz Riesgo'!A22&","," "),IF(AND('Matriz Riesgo'!Z23=2,'Matriz Riesgo'!AF23=4)," "&'Matriz Riesgo'!A23&","," "),IF(AND('Matriz Riesgo'!Z24=2,'Matriz Riesgo'!AF24=4)," "&'Matriz Riesgo'!A24&","," "),IF(AND('Matriz Riesgo'!Z25=2,'Matriz Riesgo'!AF25=4)," "&'Matriz Riesgo'!A25&","," "),IF(AND('Matriz Riesgo'!Z26=2,'Matriz Riesgo'!AF26=4)," "&'Matriz Riesgo'!A26&","," "),IF(AND('Matriz Riesgo'!Z27=2,'Matriz Riesgo'!AF27=4)," "&'Matriz Riesgo'!A27," ")) | I18: =CONCATENATE(IF(AND('Matriz Riesgo'!Z7=2,'Matriz Riesgo'!AF7=5)," "&'Matriz Riesgo'!A7&","," "),IF(AND('Matriz Riesgo'!Z8=2,'Matriz Riesgo'!AF8=5)," "&'Matriz Riesgo'!A8&","," "),IF(AND('Matriz Riesgo'!Z9=2,'Matriz Riesgo'!AF9=5)," "&'Matriz Riesgo'!A9&","," "),IF(AND('Matriz Riesgo'!Z10=2,'Matriz Riesgo'!AF10=5)," "&'Matriz Riesgo'!A10&","," "),IF(AND('Matriz Riesgo'!Z11=2,'Matriz Riesgo'!AF11=5)," "&'Matriz Riesgo'!A11&","," "),IF(AND('Matriz Riesgo'!Z12=2,'Matriz Riesgo'!AF12=5)," "&'Matriz Riesgo'!A12&","," "),IF(AND('Matriz Riesgo'!Z13=2,'Matriz Riesgo'!AF13=5)," "&'Matriz Riesgo'!A13&","," "),IF(AND('Matriz Riesgo'!Z14=2,'Matriz Riesgo'!AF14=5)," "&'Matriz Riesgo'!A14&","," "),IF(AND('Matriz Riesgo'!Z15=2,'Matriz Riesgo'!AF15=5)," "&'Matriz Riesgo'!A15&","," "),IF(AND('Matriz Riesgo'!Z16=2,'Matriz Riesgo'!AF16=5)," "&'Matriz Riesgo'!A16&","," "),IF(AND('Matriz Riesgo'!Z17=2,'Matriz Riesgo'!AF17=5)," "&'Matriz Riesgo'!A17&","," "),IF(AND('Matriz Riesgo'!Z18=2,'Matriz Riesgo'!AF18=5)," "&'Matriz Riesgo'!A18&","," "),IF(AND('Matriz Riesgo'!Z19=2,'Matriz Riesgo'!AF19=5)," "&'Matriz Riesgo'!A19&","," "),IF(AND('Matriz Riesgo'!Z20=2,'Matriz Riesgo'!AF20=5)," "&'Matriz Riesgo'!A20&","," "),IF(AND('Matriz Riesgo'!Z21=2,'Matriz Riesgo'!AF21=5)," "&'Matriz Riesgo'!A21&","," "),IF(AND('Matriz Riesgo'!Z22=2,'Matriz Riesgo'!AF22=5)," "&'Matriz Riesgo'!A22&","," "),IF(AND('Matriz Riesgo'!Z23=2,'Matriz Riesgo'!AF23=5)," "&'Matriz Riesgo'!A23&","," "),IF(AND('Matriz Riesgo'!Z24=2,'Matriz Riesgo'!AF24=5)," "&'Matriz Riesgo'!A24&","," "),IF(AND('Matriz Riesgo'!Z25=2,'Matriz Riesgo'!AF25=5)," "&'Matriz Riesgo'!A25&","," "),IF(AND('Matriz Riesgo'!Z26=2,'Matriz Riesgo'!AF26=5)," "&'Matriz Riesgo'!A26&","," "),IF(AND('Matriz Riesgo'!Z27=2,'Matriz Riesgo'!AF27=5)," "&'Matriz Riesgo'!A27," ")) | U18: 1 | V18: 3 | W18: 3
B19: 1 | D19: RARO | E19: =CONCATENATE(IF(AND('Matriz Riesgo'!Z7=1,'Matriz Riesgo'!AF7=1)," "&'Matriz Riesgo'!A7&","," "),IF(AND('Matriz Riesgo'!Z8=1,'Matriz Riesgo'!AF8=1)," "&'Matriz Riesgo'!A8&","," "),IF(AND('Matriz Riesgo'!Z9=1,'Matriz Riesgo'!AF9=1)," "&'Matriz Riesgo'!A9&","," "),IF(AND('Matriz Riesgo'!Z10=1,'Matriz Riesgo'!AF10=1)," "&'Matriz Riesgo'!A10&","," "),IF(AND('Matriz Riesgo'!Z11=1,'Matriz Riesgo'!AF11=1)," "&'Matriz Riesgo'!A11&","," "),IF(AND('Matriz Riesgo'!Z12=1,'Matriz Riesgo'!AF12=1)," "&'Matriz Riesgo'!A12&","," "),IF(AND('Matriz Riesgo'!Z13=1,'Matriz Riesgo'!AF13=1)," "&'Matriz Riesgo'!A13&","," "),IF(AND('Matriz Riesgo'!Z14=1,'Matriz Riesgo'!AF14=1)," "&'Matriz Riesgo'!A14&","," "),IF(AND('Matriz Riesgo'!Z15=1,'Matriz Riesgo'!AF15=1)," "&'Matriz Riesgo'!A15&","," "),IF(AND('Matriz Riesgo'!Z16=1,'Matriz Riesgo'!AF16=1)," "&'Matriz Riesgo'!A16&","," "),IF(AND('Matriz Riesgo'!Z17=1,'Matriz Riesgo'!AF17=1)," "&'Matriz Riesgo'!A17&","," "),IF(AND('Matriz Riesgo'!Z18=1,'Matriz Riesgo'!AF18=1)," "&'Matriz Riesgo'!A18&","," "),IF(AND('Matriz Riesgo'!Z19=1,'Matriz Riesgo'!AF19=1)," "&'Matriz Riesgo'!A19&","," "),IF(AND('Matriz Riesgo'!Z20=1,'Matriz Riesgo'!AF20=1)," "&'Matriz Riesgo'!A20&","," "),IF(AND('Matriz Riesgo'!Z21=1,'Matriz Riesgo'!AF21=1)," "&'Matriz Riesgo'!A21&","," "),IF(AND('Matriz Riesgo'!Z22=1,'Matriz Riesgo'!AF22=1)," "&'Matriz Riesgo'!A22&","," "),IF(AND('Matriz Riesgo'!Z23=1,'Matriz Riesgo'!AF23=1)," "&'Matriz Riesgo'!A23&","," "),IF(AND('Matriz Riesgo'!Z24=1,'Matriz Riesgo'!AF24=1)," "&'Matriz Riesgo'!A24&","," "),IF(AND('Matriz Riesgo'!Z25=1,'Matriz Riesgo'!AF25=1)," "&'Matriz Riesgo'!A25&","," "),IF(AND('Matriz Riesgo'!Z26=1,'Matriz Riesgo'!AF26=1)," "&'Matriz Riesgo'!A26&","," "),IF(AND('Matriz Riesgo'!Z27=1,'Matriz Riesgo'!AF27=1)," "&'Matriz Riesgo'!A27," ")) -> 7, 12, 13, | F19: =CONCATENATE(IF(AND('Matriz Riesgo'!Z7=1,'Matriz Riesgo'!AF7=2)," "&'Matriz Riesgo'!A7&","," "),IF(AND('Matriz Riesgo'!Z8=1,'Matriz Riesgo'!AF8=2)," "&'Matriz Riesgo'!A8&","," "),IF(AND('Matriz Riesgo'!Z9=1,'Matriz Riesgo'!AF9=2)," "&'Matriz Riesgo'!A9&","," "),IF(AND('Matriz Riesgo'!Z10=1,'Matriz Riesgo'!AF10=2)," "&'Matriz Riesgo'!A10&","," "),IF(AND('Matriz Riesgo'!Z11=1,'Matriz Riesgo'!AF11=2)," "&'Matriz Riesgo'!A11&","," "),IF(AND('Matriz Riesgo'!Z12=1,'Matriz Riesgo'!AF12=2)," "&'Matriz Riesgo'!A12&","," "),IF(AND('Matriz Riesgo'!Z13=1,'Matriz Riesgo'!AF13=2)," "&'Matriz Riesgo'!A13&","," "),IF(AND('Matriz Riesgo'!Z14=1,'Matriz Riesgo'!AF14=2)," "&'Matriz Riesgo'!A14&","," "),IF(AND('Matriz Riesgo'!Z15=1,'Matriz Riesgo'!AF15=2)," "&'Matriz Riesgo'!A15&","," "),IF(AND('Matriz Riesgo'!Z16=1,'Matriz Riesgo'!AF16=2)," "&'Matriz Riesgo'!A16&","," "),IF(AND('Matriz Riesgo'!Z17=1,'Matriz Riesgo'!AF17=2)," "&'Matriz Riesgo'!A17&","," "),IF(AND('Matriz Riesgo'!Z18=1,'Matriz Riesgo'!AF18=2)," "&'Matriz Riesgo'!A18&","," "),IF(AND('Matriz Riesgo'!Z19=1,'Matriz Riesgo'!AF19=2)," "&'Matriz Riesgo'!A19&","," "),IF(AND('Matriz Riesgo'!Z20=1,'Matriz Riesgo'!AF20=2)," "&'Matriz Riesgo'!A20&","," "),IF(AND('Matriz Riesgo'!Z21=1,'Matriz Riesgo'!AF21=2)," "&'Matriz Riesgo'!A21&","," "),IF(AND('Matriz Riesgo'!Z22=1,'Matriz Riesgo'!AF22=2)," "&'Matriz Riesgo'!A22&","," "),IF(AND('Matriz Riesgo'!Z23=1,'Matriz Riesgo'!AF23=2)," "&'Matriz Riesgo'!A23&","," "),IF(AND('Matriz Riesgo'!Z24=1,'Matriz Riesgo'!AF24=2)," "&'Matriz Riesgo'!A24&","," "),IF(AND('Matriz Riesgo'!Z25=1,'Matriz Riesgo'!AF25=2)," "&'Matriz Riesgo'!A25&","," "),IF(AND('Matriz Riesgo'!Z26=1,'Matriz Riesgo'!AF26=2)," "&'Matriz Riesgo'!A26&","," "),IF(AND('Matriz Riesgo'!Z27=1,'Matriz Riesgo'!AF27=2)," "&'Matriz Riesgo'!A27," ")) | G19: =CONCATENATE(IF(AND('Matriz Riesgo'!Z7=1,'Matriz Riesgo'!AF7=3)," "&'Matriz Riesgo'!A7&","," "),IF(AND('Matriz Riesgo'!Z8=1,'Matriz Riesgo'!AF8=3)," "&'Matriz Riesgo'!A8&","," "),IF(AND('Matriz Riesgo'!Z9=1,'Matriz Riesgo'!AF9=3)," "&'Matriz Riesgo'!A9&","," "),IF(AND('Matriz Riesgo'!Z10=1,'Matriz Riesgo'!AF10=3)," "&'Matriz Riesgo'!A10&","," "),IF(AND('Matriz Riesgo'!Z11=1,'Matriz Riesgo'!AF11=3)," "&'Matriz Riesgo'!A11&","," "),IF(AND('Matriz Riesgo'!Z12=1,'Matriz Riesgo'!AF12=3)," "&'Matriz Riesgo'!A12&","," "),IF(AND('Matriz Riesgo'!Z13=1,'Matriz Riesgo'!AF13=3)," "&'Matriz Riesgo'!A13&","," "),IF(AND('Matriz Riesgo'!Z14=1,'Matriz Riesgo'!AF14=3)," "&'Matriz Riesgo'!A14&","," "),IF(AND('Matriz Riesgo'!Z15=1,'Matriz Riesgo'!AF15=3)," "&'Matriz Riesgo'!A15&","," "),IF(AND('Matriz Riesgo'!Z16=1,'Matriz Riesgo'!AF16=3)," "&'Matriz Riesgo'!A16&","," "),IF(AND('Matriz Riesgo'!Z17=1,'Matriz Riesgo'!AF17=3)," "&'Matriz Riesgo'!A17&","," "),IF(AND('Matriz Riesgo'!Z18=1,'Matriz Riesgo'!AF18=3)," "&'Matriz Riesgo'!A18&","," "),IF(AND('Matriz Riesgo'!Z19=1,'Matriz Riesgo'!AF19=3)," "&'Matriz Riesgo'!A19&","," "),IF(AND('Matriz Riesgo'!Z20=1,'Matriz Riesgo'!AF20=3)," "&'Matriz Riesgo'!A20&","," "),IF(AND('Matriz Riesgo'!Z21=1,'Matriz Riesgo'!AF21=3)," "&'Matriz Riesgo'!A21&","," "),IF(AND('Matriz Riesgo'!Z22=1,'Matriz Riesgo'!AF22=3)," "&'Matriz Riesgo'!A22&","," "),IF(AND('Matriz Riesgo'!Z23=1,'Matriz Riesgo'!AF23=3)," "&'Matriz Riesgo'!A23&","," "),IF(AND('Matriz Riesgo'!Z24=1,'Matriz Riesgo'!AF24=3)," "&'Matriz Riesgo'!A24&","," "),IF(AND('Matriz Riesgo'!Z25=1,'Matriz Riesgo'!AF25=3)," "&'Matriz Riesgo'!A25&","," "),IF(AND('Matriz Riesgo'!Z26=1,'Matriz Riesgo'!AF26=3)," "&'Matriz Riesgo'!A26&","," "),IF(AND('Matriz Riesgo'!Z27=1,'Matriz Riesgo'!AF27=3)," "&'Matriz Riesgo'!A27," ")) -> 3, 4, 5, 6, 9, 11, 14, 16, 18, 19, | H19: =CONCATENATE(IF(AND('Matriz Riesgo'!Z7=1,'Matriz Riesgo'!AF7=4)," "&'Matriz Riesgo'!A7&","," "),IF(AND('Matriz Riesgo'!Z8=1,'Matriz Riesgo'!AF8=4)," "&'Matriz Riesgo'!A8&","," "),IF(AND('Matriz Riesgo'!Z9=1,'Matriz Riesgo'!AF9=4)," "&'Matriz Riesgo'!A9&","," "),IF(AND('Matriz Riesgo'!Z10=1,'Matriz Riesgo'!AF10=4)," "&'Matriz Riesgo'!A10&","," "),IF(AND('Matriz Riesgo'!Z11=1,'Matriz Riesgo'!AF11=4)," "&'Matriz Riesgo'!A11&","," "),IF(AND('Matriz Riesgo'!Z12=1,'Matriz Riesgo'!AF12=4)," "&'Matriz Riesgo'!A12&","," "),IF(AND('Matriz Riesgo'!Z13=1,'Matriz Riesgo'!AF13=4)," "&'Matriz Riesgo'!A13&","," "),IF(AND('Matriz Riesgo'!Z14=1,'Matriz Riesgo'!AF14=4)," "&'Matriz Riesgo'!A14&","," "),IF(AND('Matriz Riesgo'!Z15=1,'Matriz Riesgo'!AF15=4)," "&'Matriz Riesgo'!A15&","," "),IF(AND('Matriz Riesgo'!Z16=1,'Matriz Riesgo'!AF16=4)," "&'Matriz Riesgo'!A16&","," "),IF(AND('Matriz Riesgo'!Z17=1,'Matriz Riesgo'!AF17=4)," "&'Matriz Riesgo'!A17&","," "),IF(AND('Matriz Riesgo'!Z18=1,'Matriz Riesgo'!AF18=4)," "&'Matriz Riesgo'!A18&","," "),IF(AND('Matriz Riesgo'!Z19=1,'Matriz Riesgo'!AF19=4)," "&'Matriz Riesgo'!A19&","," "),IF(AND('Matriz Riesgo'!Z20=1,'Matriz Riesgo'!AF20=4)," "&'Matriz Riesgo'!A20&","," "),IF(AND('Matriz Riesgo'!Z21=1,'Matriz Riesgo'!AF21=4)," "&'Matriz Riesgo'!A21&","," "),IF(AND('Matriz Riesgo'!Z22=1,'Matriz Riesgo'!AF22=4)," "&'Matriz Riesgo'!A22&","," "),IF(AND('Matriz Riesgo'!Z23=1,'Matriz Riesgo'!AF23=4)," "&'Matriz Riesgo'!A23&","," "),IF(AND('Matriz Riesgo'!Z24=1,'Matriz Riesgo'!AF24=4)," "&'Matriz Riesgo'!A24&","," "),IF(AND('Matriz Riesgo'!Z25=1,'Matriz Riesgo'!AF25=4)," "&'Matriz Riesgo'!A25&","," "),IF(AND('Matriz Riesgo'!Z26=1,'Matriz Riesgo'!AF26=4)," "&'Matriz Riesgo'!A26&","," "),IF(AND('Matriz Riesgo'!Z27=1,'Matriz Riesgo'!AF27=4)," "&'Matriz Riesgo'!A27," ")) -> 15, | I19: =CONCATENATE(IF(AND('Matriz Riesgo'!Z7=1,'Matriz Riesgo'!AF7=5)," "&'Matriz Riesgo'!A7&","," "),IF(AND('Matriz Riesgo'!Z8=1,'Matriz Riesgo'!AF8=5)," "&'Matriz Riesgo'!A8&","," "),IF(AND('Matriz Riesgo'!Z9=1,'Matriz Riesgo'!AF9=5)," "&'Matriz Riesgo'!A9&","," "),IF(AND('Matriz Riesgo'!Z10=1,'Matriz Riesgo'!AF10=5)," "&'Matriz Riesgo'!A10&","," "),IF(AND('Matriz Riesgo'!Z11=1,'Matriz Riesgo'!AF11=5)," "&'Matriz Riesgo'!A11&","," "),IF(AND('Matriz Riesgo'!Z12=1,'Matriz Riesgo'!AF12=5)," "&'Matriz Riesgo'!A12&","," "),IF(AND('Matriz Riesgo'!Z13=1,'Matriz Riesgo'!AF13=5)," "&'Matriz Riesgo'!A13&","," "),IF(AND('Matriz Riesgo'!Z14=1,'Matriz Riesgo'!AF14=5)," "&'Matriz Riesgo'!A14&","," "),IF(AND('Matriz Riesgo'!Z15=1,'Matriz Riesgo'!AF15=5)," "&'Matriz Riesgo'!A15&","," "),IF(AND('Matriz Riesgo'!Z16=1,'Matriz Riesgo'!AF16=5)," "&'Matriz Riesgo'!A16&","," "),IF(AND('Matriz Riesgo'!Z17=1,'Matriz Riesgo'!AF17=5)," "&'Matriz Riesgo'!A17&","," "),IF(AND('Matriz Riesgo'!Z18=1,'Matriz Riesgo'!AF18=5)," "&'Matriz Riesgo'!A18&","," "),IF(AND('Matriz Riesgo'!Z19=1,'Matriz Riesgo'!AF19=5)," "&'Matriz Riesgo'!A19&","," "),IF(AND('Matriz Riesgo'!Z20=1,'Matriz Riesgo'!AF20=5)," "&'Matriz Riesgo'!A20&","," "),IF(AND('Matriz Riesgo'!Z21=1,'Matriz Riesgo'!AF21=5)," "&'Matriz Riesgo'!A21&","," "),IF(AND('Matriz Riesgo'!Z22=1,'Matriz Riesgo'!AF22=5)," "&'Matriz Riesgo'!A22&","," "),IF(AND('Matriz Riesgo'!Z23=1,'Matriz Riesgo'!AF23=5)," "&'Matriz Riesgo'!A23&","," "),IF(AND('Matriz Riesgo'!Z24=1,'Matriz Riesgo'!AF24=5)," "&'Matriz Riesgo'!A24&","," "),IF(AND('Matriz Riesgo'!Z25=1,'Matriz Riesgo'!AF25=5)," "&'Matriz Riesgo'!A25&","," "),IF(AND('Matriz Riesgo'!Z26=1,'Matriz Riesgo'!AF26=5)," "&'Matriz Riesgo'!A26&","," "),IF(AND('Matriz Riesgo'!Z27=1,'Matriz Riesgo'!AF27=5)," "&'Matriz Riesgo'!A27," ")) | U19: 5 | V19: 2 | W19: 10
E20: MUY BAJO | F20: BAJO | G20: MEDIO | H20: ALTO | I20: MUY ALTO | U20: 4 | V20: 2 | W20: 8
E21: IMPACTO | U21: 3 | V21: 2 | W21: 6
E22: 1 | F22: 2 | G22: 3 | H22: 4 | I22: 5 | U22: 2 | V22: 2 | W22: 4
U23: 1 | V23: 2 | W23: 2
U24: 5 | V24: 1 | W24: 5
U25: 4 | V25: 1 | W25: 4
U26: 3 | V26: 1 | W26: 3
U27: 2 | V27: 1 | W27: 2
U28: 1 | V28: 1 | W28: 1

Sheet Entradas
A1: PROCESO | B1: RIESGO | C1: CAUSAS DE RIESGO | D1: RIESGOS contraparte | E1: FACTOR DEL RIESGO | F1: PROBABILIDAD | G1: IMPACTO | H1: DESCRIPCION DEL CONTROL | I1: DISMINUYE
A2: Gerencia General | B2: Incumplimiento de la normatividad vigente de transparencia y etica empresarial | C2: 1 Desconocimiento u omisión de las normas por parte de los colaboradores o contratistas | D2: Legal | E2: Contraparte | H2: SIN CONTROL
A3: Gerencia Financiera y Contable | B3: Actuación indebida en los procedimientos de compras y de contratación | C3: 2 Asignar una calificación errónea de la probabilidad y/o impacto a los riesgos de corrupción, soborno trasnacional y faltas a la Ética. | D3: Contagio | E3: Empleados | F3: Casi seguro | G3: Muy Alto | H3: Programa de Transparencia & Etica Empresarial | I3: PROBABILIDAD
A4: Gerencia Comercial | B4: Comprometer a la compañía con propuestas que no correspondan con los lineamientos generales de la oferta de servicio | C4: 3 Debilidades en los controles definidos en los diferentes procesos. | D4: Reputacional | E4: Proveedores | F4: Muy Probable | G4: Alto | H4: Politica Cero Tolerancia | I4: IMPACTO
A5: Gerencia de Gestión Humana | B5: Contratar colaboradores que no cumplan con el perfil para el desempeño del cargo | C5: 4 Omitir el examen anual de los riesgos, sus causas y controles. | D5: Operacional | E5: Jurisdicción | F5: Posible | G5: Medio | H5: Lineas de denuncia | I5: PROBABILIDAD E IMPACTO
A6: Gerencia de Posventa | B6: Deficiencias en el seguimiento a los proveedores | C6: 5 Presentar información y/o documentación incompleta en la vinculación | E6: Accionistas | F6: Poco Probable | G6: Bajo | H6: Organismos de Control
A7: Gerencia Posventa | B7: Deficiencias en la segregación de funciones | C7: 6 Falencias en el proceso de verificación de datos del Contraparte o del proveedor en los formatos de vinculación y/o actualización (evidencia). | E7: Canales | F7: Raro | G7: Muy Bajo | H7: Rotación de Personal
B8: Definir erróneamente el perfil de riesgo de la Compañía | C8: 7 Recibir información falsa por parte del Contraparte o proveedor. | H8: Procedimientos de contratación
B9: Falta de controles duales en procesos y recurso humano | C9: 8 Reporte de información errada u omisión de reporte a las instancias de aprobación de la compañía | H9: Normas y polìticas
B10: Favorecimiento de contratos a Contrapartes y/o proveedores vinculados a la compañía. | C10: 9 Desconocimiento y/o negligencia del colaborador encargado | H10: Capacitación
B11: Fuga o acceso no autorizado a información sensible del negocio | C11: 10 Suministrar a terceros la información de los Contrapartes sin autorización previa | H11: Regimen sancionatorio
B12: Generación de información errada a entes de control o supervisión | C12: 11 Validación inadecuada de la autenticidad del Contraparte actual | H12: Còdigo de Conducta Terceros
B13: Inadecuadas o inexistentes políticas anti soborno | C13: 12 Exigir prebendas a los proveedores para la adjudicación de contratos | H13: Indicadores de cumplimiento
B14: Incumplimiento de los términos legales para dar respuesta a requerimientos de los organismos de control | C14: 13 Errores de digitación | H14: Debida Diligencia
B15: Incumplimiento de un contrato u orden de servicio por alguna de las partes | C15: 14 Recibir información inconsistente o incompleta para realizar los pagos a terceros | H15: Confirmación de datos
B16: Incumplimiento en las políticas de administración de riesgo | C16: 15 Incumplimiento del plan de trabajo establecido | H16: Validación en listas
B17: Incumplimiento en las políticas de Ética y Código de Conducta | C17: 16 El servicio y/o producto recibido no cumple con los requisitos pactados con el proveedor | H17: Segregación de funciones
B18: Indebida estructuración de los contratos en los que debe participar La Compañía. como contratante de un servicio | C18: 17 Entrega de información/documentación extemporánea | H18: Documentación de Procesos
B19: Influenciar o inducir la compra de bienes y/o servicios a un proveedor en particular a cambio de beneficios particulares | C19: 18 Pagos a proveedores sin que los servicios o bienes se hayan recibido a satisfacción en favorecimiento propio o del tercero | H19: Sistemas de información
... B27: Suministrar a terceros la información de los Contrapartes de la Compañía, sin su autorización incumpliendo las normas sobre tratamiento de datos | C27: 26 Las comunicaciones enviadas a los Contrapartes no están suscritas por el representante legal o el director de área responsable. | H27: Formato de Vinculación
B28: Uso de información personal o confidencial sin autorización expresa de contrapartes | C28: 27 Demoras en el proceso de estandarización y divulgación de los documentos de vinculación.
B29: Utilización de intermediarios para negociaciones en el exterior | C29: 28 No informar, o informar de forma extemporánea la publicación de documentos o formatos a los colaboradores involucrados
B30: Vinculación de Contrapartes que no cumplen con los requisitos definidos en la Compañía | C30: 48 Realizar pagos a terceros sin la debida observancia de las polìticas o procedimientos establecidos
B31: Participar en licictaciones publicas sin cumplir con los requisitos | C31: 30 Errores en la elaboración de los contratos.
C32: 31 Debilidades en la verificación de los datos proporcionados por el colaborador contra el perfil requerido, por parte de Talento Humano y del superior Inmediato del Cargo
C33: 32 Fallas en el proceso de selección de personal
C34: 33 Tramitar de forma inadecuada, o no tramitar las solicitudes de capacitación a los colaboradores, requeridas por las diferentes áreas de la compañía.
C35: 34 Recibir obsequios o prebendas de los contratistas o proveedores que puedan afectar la objetividad del colaborador
C36: 35 Dar a conocer las condiciones de contratación anticipadamente a un proveedor a cambio de un beneficio económico
C37: 36 Falta de control con los proveedores externos, los cuales pueden alterar las bases de datos de los Contrapartes y la contabilidad en los sistemas tecnológicos
C38: 37 Ponerse de acuerdo con diferentes áreas para borrar o modificar los registros de la compañía
C39: 38 Recibir contraprestaciones por direccionar las compras de activos a proveedores específicos.
C40: 39 Presentar información falsa sobre la información financiera de proveedores con el fin de influenciar hacia un proveedor específico
C41: 40 Ocultar información relevante o presentar información falsa a cambio de un beneficio económico o por conflicto de interés
C42: 41 Adjudicar a familiares o terceros con vínculos cercanos sin reportar conflicto de interés a cambio de beneficios personales
C43: 42 Subvenciones, beneficios o ayudas otorgados a personas que no cumplen con los requisitos definidos por la Compañía producto de engaños, manipulación de documentos o soportes falsos
... C49: 48, Extructurar inadecuadamente una licitación por desconocimiento del proceso
